Workbook
Name BR: PUNTAJE!$9:$9

Sheet OFERTAS ECONOMICAS
B1: EVALUACIÓN ECONÓMICA | GC1: Versión: | GD1: 2
GC2: Fecha de aprobación: | GD2: 43326
GC3: Código: | GD3: 15-00-FO-0009
GE4: 0.2
A6: PROCESO IC 423-2022
A7: 2. OBJETO:SUMINISTRO DE INSUMOS Y DISPOSITIVOS MÉDICO QUIRÚRGICOS PARA LAS DIFERENTES ESPECIALIDADES DE ACUERDO CON LA DESCRIPCIÓN DEL ANEXO TÉCNICO, CON EL APOYO TECNOLÓGICO REQUERIDO, PARA LA NORMAL PRESTACIÓN DE LOS SERVICIOS DE SALUD EN LAS DIFERENTES UNIDADES DE PRESTACIÓN DE SERVICIOS DE LA SUBRED INTEGRADA DE SERVICIOS DE SALUD SUR OCCIDENTE E.S.E.
A8: 3.ITEM | B8: COG DINAMICA | C8: CARACTERÍSTICAS | D8: 5. CANTIDAD | E8: 5. UNIDAD | F8: VALOR DE REFERENCIA | G8: CONSUMO PROMEDIO SUBRED | H8: VALOR TOTAL PROMEDIO | I8: C.T.P. MEDICA S.A. | R8: LIFE SUMINISTROS MEDICOS SAS | AA8: RAFAEL ANTONIO SALAMANCA | AJ8: QUIRUMEDICAS LTDA | AS8: 5 QUIRURGICOS LTDA | BB8: LABORATORIOS GOTHAPLAST | BK8: 8 M&M EQUIPOS MEDICOS SAS | BT8: FRIDEN DE COLOMBIA HOSPITALARIA | CC8: 10 JOHNSON Y JOHNSON DE COLOMBIA S.A. | CL8: UCIPHARMA S.A. | CU8: 12 BIOPLAST S.A.S | DD8: SMITH & NEPHEW | DM8: TECNICA ELECTROMEDICA S.A. | DV8: IMCOLMEDICA | EE8: 16 COMPANY MEDIQBOY OC S.A.S | EN8: DISCOLMEDICA S.A.S | EW8: 18 ALFA TRADING SAS | FF8: ASEPSIS PRODUCTS DE COLOMBIA SAS | FO8: HOSPITECNICA S.A.S. | FX8: MEDICOX LTDA
I9: PRESENTACIÓN | J9: 7.PRECIO UNITARIO | K9: 8.IVA | L9: 9. PRECIO UNITARIO + IVA | M9: 10.VALOR TOTAL | N9: 10.VALOR PROMERIO | O9: VERIFICACION VALOR REFERENCIA | P9: EVALUACIÓN TECNICA | Q9: EVALUA SI/NO | R9: PRESENTACIÓN | S9: 7.PRECIO UNITARIO | T9: 8.IVA | U9: 9. PRECIO UNITARIO + IVA | V9: 10.VALOR TOTAL | W9: 10.VALOR TOTAL PROMEDIO | X9: VERIFICACION VALOR REFERENCIA | Y9: EVALUACIÓN TECNICA | Z9: EVALUA SI/NO | AA9: PRESENTACIÓN | AB9: 7.PRECIO UNITARIO | AC9: 8.IVA | AD9: 9. PRECIO UNITARIO + IVA | AE9: 10.VALOR TOTAL | AF9: 10.VALOR TOTAL PROMEDIO | AG9: VERIFICACION VALOR REFERENCIA | AH9: EVALUACIÓN TECNICA | AI9: EVALUA SI/NO | AJ9: PRESENTACIÓN | AK9: 7.PRECIO UNITARIO | AL9: 8.IVA | AM9: 9. PRECIO UNITARIO + IVA | AN9: 10.VALOR TOTAL | AO9: 10.VALOR TOTAL PROMEDIO | AP9: VERIFICACION VALOR REFERENCIA | AQ9: EVALUACIÓN TECNICA | AR9: EVALUA SI/NO | AS9: PRESENTACIÓN | AT9: 7.PRECIO UNITARIO | AU9: 8.IVA | AV9: 9. PRECIO UNITARIO + IVA | AW9: 10.VALOR TOTAL | AX9: 10.VALOR TOTAL CONSUMO | AY9: VERIFICACION VALOR REFERENCIA | AZ9: EVALUACIÓN TECNICA | BA9: EVALUA SI/NO | BB9: PRESENTACIÓN | BC9: 7.PRECIO UNITARIO | BD9: 8.IVA | BE9: 9. PRECIO UNITARIO + IVA | BF9: 10.VALOR TOTAL | BG9: 10.VALOR TOTAL PROMEDIO | BH9: VERIFICACION VALOR REFERENCIA | BI9: EVALUACIÓN TECNICA | BJ9: EVALUA SI/NO | BK9: PRESENTACIÓN | BL9: 7.PRECIO UNITARIO | BM9: 8.IVA | BN9: 9. PRECIO UNITARIO + IVA | BO9: 10.VALOR TOTAL | BP9: 10.VALOR TOTAL CONSUMO | BQ9: VERIFICACION VALOR REFERENCIA | BR9: EVALUACIÓN TECNICA | BS9: EVALUA SI/NO | BT9: PRESENTACIÓN | BU9: 7.PRECIO UNITARIO | BV9: 8.IVA | BW9: 9. PRECIO UNITARIO + IVA | BX9: 10.VALOR TOTAL | BY9: 10.VALOR TOTAL CONSUMO | BZ9: VERIFICACION VALOR REFERENCIA | CA9: EVALUACIÓN TECNICA | CB9: EVALUA SI/NO | CC9: PRESENTACIÓN | CD9: 7.PRECIO UNITARIO | CE9: 8.IVA | CF9: 9. PRECIO UNITARIO + IVA | CG9: 10.VALOR TOTAL | CH9: 10.VALOR TOTAL CONSUMO | CI9: VERIFICACION VALOR REFERENCIA | CJ9: EVALUACIÓN TECNICA | CK9: EVALUA SI/NO | CL9: PRESENTACIÓN | CM9: 7.PRECIO UNITARIO | CN9: 8.IVA | CO9: 9. PRECIO UNITARIO + IVA | CP9: 10.VALOR TOTAL | CQ9: 10.VALOR TOTAL CONSUMO | CR9: VERIFICACION VALOR REFERENCIA | CS9: EVALUACIÓN TECNICA | CT9: EVALUA SI/NO | CU9: PRESENTACIÓN | CV9: 7.PRECIO UNITARIO | CW9: 8.IVA | CX9: 9. PRECIO UNITARIO + IVA | CY9: 10.VALOR TOTAL | CZ9: 10.VALOR TOTAL CONSUMO | DA9: VERIFICACION VALOR REFERENCIA | DB9: EVALUACIÓN TECNICA | DC9: EVALUA SI/NO | DD9: PRESENTACIÓN | DE9: 7.PRECIO UNITARIO | DF9: 8.IVA | DG9: 9. PRECIO UNITARIO + IVA | DH9: 10.VALOR TOTAL | DI9: 10.VALOR TOTAL CONSUMO | DJ9: VERIFICACION VALOR REFERENCIA | DK9: EVALUACIÓN TECNICA | DL9: EVALUA SI/NO | DM9: PRESENTACIÓN | DN9: 7.PRECIO UNITARIO | DO9: 8.IVA | DP9: 9. PRECIO UNITARIO + IVA | DQ9: 10.VALOR TOTAL | DR9: 10.VALOR TOTAL CONSUMO | DS9: VERIFICACION VALOR REFERENCIA | DT9: EVALUACIÓN TECNICA | DU9: EVALUA SI/NO | DV9: PRESENTACIÓN | DW9: 7.PRECIO UNITARIO | DX9: 8.IVA | DY9: 9. PRECIO UNITARIO + IVA | DZ9: 10.VALOR TOTAL | EA9: 10.VALOR TOTAL CONSUMO | EB9: VERIFICACION VALOR REFERENCIA | EC9: EVALUACIÓN TECNICA | ED9: EVALUA SI/NO | EE9: PRESENTACIÓN | EF9: 7.PRECIO UNITARIO | EG9: 8.IVA | EH9: 9. PRECIO UNITARIO + IVA | EI9: 10.VALOR TOTAL | EJ9: 10.VALOR TOTAL CONSUMO | EK9: VERIFICACION VALOR REFERENCIA | EL9: EVALUACIÓN TECNICA | EM9: EVALUA SI/NO | EN9: PRESENTACIÓN | EO9: 7.PRECIO UNITARIO | EP9: 8.IVA | EQ9: 9. PRECIO UNITARIO + IVA | ER9: 10.VALOR TOTAL | ES9: 10.VALOR TOTAL CONSUMO | ET9: VERIFICACION VALOR REFERENCIA | EU9: EVALUACIÓN TECNICA | EV9: EVALUA SI/NO | EW9: PRESENTACIÓN | EX9: 7.PRECIO UNITARIO | EY9: 8.IVA | EZ9: 9. PRECIO UNITARIO + IVA | FA9: 10.VALOR TOTAL | FB9: 10.VALOR TOTAL | FC9: VERIFICACION VALOR REFERENCIA | FD9: EVALUACIÓN TECNICA | FE9: EVALUA SI/NO | FF9: PRESENTACIÓN | FG9: 7.PRECIO UNITARIO | FH9: 8.IVA | FI9: 9. PRECIO UNITARIO + IVA | FJ9: 10.VALOR TOTAL | FK9: 10.VALOR TOTAL CONSUMO | FL9: VERIFICACION VALOR REFERENCIA | FM9: EVALUACIÓN TECNICA | FN9: EVALUA SI/NO | FO9: PRESENTACIÓN | FP9: 7.PRECIO UNITARIO | FQ9: 8.IVA | FR9: 9. PRECIO UNITARIO + IVA | FS9: 10.VALOR TOTAL | FT9: 10.VALOR TOTAL CONSUMO | FU9: VERIFICACION VALOR REFERENCIA | FV9: EVALUACIÓN TECNICA | FW9: EVALUA SI/NO | FX9: PRESENTACIÓN | FY9: 7.PRECIO UNITARIO | FZ9: 8.IVA | GA9: 9. PRECIO UNITARIO + IVA | GB9: 10.VALOR TOTAL | GC9: 10.VALOR TOTAL CONSUMO | GD9: VERIFICACION VALOR REFERENCIA | GE9: EVALUACIÓN TECNICA | GF9: EVALUA SI/NO
A10: 1 | B10: DM044 | C10: AGUJA DE ESCLEROTERAPIA GASTRICA DESECHABLE | D10: 1 | E10: UN | F10: 135000 | G10: 2 | H10: =+F10*G10 -> 270000 | K10: =+J10*0.19 -> 0 | L10: =+J10+K10 -> 0 | M10: =L10*$D10 -> 0 | N10: =+M10*G10 -> 0 | O10: =+IF(L10=0,"NO OFERTADO",IF(L10<=($F10*(1+$GE$4)),"CUMPLE","NO CUMPLE")) -> NO OFERTADO | Q10: NO | V10: =U10*$D10 -> 0 | W10: =+V10*G10 -> 0 | X10: =+IF(U10=0,"NO OFERTADO",IF(U10<=($F10*(1+$GE$4)),"CUMPLE","NO CUMPLE")) -> NO OFERTADO | Y10: 0 | Z10: NO | AD10: =AA10+AC10 -> 0 | AE10: =AD10*$D10 -> 0 | AF10: =+AE10*G10 -> 0 | AG10: =+IF(AD10=0,"NO OFERTADO",IF(AD10<=($F10*(1+$GE$4)),"CUMPLE","NO CUMPLE")) -> NO OFERTADO | AI10: NO | AM10: =+AK10+AL10 -> 0 | AN10: =AM10*$D10 -> 0 | AO10: =+AN10*G10 -> 0 | AP10: =+IF(AM10=0,"NO OFERTADO",IF(AM10<=($F10*(1+$GE$4)),"CUMPLE","NO CUMPLE")) -> NO OFERTADO | AR10: NO | AV10: =AT10+AU10 -> 0 | AW10: =AV10*$D10 -> 0 | AX10: =+AW10*H10 -> 0 | AY10: =+IF(AV10=0,"NO OFERTADO",IF(AV10<=($F10*(1+$GE$4)),"CUMPLE","NO CUMPLE")) -> NO OFERTADO | BA10: NO | BE10: =BC10+BD10 -> 0 | BF10: =BE10*$D10 -> 0 | BG10: =+BF10*G10 -> 0 | BH10: =+IF(BE10=0,"NO OFERTADO",IF(BE10<=($F10*(1+$GE$4)),"CUMPLE","NO CUMPLE")) -> NO OFERTADO | BI10: 0 | BJ10: NO | BN10: =BL10+BM10 -> 0 | BO10: =BN10*$D10 -> 0 | BP10: =+BO10*G10 -> 0 | BQ10: =+IF(BN10=0,"NO OFERTADO",IF(BN10<=($F10*(1+$GE$4)),"CUMPLE","NO CUMPLE")) -> NO OFERTADO | BR10: =VLOOKUP(B10,'[1]ANEXO TECNICO'!$B$3:$P$334,15,0) -> 0 | BS10: NO | BX10: 0 | BY10: =+BX10*G10 -> 0 | BZ10: =+IF(BW10=0,"NO OFERTADO",IF(BW10<=($F10*(1+$GE$4)),"CUMPLE","NO CUMPLE")) -> NO OFERTADO | CB10: NO | CF10: =CD10+CE10 -> 0 | CG10: =CF10*$D10 -> 0 | CH10: =+CG10*G10 -> 0 | CI10: =+IF(CF10=0,"NO OFERTADO",IF(CF10<=($F10*(1+$GE$4)),"CUMPLE","NO CUMPLE")) -> NO OFERTADO | CK10: NO | CO10: =CM10+CN10 -> 0 | CP10: =CO10*$D10 -> 0 | CQ10: =+CP10*G10 -> 0 | CR10: =+IF(CO10=0,"NO OFERTADO",IF(CO10<=($F10*(1+$GE$4)),"CUMPLE","NO CUMPLE")) -> NO OFERTADO | CT10: NO | CX10: =CV10+CW10 -> 0 | CY10: =CX10*$D10 -> 0 | CZ10: =+CY10*G10 -> 0 | DA10: =+IF(CX10=0,"NO OFERTADO",IF(CX10<=($F10*(1+$GE$4)),"CUMPLE","NO CUMPLE")) -> NO OFERTADO | DC10: NO | DG10: =DE10+DF10 -> 0 | DH10: =DG10*$D10 -> 0 | DI10: =+DH10*G10 -> 0 | DJ10: =+IF(DG10=0,"NO OFERTADO",IF(DG10<=($F10*(1+$GE$4)),"CUMPLE","NO CUMPLE")) -> NO OFERTADO | DL10: NO | DN10: 0 | DO10: 0 | DP10: 0 | DQ10: =+DP10*D10 -> 0 | DR10: =+DQ10*G10 -> 0 | DS10: =+IF(DP10=0,"NO OFERTADO",IF(DP10<=($F10*(1+$GE$4)),"CUMPLE","NO CUMPLE")) -> NO OFERTADO | DU10: NO | DY10: =DW10+DX10 -> 0 | DZ10: =DY10*$D10 -> 0 | EA10: =+DZ10*G10 -> 0 | EB10: =+IF(DY10=0,"NO OFERTADO",IF(DY10<=($F10*(1+$GE$4)),"CUMPLE","NO CUMPLE")) -> NO OFERTADO | ED10: NO | EE10: . | EF10: 0 | EG10: 0 | EH10: =EF10+EG10 -> 0 | EI10: =EH10*$D10 -> 0 | EK10: =+IF(EH10=0,"NO OFERTADO",IF(EH10<=($F10*(1+$GE$4)),"CUMPLE","NO CUMPLE")) -> NO OFERTADO | EM10: NO | EQ10: 0 | ER10: =EQ10*$D10 -> 0 | ES10: =+ER10*G10 -> 0 | ET10: =+IF(EQ10=0,"NO OFERTADO",IF(EQ10<=($F10*(1+$GE$4)),"CUMPLE","NO CUMPLE")) -> NO OFERTADO | EV10: NO | FA10: =EZ10*$D10 -> 0 | FB10: =+FA10*G10 -> 0 | FC10: =+IF(EZ10=0,"NO OFERTADO",IF(EZ10<=($F10*(1+$GE$4)),"CUMPLE","NO CUMPLE")) -> NO OFERTADO | FE10: NO | FF10: 0 | FH10: 0 | FI10: 0 | FJ10: =FI10*$D10 -> 0 | FK10: =+FJ10*G10 -> 0 | FL10: =+IF(FI10=0,"NO OFERTADO",IF(FI10<=($F10*(1+$GE$4)),"CUMPLE","NO CUMPLE")) -> NO OFERTADO | FN10: NO | FR10: =FP10+FQ10 -> 0 | FS10: =FR10*$D10 -> 0 | FT10: =+FS10*G10 -> 0 | FU10: =+IF(FR10=0,"NO OFERTADO",IF(FR10<=($F10*(1+$GE$4)),"CUMPLE","NO CUMPLE")) -> NO OFERTADO | FV10: 0 | FW10: NO | GB10: =GA10*$D10 -> 0 | GC10: =+GB10*G10 -> 0 | GD10: =+IF(GA10=0,"NO OFERTADO",IF(GA10<=($F10*(1+$GE$4)),"CUMPLE","NO CUMPLE")) -> NO OFERTADO | GF10: NO
A11: 2 | B11: DM2335 | C11: AGUJA DE INYECCION PARA ENDOSCOPIA | D11: 1 | E11: UN | F11: 135000 | G11: 1 | H11: =+F11*G11 -> 135000 | K11: =+J11*0.19 -> 0 | L11: =+J11+K11 -> 0 | M11: =L11*$D11 -> 0 | N11: =+M11*G11 -> 0 | O11: =+IF(L11=0,"NO OFERTADO",IF(L11<=($F11*(1+$GE$4)),"CUMPLE","NO CUMPLE")) -> NO OFERTADO | Q11: NO | V11: =U11*$D11 -> 0 | W11: =+V11*G11 -> 0 | X11: =+IF(U11=0,"NO OFERTADO",IF(U11<=($F11*(1+$GE$4)),"CUMPLE","NO CUMPLE")) -> NO OFERTADO | Y11: 0 | Z11: NO | AD11: =AA11+AC11 -> 0 | AE11: =AD11*$D11 -> 0 | AF11: =+AE11*G11 -> 0 | AG11: =+IF(AD11=0,"NO OFERTADO",IF(AD11<=($F11*(1+$GE$4)),"CUMPLE","NO CUMPLE")) -> NO OFERTADO | AI11: NO | AM11: =+AK11+AL11 -> 0 | AN11: =AM11*$D11 -> 0 | AO11: =+AN11*G11 -> 0 | AP11: =+IF(AM11=0,"NO OFERTADO",IF(AM11<=($F11*(1+$GE$4)),"CUMPLE","NO CUMPLE")) -> NO OFERTADO | AR11: NO | AV11: =AT11+AU11 -> 0 | AW11: =AV11*$D11 -> 0 | AX11: =+AW11*H11 -> 0 | AY11: =+IF(AV11=0,"NO OFERTADO",IF(AV11<=($F11*(1+$GE$4)),"CUMPLE","NO CUMPLE")) -> NO OFERTADO | BA11: NO | BE11: =BC11+BD11 -> 0 | BF11: =BE11*$D11 -> 0 | BG11: =+BF11*G11 -> 0 | BH11: =+IF(BE11=0,"NO OFERTADO",IF(BE11<=($F11*(1+$GE$4)),"CUMPLE","NO CUMPLE")) -> NO OFERTADO | BI11: 0 | BJ11: NO | BN11: =BL11+BM11 -> 0 | BO11: =BN11*$D11 -> 0 | BP11: =+BO11*G11 -> 0 | BQ11: =+IF(BN11=0,"NO OFERTADO",IF(BN11<=($F11*(1+$KI$4)),"CUMPLE","NO CUMPLE")) -> NO OFERTADO | BR11: =VLOOKUP(B11,'[1]ANEXO TECNICO'!$B$3:$P$334,15,0) -> 0 | BS11: NO | BX11: 0 | BY11: =+BX11*G11 -> 0 | BZ11: =+IF(BW11=0,"NO OFERTADO",IF(BW11<=($F11*(1+$GE$4)),"CUMPLE","NO CUMPLE")) -> NO OFERTADO | CB11: NO | CF11: =CD11+CE11 -> 0 | CG11: =CF11*$D11 -> 0 | CH11: =+CG11*G11 -> 0 | CI11: =+IF(CF11=0,"NO OFERTADO",IF(CF11<=($F11*(1+$GE$4)),"CUMPLE","NO CUMPLE")) -> NO OFERTADO | CK11: NO | CO11: =CM11+CN11 -> 0 | CP11: =CO11*$D11 -> 0 | CQ11: =+CP11*G11 -> 0 | CR11: =+IF(CO11=0,"NO OFERTADO",IF(CO11<=($F11*(1+$GE$4)),"CUMPLE","NO CUMPLE")) -> NO OFERTADO | CT11: NO | CX11: =CV11+CW11 -> 0 | CY11: =CX11*$D11 -> 0 | CZ11: =+CY11*G11 -> 0 | DA11: =+IF(CX11=0,"NO OFERTADO",IF(CX11<=($F11*(1+$GE$4)),"CUMPLE","NO CUMPLE")) -> NO OFERTADO | DC11: NO | DG11: =DE11+DF11 -> 0 | DH11: =DG11*$D11 -> 0 | DI11: =+DH11*G11 -> 0 | DJ11: =+IF(DG11=0,"NO OFERTADO",IF(DG11<=($F11*(1+$GE$4)),"CUMPLE","NO CUMPLE")) -> NO OFERTADO | DL11: NO | DP11: 0 | DQ11: =+DP11*D11 -> 0 | DR11: =+DQ11*G11 -> 0 | DS11: =+IF(DP11=0,"NO OFERTADO",IF(DP11<=($F11*(1+$GE$4)),"CUMPLE","NO CUMPLE")) -> NO OFERTADO | DU11: NO | DY11: =DW11+DX11 -> 0 | DZ11: =DY11*$D11 -> 0 | EA11: =+DZ11*G11 -> 0 | EB11: =+IF(DY11=0,"NO OFERTADO",IF(DY11<=($F11*(1+$GE$4)),"CUMPLE","NO CUMPLE")) -> NO OFERTADO | ED11: NO | EE11: . | EF11: 0 | EG11: 0 | EH11: =EF11+EG11 -> 0 | EI11: =EH11*$D11 -> 0 | EK11: =+IF(EH11=0,"NO OFERTADO",IF(EH11<=($F11*(1+$GE$4)),"CUMPLE","NO CUMPLE")) -> NO OFERTADO | EM11: NO | EQ11: 0 | ER11: =EQ11*$D11 -> 0 | ES11: =+ER11*G11 -> 0 | ET11: =+IF(EQ11=0,"NO OFERTADO",IF(EQ11<=($F11*(1+$GE$4)),"CUMPLE","NO CUMPLE")) -> NO OFERTADO | EV11: NO | FA11: =EZ11*$D11 -> 0 | FB11: =+FA11*G11 -> 0 | FC11: =+IF(EZ11=0,"NO OFERTADO",IF(EZ11<=($F11*(1+$GE$4)),"CUMPLE","NO CUMPLE")) -> NO OFERTADO | FE11: NO | FF11: 0 | FH11: 0 | FI11: 0 | FJ11: =FI11*$D11 -> 0 | FK11: =+FJ11*G11 -> 0 | FL11: =+IF(FI11=0,"NO OFERTADO",IF(FI11<=($F11*(1+$GE$4)),"CUMPLE","NO CUMPLE")) -> NO OFERTADO | FN11: NO | FR11: =FP11+FQ11 -> 0 | FS11: =FR11*$D11 -> 0 | FT11: =+FS11*G11 -> 0 | FU11: =+IF(FR11=0,"NO OFERTADO",IF(FR11<=($F11*(1+$GE$4)),"CUMPLE","NO CUMPLE")) -> NO OFERTADO | FV11: 0 | FW11: NO | GB11: =GA11*$D11 -> 0 | GC11: =+GB11*G11 -> 0 | GD11: =+IF(GA11=0,"NO OFERTADO",IF(GA11<=($F11*(1+$GE$4)),"CUMPLE","NO CUMPLE")) -> NO OFERTADO | GF11: NO
A12: 3 | B12: DM038 | C12: AGUJA ANESTESIA RAQUIDEA N 27 | D12: 1 | E12: UN | F12: 5914.3 | G12: 413 | H12: =+F12*G12 -> 2442605.9 | K12: =+J12*0.19 -> 0 | L12: =+J12+K12 -> 0 | M12: =L12*$D12 -> 0 | N12: =+M12*G12 -> 0 | O12: =+IF(L12=0,"NO OFERTADO",IF(L12<=($F12*(1+$GE$4)),"CUMPLE","NO CUMPLE")) -> NO OFERTADO | Q12: NO | V12: =U12*$D12 -> 0 | W12: =+V12*G12 -> 0 | X12: =+IF(U12=0,"NO OFERTADO",IF(U12<=($F12*(1+$GE$4)),"CUMPLE","NO CUMPLE")) -> NO OFERTADO | Y12: 0 | Z12: NO | AA12: POR UNIDAD | AB12: 4528 | AC12: 860 | AD12: =+AB12+AC12 -> 5388 | AE12: =AD12*$D12 -> 5388 | AF12: =+AE12*G12 -> 2225244 | AG12: =+IF(AD12=0,"NO OFERTADO",IF(AD12<=($F12*(1+$GE$4)),"CUMPLE","NO CUMPLE")) -> CUMPLE | AH12: CUMPLE | AI12: SI | AM12: =+AK12+AL12 -> 0 | AN12: =AM12*$D12 -> 0 | AO12: =+AN12*G12 -> 0 | AP12: =+IF(AM12=0,"NO OFERTADO",IF(AM12<=($F12*(1+$GE$4)),"CUMPLE","NO CUMPLE")) -> NO OFERTADO | AR12: NO | AS12: Unidad | AT12: 4970 | AU12: 944 | AV12: =AT12+AU12 -> 5914 | AW12: =AV12*$D12 -> 5914 | AX12: =+AW12*G12 -> 2442482 | AY12: =+IF(AV12=0,"NO OFERTADO",IF(AV12<=($F12*(1+$GE$4)),"CUMPLE","NO CUMPLE")) -> CUMPLE | AZ12: CUMPLE | BA12: SI | BE12: =BC12+BD12 -> 0 | BF12: =BE12*$D12 -> 0 | BG12: =+BF12*G12 -> 0 | BH12: =+IF(BE12=0,"NO OFERTADO",IF(BE12<=($F12*(1+$GE$4)),"CUMPLE","NO CUMPLE")) -> NO OFERTADO | BI12: 0 | BJ12: NO | BN12: =BL12+BM12 -> 0 | BO12: =BN12*$D12 -> 0 | BP12: =+BO12*G12 -> 0 | BQ12: =+IF(BN12=0,"NO OFERTADO",IF(BN12<=($F12*(1+$KI$4)),"CUMPLE","NO CUMPLE")) -> NO OFERTADO | BR12: =VLOOKUP(B12,'[1]ANEXO TECNICO'!$B$3:$P$334,15,0) -> 0 | BS12: NO | BX12: 0 | BY12: =+BX12*G12 -> 0 | BZ12: =+IF(BW12=0,"NO OFERTADO",IF(BW12<=($F12*(1+$GE$4)),"CUMPLE","NO CUMPLE")) -> NO OFERTADO | CB12: NO | CF12: =CD12+CE12 -> 0 | CG12: =CF12*$D12 -> 0 | CH12: =+CG12*G12 -> 0 | CI12: =+IF(CF12=0,"NO OFERTADO",IF(CF12<=($F12*(1+$GE$4)),"CUMPLE","NO CUMPLE")) -> NO OFERTADO | CK12: NO | CO12: =CM12+CN12 -> 0 | CP12: =CO12*$D12 -> 0 | CQ12: =+CP12*G12 -> 0 | CR12: =+IF(CO12=0,"NO OFERTADO",IF(CO12<=($F12*(1+$GE$4)),"CUMPLE","NO CUMPLE")) -> NO OFERTADO | CT12: NO | CX12: =CV12+CW12 -> 0 | CY12: =CX12*$D12 -> 0 | CZ12: =+CY12*G12 -> 0 | DA12: =+IF(CX12=0,"NO OFERTADO",IF(CX12<=($F12*(1+$GE$4)),"CUMPLE","NO CUMPLE")) -> NO OFERTADO | DC12: NO | DG12: =DE12+DF12 -> 0 | DH12: =DG12*$D12 -> 0 | DI12: =+DH12*G12 -> 0 | DJ12: =+IF(DG12=0,"NO OFERTADO",IF(DG12<=($F12*(1+$GE$4)),"CUMPLE","NO CUMPLE")) -> NO OFERTADO | DL12: NO | DP12: 0 | DQ12: =+DP12*D12 -> 0 | DR12: =+DQ12*G12 -> 0 | DS12: =+IF(DP12=0,"NO OFERTADO",IF(DP12<=($F12*(1+$GE$4)),"CUMPLE","NO CUMPLE")) -> NO OFERTADO | DU12: NO | DY12: =DW12+DX12 -> 0 | DZ12: =DY12*$D12 -> 0 | EA12: =+DZ12*G12 -> 0 | EB12: =+IF(DY12=0,"NO OFERTADO",IF(DY12<=($F12*(1+$GE$4)),"CUMPLE","NO CUMPLE")) -> NO OFERTADO | ED12: NO | EE12: CJAX25 | EF12: 11250.42 | EG12: 2137.5798 | EH12: =EF12+EG12 -> 13388 | EI12: =EH12*$D12 -> 13388 | EJ12: =+EI12*G12 -> 5529244 | EK12: =+IF(EH12=0,"NO OFERTADO",IF(EH12<=($F12*(1+$GE$4)),"CUMPLE","NO CUMPLE")) -> NO CUMPLE | EL12: CUMPLE | EM12: NO | EQ12: 0 | ER12: =EQ12*$D12 -> 0 | ES12: =+ER12*G12 -> 0 | ET12: =+IF(EQ12=0,"NO OFERTADO",IF(EQ12<=($F12*(1+$GE$4)),"CUMPLE","NO CUMPLE")) -> NO OFERTADO | EV12: NO | FA12: =EZ12*$D12 -> 0 | FB12: =+FA12*G12 -> 0 | FC12: =+IF(EZ12=0,"NO OFERTADO",IF(EZ12<=($F12*(1+$GE$4)),"CUMPLE","NO CUMPLE")) -> NO OFERTADO | FE12: NO | FF12: 0 | FH12: 0 | FI12: 0 | FJ12: =FI12*$D12 -> 0 | FK12: =+FJ12*G12 -> 0 | FL12: =+IF(FI12=0,"NO OFERTADO",IF(FI12<=($F12*(1+$GE$4)),"CUMPLE","NO CUMPLE")) -> NO OFERTADO | FN12: NO | FR12: =FP12+FQ12 -> 0 | FS12: =FR12*$D12 -> 0 | FT12: =+FS12*G12 -> 0 | FU12: =+IF(FR12=0,"NO OFERTADO",IF(FR12<=($F12*(1+$GE$4)),"CUMPLE","NO CUMPLE")) -> NO OFERTADO | FV12: 0 | FW12: NO | GB12: =GA12*$D12 -> 0 | GC12: =+GB12*G12 -> 0 | GD12: =+IF(GA12=0,"NO OFERTADO",IF(GA12<=($F12*(1+$GE$4)),"CUMPLE","NO CUMPLE")) -> NO OFERTADO | GF12: NO
A13: 4 | B13: DM037 | C13: AGUJA ANESTESIA RAQUIDEA N 26 | D13: 1 | E13: UN | F13: 5914.3 | G13: 145 | H13: =+F13*G13 -> 857573.5 | K13: =+J13*0.19 -> 0 | L13: =+J13+K13 -> 0 | M13: =L13*$D13 -> 0 | N13: =+M13*G13 -> 0 | O13: =+IF(L13=0,"NO OFERTADO",IF(L13<=($F13*(1+$GE$4)),"CUMPLE","NO CUMPLE")) -> NO OFERTADO | Q13: NO | V13: =U13*$D13 -> 0 | W13: =+V13*G13 -> 0 | X13: =+IF(U13=0,"NO OFERTADO",IF(U13<=($F13*(1+$GE$4)),"CUMPLE","NO CUMPLE")) -> NO OFERTADO | Y13: 0 | Z13: NO | AA13: POR UNIDAD | AB13: 4528 | AC13: 860 | AD13: =+AB13+AC13 -> 5388 | AE13: =AD13*$D13 -> 5388 | AF13: =+AE13*G13 -> 781260 | AG13: =+IF(AD13=0,"NO OFERTADO",IF(AD13<=($F13*(1+$GE$4)),"CUMPLE","NO CUMPLE")) -> CUMPLE | AH13: CUMPLE | AI13: SI | AM13: =+AK13+AL13 -> 0 | AN13: =AM13*$D13 -> 0 | AO13: =+AN13*G13 -> 0 | AP13: =+IF(AM13=0,"NO OFERTADO",IF(AM13<=($F13*(1+$GE$4)),"CUMPLE","NO CUMPLE")) -> NO OFERTADO | AR13: NO | AS13: Unidad | AT13: 4970 | AU13: 944 | AV13: =AT13+AU13 -> 5914 | AW13: =AV13*$D13 -> 5914 | AX13: =+AW13*G13 -> 857530 | AY13: =+IF(AV13=0,"NO OFERTADO",IF(AV13<=($F13*(1+$GE$4)),"CUMPLE","NO CUMPLE")) -> CUMPLE | AZ13: CUMPLE | BA13: SI | BE13: =BC13+BD13 -> 0 | BF13: =BE13*$D13 -> 0 | BG13: =+BF13*G13 -> 0 | BH13: =+IF(BE13=0,"NO OFERTADO",IF(BE13<=($F13*(1+$GE$4)),"CUMPLE","NO CUMPLE")) -> NO OFERTADO | BI13: 0 | BJ13: NO | BN13: =BL13+BM13 -> 0 | BO13: =BN13*$D13 -> 0 | BP13: =+BO13*G13 -> 0 | BQ13: =+IF(BN13=0,"NO OFERTADO",IF(BN13<=($F13*(1+$KI$4)),"CUMPLE","NO CUMPLE")) -> NO OFERTADO | BR13: =VLOOKUP(B13,'[1]ANEXO TECNICO'!$B$3:$P$334,15,0) -> 0 | BS13: NO | BX13: 0 | BY13: =+BX13*G13 -> 0 | BZ13: =+IF(BW13=0,"NO OFERTADO",IF(BW13<=($F13*(1+$GE$4)),"CUMPLE","NO CUMPLE")) -> NO OFERTADO | CB13: NO | CF13: =CD13+CE13 -> 0 | CG13: =CF13*$D13 -> 0 | CH13: =+CG13*G13 -> 0 | CI13: =+IF(CF13=0,"NO OFERTADO",IF(CF13<=($F13*(1+$GE$4)),"CUMPLE","NO CUMPLE")) -> NO OFERTADO | CK13: NO | CO13: =CM13+CN13 -> 0 | CP13: =CO13*$D13 -> 0 | CQ13: =+CP13*G13 -> 0 | CR13: =+IF(CO13=0,"NO OFERTADO",IF(CO13<=($F13*(1+$GE$4)),"CUMPLE","NO CUMPLE")) -> NO OFERTADO | CT13: NO | CX13: =CV13+CW13 -> 0 | CY13: =CX13*$D13 -> 0 | CZ13: =+CY13*G13 -> 0 | DA13: =+IF(CX13=0,"NO OFERTADO",IF(CX13<=($F13*(1+$GE$4)),"CUMPLE","NO CUMPLE")) -> NO OFERTADO | DC13: NO | DG13: =DE13+DF13 -> 0 | DH13: =DG13*$D13 -> 0 | DI13: =+DH13*G13 -> 0 | DJ13: =+IF(DG13=0,"NO OFERTADO",IF(DG13<=($F13*(1+$GE$4)),"CUMPLE","NO CUMPLE")) -> NO OFERTADO | DL13: NO | DP13: 0 | DQ13: =+DP13*D13 -> 0 | DR13: =+DQ13*G13 -> 0 | DS13: =+IF(DP13=0,"NO OFERTADO",IF(DP13<=($F13*(1+$GE$4)),"CUMPLE","NO CUMPLE")) -> NO OFERTADO | DU13: NO | DY13: =DW13+DX13 -> 0 | DZ13: =DY13*$D13 -> 0 | EA13: =+DZ13*G13 -> 0 | EB13: =+IF(DY13=0,"NO OFERTADO",IF(DY13<=($F13*(1+$GE$4)),"CUMPLE","NO CUMPLE")) -> NO OFERTADO | ED13: NO | EE13: CJAX25 | EF13: 11250.42 | EG13: 2137.5798 | EH13: =EF13+EG13 -> 13388 | EI13: =EH13*$D13 -> 13388 | EJ13: =+EI13*G13 -> 1941260 | EK13: =+IF(EH13=0,"NO OFERTADO",IF(EH13<=($F13*(1+$GE$4)),"CUMPLE","NO CUMPLE")) -> NO CUMPLE | EL13: CUMPLE | EM13: NO | EQ13: 0 | ER13: =EQ13*$D13 -> 0 | ES13: =+ER13*G13 -> 0 | ET13: =+IF(EQ13=0,"NO OFERTADO",IF(EQ13<=($F13*(1+$GE$4)),"CUMPLE","NO CUMPLE")) -> NO OFERTADO | EV13: NO | FA13: =EZ13*$D13 -> 0 | FB13: =+FA13*G13 -> 0 | FC13: =+IF(EZ13=0,"NO OFERTADO",IF(EZ13<=($F13*(1+$GE$4)),"CUMPLE","NO CUMPLE")) -> NO OFERTADO | FE13: NO | FF13: 0 | FH13: 0 | FI13: 0 | FJ13: =FI13*$D13 -> 0 | FK13: =+FJ13*G13 -> 0 | FL13: =+IF(FI13=0,"NO OFERTADO",IF(FI13<=($F13*(1+$GE$4)),"CUMPLE","NO CUMPLE")) -> NO OFERTADO | FN13: NO | FR13: =FP13+FQ13 -> 0 | FS13: =FR13*$D13 -> 0 | FT13: =+FS13*G13 -> 0 | FU13: =+IF(FR13=0,"NO OFERTADO",IF(FR13<=($F13*(1+$GE$4)),"CUMPLE","NO CUMPLE")) -> NO OFERTADO | FV13: 0 | FW13: NO | GB13: =GA13*$D13 -> 0 | GC13: =+GB13*G13 -> 0 | GD13: =+IF(GA13=0,"NO OFERTADO",IF(GA13<=($F13*(1+$GE$4)),"CUMPLE","NO CUMPLE")) -> NO OFERTADO | GF13: NO
A14: 5 | B14: DM1962 | C14: CONECTOR CON TUBO PARA MEDIO DE CONTRASTE | D14: 1 | E14: UN | F14: 20860.7 | G14: 52 | H14: =+F14*G14 -> 1084756.4 | K14: =+J14*0.19 -> 0 | L14: =+J14+K14 -> 0 | M14: =L14*$D14 -> 0 | N14: =+M14*G14 -> 0 | O14: =+IF(L14=0,"NO OFERTADO",IF(L14<=($F14*(1+$GE$4)),"CUMPLE","NO CUMPLE")) -> NO OFERTADO | Q14: NO | V14: =U14*$D14 -> 0 | W14: =+V14*G14 -> 0 | X14: =+IF(U14=0,"NO OFERTADO",IF(U14<=($F14*(1+$GE$4)),"CUMPLE","NO CUMPLE")) -> NO OFERTADO | Y14: 0 | Z14: NO | AD14: =+AB14+AC14 -> 0 | AE14: =AD14*$D14 -> 0 | AF14: =+AE14*G14 -> 0 | AG14: =+IF(AD14=0,"NO OFERTADO",IF(AD14<=($F14*(1+$GE$4)),"CUMPLE","NO CUMPLE")) -> NO OFERTADO | AI14: NO | AM14: =+AK14+AL14 -> 0 | AN14: =AM14*$D14 -> 0 | AO14: =+AN14*G14 -> 0 | AP14: =+IF(AM14=0,"NO OFERTADO",IF(AM14<=($F14*(1+$GE$4)),"CUMPLE","NO CUMPLE")) -> NO OFERTADO | AR14: NO | AV14: =+AT14+AU14 -> 0 | AW14: =AV14*$D14 -> 0 | AX14: =+AW14*G14 -> 0 | AY14: =+IF(AV14=0,"NO OFERTADO",IF(AV14<=($F14*(1+$GE$4)),"CUMPLE","NO CUMPLE")) -> NO OFERTADO | BA14: NO | BE14: =BC14+BD14 -> 0 | BF14: =BE14*$D14 -> 0 | BG14: =+BF14*G14 -> 0 | BH14: =+IF(BE14=0,"NO OFERTADO",IF(BE14<=($F14*(1+$GE$4)),"CUMPLE","NO CUMPLE")) -> NO OFERTADO | BI14: 0 | BJ14: NO | BN14: =+BL14+BM14 -> 0 | BO14: =BN14*$D14 -> 0 | BP14: =+BO14*G14 -> 0 | BQ14: =+IF(BN14=0,"NO OFERTADO",IF(BN14<=($F14*(1+$KI$4)),"CUMPLE","NO CUMPLE")) -> NO OFERTADO | BR14: =VLOOKUP(B14,'[1]ANEXO TECNICO'!$B$3:$P$334,15,0) -> 0 | BS14: NO | BX14: 0 | BY14: =+BX14*G14 -> 0 | BZ14: =+IF(BW14=0,"NO OFERTADO",IF(BW14<=($F14*(1+$GE$4)),"CUMPLE","NO CUMPLE")) -> NO OFERTADO | CB14: NO | CE14: =+CD14*0.19 -> 0 | CF14: =+CD14+CE14 -> 0 | CG14: =CF14*$D14 -> 0 | CH14: =+CG14*G14 -> 0 | CI14: =+IF(CF14=0,"NO OFERTADO",IF(CF14<=($F14*(1+$GE$4)),"CUMPLE","NO CUMPLE")) -> NO OFERTADO | CK14: NO | CO14: =+CM14+CN14 -> 0 | CP14: =CO14*$D14 -> 0 | CQ14: =+CP14*G14 -> 0 | CR14: =+IF(CO14=0,"NO OFERTADO",IF(CO14<=($F14*(1+$GE$4)),"CUMPLE","NO CUMPLE")) -> NO OFERTADO | CT14: NO | CW14: =+CV14*0.19 -> 0 | CX14: =+CV14+CW14 -> 0 | CY14: =CX14*$D14 -> 0 | CZ14: =+CY14*G14 -> 0 | DA14: =+IF(CX14=0,"NO OFERTADO",IF(CX14<=($F14*(1+$GE$4)),"CUMPLE","NO CUMPLE")) -> NO OFERTADO | DC14: NO | DG14: =+DE14+DF14 -> 0 | DH14: =DG14*$D14 -> 0 | DI14: =+DH14*G14 -> 0 | DJ14: =+IF(DG14=0,"NO OFERTADO",IF(DG14<=($F14*(1+$GE$4)),"CUMPLE","NO CUMPLE")) -> NO OFERTADO | DL14: NO | DP14: 0 | DQ14: =+DP14*D14 -> 0 | DR14: =+DQ14*G14 -> 0 | DS14: =+IF(DP14=0,"NO OFERTADO",IF(DP14<=($F14*(1+$GE$4)),"CUMPLE","NO CUMPLE")) -> NO OFERTADO | DU14: NO | DY14: =+DW14+DX14 -> 0 | DZ14: =DY14*$D14 -> 0 | EA14: =+DZ14*G14 -> 0 | EB14: =+IF(DY14=0,"NO OFERTADO",IF(DY14<=($F14*(1+$GE$4)),"CUMPLE","NO CUMPLE")) -> NO OFERTADO | ED14: NO | EE14: . | EF14: 0 | EG14: 0 | EH14: =+EF14+EG14 -> 0 | EI14: =EH14*$D14 -> 0 | EJ14: =+EI14*G14 -> 0 | EK14: =+IF(EH14=0,"NO OFERTADO",IF(EH14<=($F14*(1+$GE$4)),"CUMPLE","NO CUMPLE")) -> NO OFERTADO | EM14: NO | EQ14: 0 | ER14: =EQ14*$D14 -> 0 | ES14: =+ER14*G14 -> 0 | ET14: =+IF(EQ14=0,"NO OFERTADO",IF(EQ14<=($F14*(1+$GE$4)),"CUMPLE","NO CUMPLE")) -> NO OFERTADO | EV14: NO | FA14: =EZ14*$D14 -> 0 | FB14: =+FA14*G14 -> 0 | FC14: =+IF(EZ14=0,"NO OFERTADO",IF(EZ14<=($F14*(1+$GE$4)),"CUMPLE","NO CUMPLE")) -> NO OFERTADO | FE14: NO | FF14: 0 | FH14: 0 | FI14: 0 | FJ14: =FI14*$D14 -> 0 | FK14: =+FJ14*G14 -> 0 | FL14: =+IF(FI14=0,"NO OFERTADO",IF(FI14<=($F14*(1+$GE$4)),"CUMPLE","NO CUMPLE")) -> NO OFERTADO | FN14: NO | FR14: =+FP14+FQ14 -> 0 | FS14: =FR14*$D14 -> 0 | FT14: =+FS14*G14 -> 0 | FU14: =+IF(FR14=0,"NO OFERTADO",IF(FR14<=($F14*(1+$GE$4)),"CUMPLE","NO CUMPLE")) -> NO OFERTADO | FV14: 0 | FW14: NO | GB14: =GA14*$D14 -> 0 | GC14: =+GB14*G14 -> 0 | GD14: =+IF(GA14=0,"NO OFERTADO",IF(GA14<=($F14*(1+$GE$4)),"CUMPLE","NO CUMPLE")) -> NO OFERTADO | GF14: NO
A15: 6 | B15: DM124 | C15: APOSITO NO TEJIDO. CON ADHESIVO HIPOALERGENICO PARA HERIDAS POSOPERATORIAS 30 A 35 X 9 A 10CM | D15: 1 | E15: UN | F15: 3168.6 | G15: 279 | H15: =+F15*G15 -> 884039.4 | I15: Factor de Empaque:CAJA X 12 Unidades DESPACHO MINIMO. Se oferta por Unidad Esteril Ref.3412 | J15: 31000 | K15: 0 | L15: =+J15+K15 -> 31000 | M15: =+L15 -> 31000 | N15: =+M15*G15 -> 8649000 | O15: =+IF(L15=0,"NO OFERTADO",IF(L15<=($F15*(1+$GE$4)),"CUMPLE","NO CUMPLE")) -> NO CUMPLE | P15: NO CUMPLE | Q15: NO | V15: =U15*$D15 -> 0 | W15: =+V15*G15 -> 0 | X15: =+IF(U15=0,"NO OFERTADO",IF(U15<=($F15*(1+$GE$4)),"CUMPLE","NO CUMPLE")) -> NO OFERTADO | Y15: 0 | Z15: NO | AD15: =+AB15+AC15 -> 0 | AE15: =AD15*$D15 -> 0 | AF15: =+AE15*G15 -> 0 | AG15: =+IF(AD15=0,"NO OFERTADO",IF(AD15<=($F15*(1+$GE$4)),"CUMPLE","NO CUMPLE")) -> NO OFERTADO | AI15: NO | AM15: =+AK15+AL15 -> 0 | AN15: =AM15*$D15 -> 0 | AO15: =+AN15*G15 -> 0 | AP15: =+IF(AM15=0,"NO OFERTADO",IF(AM15<=($F15*(1+$GE$4)),"CUMPLE","NO CUMPLE")) -> NO OFERTADO | AR15: NO | AV15: =+AT15+AU15 -> 0 | AW15: =AV15*$D15 -> 0 | AX15: =+AW15*G15 -> 0 | AY15: =+IF(AV15=0,"NO OFERTADO",IF(AV15<=($F15*(1+$GE$4)),"CUMPLE","NO CUMPLE")) -> NO OFERTADO | BA15: NO | BE15: =BC15+BD15 -> 0 | BF15: =BE15*$D15 -> 0 | BG15: =+BF15*G15 -> 0 | BH15: =+IF(BE15=0,"NO OFERTADO",IF(BE15<=($F15*(1+$GE$4)),"CUMPLE","NO CUMPLE")) -> NO OFERTADO | BI15: 0 | BJ15: NO | BN15: =+BL15+BM15 -> 0 | BO15: =BN15*$D15 -> 0 | BP15: =+BO15*G15 -> 0 | BQ15: =+IF(BN15=0,"NO OFERTADO",IF(BN15<=($F15*(1+$KI$4)),"CUMPLE","NO CUMPLE")) -> NO OFERTADO | BR15: =VLOOKUP(B15,'[1]ANEXO TECNICO'!$B$3:$P$334,15,0) -> 0 | BS15: NO | BX15: 0 | BY15: =+BX15*G15 -> 0 | BZ15: =+IF(BW15=0,"NO OFERTADO",IF(BW15<=($F15*(1+$GE$4)),"CUMPLE","NO CUMPLE")) -> NO OFERTADO | CB15: NO | CE15: =+CD15*0.19 -> 0 | CF15: =+CD15+CE15 -> 0 | CG15: =CF15*$D15 -> 0 | CH15: =+CG15*G15 -> 0 | CI15: =+IF(CF15=0,"NO OFERTADO",IF(CF15<=($F15*(1+$GE$4)),"CUMPLE","NO CUMPLE")) -> NO OFERTADO | CK15: NO | CO15: =+CM15+CN15 -> 0 | CP15: =CO15*$D15 -> 0 | CQ15: =+CP15*G15 -> 0 | CR15: =+IF(CO15=0,"NO OFERTADO",IF(CO15<=($F15*(1+$GE$4)),"CUMPLE","NO CUMPLE")) -> NO OFERTADO | CT15: NO | CW15: =+CV15*0.19 -> 0 | CX15: =+CV15+CW15 -> 0 | CY15: =CX15*$D15 -> 0 | CZ15: =+CY15*G15 -> 0 | DA15: =+IF(CX15=0,"NO OFERTADO",IF(CX15<=($F15*(1+$GE$4)),"CUMPLE","NO CUMPLE")) -> NO OFERTADO | DC15: NO | DD15: Caja 20 | DE15: 3631 | DF15: 0 | DG15: =+DE15+DF15 -> 3631 | DH15: =DG15*$D15 -> 3631 | DI15: =+DH15*G15 -> 1013049 | DJ15: =+IF(DG15=0,"NO OFERTADO",IF(DG15<=($F15*(1+$GE$4)),"CUMPLE","NO CUMPLE")) -> CUMPLE | DK15: CUMPLE | DL15: SI | DP15: 0 | DQ15: =+DP15*D15 -> 0 | DR15: =+DQ15*G15 -> 0 | DS15: =+IF(DP15=0,"NO OFERTADO",IF(DP15<=($F15*(1+$GE$4)),"CUMPLE","NO CUMPLE")) -> NO OFERTADO | DU15: NO | DY15: =+DW15+DX15 -> 0 | DZ15: =DY15*$D15 -> 0 | EA15: =+DZ15*G15 -> 0 | EB15: =+IF(DY15=0,"NO OFERTADO",IF(DY15<=($F15*(1+$GE$4)),"CUMPLE","NO CUMPLE")) -> NO OFERTADO | ED15: NO | EE15: . | EF15: 0 | EG15: 0 | EH15: =+EF15+EG15 -> 0 | EI15: =EH15*$D15 -> 0 | EJ15: =+EI15*G15 -> 0 | EK15: =+IF(EH15=0,"NO OFERTADO",IF(EH15<=($F15*(1+$GE$4)),"CUMPLE","NO CUMPLE")) -> NO OFERTADO | EM15: NO | EQ15: 0 | ER15: =EQ15*$D15 -> 0 | ES15: =+ER15*G15 -> 0 | ET15: =+IF(EQ15=0,"NO OFERTADO",IF(EQ15<=($F15*(1+$GE$4)),"CUMPLE","NO CUMPLE")) -> NO OFERTADO | EV15: NO | FA15: =EZ15*$D15 -> 0 | FB15: =+FA15*G15 -> 0 | FC15: =+IF(EZ15=0,"NO OFERTADO",IF(EZ15<=($F15*(1+$GE$4)),"CUMPLE","NO CUMPLE")) -> NO OFERTADO | FE15: NO | FF15: 0 | FH15: 0 | FI15: 0 | FJ15: =FI15*$D15 -> 0 | FK15: =+FJ15*G15 -> 0 | FL15: =+IF(FI15=0,"NO OFERTADO",IF(FI15<=($F15*(1+$GE$4)),"CUMPLE","NO CUMPLE")) -> NO OFERTADO | FN15: NO | FR15: =+FP15+FQ15 -> 0 | FS15: =FR15*$D15 -> 0 | FT15: =+FS15*G15 -> 0 | FU15: =+IF(FR15=0,"NO OFERTADO",IF(FR15<=($F15*(1+$GE$4)),"CUMPLE","NO CUMPLE")) -> NO OFERTADO | FV15: 0 | FW15: NO | GB15: =GA15*$D15 -> 0 | GC15: =+GB15*G15 -> 0 | GD15: =+IF(GA15=0,"NO OFERTADO",IF(GA15<=($F15*(1+$GE$4)),"CUMPLE","NO CUMPLE")) -> NO OFERTADO | GF15: NO
A16: 7 | B16: DM1686 | C16: APOSITO DE CARBON TRILAMINADO 10 10 | D16: 1 | E16: UN | F16: 16000 | G16: 8 | H16: =+F16*G16 -> 128000 | K16: =+J16*0.19 -> 0 | L16: =+J16+K16 -> 0 | M16: =L16*$D16 -> 0 | N16: =+M16*G16 -> 0 | O16: =+IF(L16=0,"NO OFERTADO",IF(L16<=($F16*(1+$GE$4)),"CUMPLE","NO CUMPLE")) -> NO OFERTADO | Q16: NO | V16: =U16*$D16 -> 0 | W16: =+V16*G16 -> 0 | X16: =+IF(U16=0,"NO OFERTADO",IF(U16<=($F16*(1+$GE$4)),"CUMPLE","NO CUMPLE")) -> NO OFERTADO | Y16: 0 | Z16: NO | AD16: =+AB16+AC16 -> 0 | AE16: =AD16*$D16 -> 0 | AF16: =+AE16*G16 -> 0 | AG16: =+IF(AD16=0,"NO OFERTADO",IF(AD16<=($F16*(1+$GE$4)),"CUMPLE","NO CUMPLE")) -> NO OFERTADO | AI16: NO | AM16: =+AK16+AL16 -> 0 | AN16: =AM16*$D16 -> 0 | AO16: =+AN16*G16 -> 0 | AP16: =+IF(AM16=0,"NO OFERTADO",IF(AM16<=($F16*(1+$GE$4)),"CUMPLE","NO CUMPLE")) -> NO OFERTADO | AR16: NO | AV16: =AT16+AU16 -> 0 | AW16: =AV16*$D16 -> 0 | AX16: =+AW16*G16 -> 0 | AY16: =+IF(AV16=0,"NO OFERTADO",IF(AV16<=($F16*(1+$GE$4)),"CUMPLE","NO CUMPLE")) -> NO OFERTADO | BA16: NO | BB16: CAJA X 10 | BC16: 16000 | BD16: 0 | BE16: =BC16+BD16 -> 16000 | BF16: =BE16*$D16 -> 16000 | BG16: =+BF16*G16 -> 128000 | BH16: =+IF(BE16=0,"NO OFERTADO",IF(BE16<=($F16*(1+$GE$4)),"CUMPLE","NO CUMPLE")) -> CUMPLE | BI16: CUMPLE | BJ16: SI | BN16: =BL16+BM16 -> 0 | BO16: =BN16*$D16 -> 0 | BP16: =+BO16*G16 -> 0 | BQ16: =+IF(BN16=0,"NO OFERTADO",IF(BN16<=($F16*(1+$KI$4)),"CUMPLE","NO CUMPLE")) -> NO OFERTADO | BR16: =VLOOKUP(B16,'[1]ANEXO TECNICO'!$B$3:$P$334,15,0) -> 0 | BS16: NO | BX16: 0 | BY16: =+BX16*G16 -> 0 | BZ16: =+IF(BW16=0,"NO OFERTADO",IF(BW16<=($F16*(1+$GE$4)),"CUMPLE","NO CUMPLE")) -> NO OFERTADO | CB16: NO | CF16: =CD16+CE16 -> 0 | CG16: =CF16*$D16 -> 0 | CH16: =+CG16*G16 -> 0 | CI16: =+IF(CF16=0,"NO OFERTADO",IF(CF16<=($F16*(1+$GE$4)),"CUMPLE","NO CUMPLE")) -> NO OFERTADO | CK16: NO | CO16: =CM16+CN16 -> 0 | CP16: =CO16*$D16 -> 0 | CQ16: =+CP16*G16 -> 0 | CR16: =+IF(CO16=0,"NO OFERTADO",IF(CO16<=($F16*(1+$GE$4)),"CUMPLE","NO CUMPLE")) -> NO OFERTADO | CT16: NO | CX16: =CV16+CW16 -> 0 | CY16: =CX16*$D16 -> 0 | CZ16: =+CY16*G16 -> 0 | DA16: =+IF(CX16=0,"NO OFERTADO",IF(CX16<=($F16*(1+$GE$4)),"CUMPLE","NO CUMPLE")) -> NO OFERTADO | DC16: NO | DG16: =DE16+DF16 -> 0 | DH16: =DG16*$D16 -> 0 | DI16: =+DH16*G16 -> 0 | DJ16: =+IF(DG16=0,"NO OFERTADO",IF(DG16<=($F16*(1+$GE$4)),"CUMPLE","NO CUMPLE")) -> NO OFERTADO | DL16: NO | DP16: 0 | DQ16: =+DP16*D16 -> 0 | DR16: =+DQ16*G16 -> 0 | DS16: =+IF(DP16=0,"NO OFERTADO",IF(DP16<=($F16*(1+$GE$4)),"CUMPLE","NO CUMPLE")) -> NO OFERTADO | DU16: NO | DY16: =DW16+DX16 -> 0 | DZ16: =DY16*$D16 -> 0 | EA16: =+DZ16*G16 -> 0 | EB16: =+IF(DY16=0,"NO OFERTADO",IF(DY16<=($F16*(1+$GE$4)),"CUMPLE","NO CUMPLE")) -> NO OFERTADO | ED16: NO | EE16: . | EF16: 0 | EG16: 0 | EH16: =EF16+EG16 -> 0 | EI16: =EH16*$D16 -> 0 | EJ16: =+EI16*G16 -> 0 | EK16: =+IF(EH16=0,"NO OFERTADO",IF(EH16<=($F16*(1+$GE$4)),"CUMPLE","NO CUMPLE")) -> NO OFERTADO | EM16: NO | EQ16: 0 | ER16: =EQ16*$D16 -> 0 | ES16: =+ER16*G16 -> 0 | ET16: =+IF(EQ16=0,"NO OFERTADO",IF(EQ16<=($F16*(1+$GE$4)),"CUMPLE","NO CUMPLE")) -> NO OFERTADO | EV16: NO | FA16: =EZ16*$D16 -> 0 | FB16: =+FA16*G16 -> 0 | FC16: =+IF(EZ16=0,"NO OFERTADO",IF(EZ16<=($F16*(1+$GE$4)),"CUMPLE","NO CUMPLE")) -> NO OFERTADO | FE16: NO | FF16: 0 | FH16: 0 | FI16: 0 | FJ16: =FI16*$D16 -> 0 | FK16: =+FJ16*G16 -> 0 | FL16: =+IF(FI16=0,"NO OFERTADO",IF(FI16<=($F16*(1+$GE$4)),"CUMPLE","NO CUMPLE")) -> NO OFERTADO | FN16: NO | FR16: =FP16+FQ16 -> 0 | FS16: =FR16*$D16 -> 0 | FT16: =+FS16*G16 -> 0 | FU16: =+IF(FR16=0,"NO OFERTADO",IF(FR16<=($F16*(1+$GE$4)),"CUMPLE","NO CUMPLE")) -> NO OFERTADO | FV16: 0 | FW16: NO | GB16: =GA16*$D16 -> 0 | GC16: =+GB16*G16 -> 0 | GD16: =+IF(GA16=0,"NO OFERTADO",IF(GA16<=($F16*(1+$GE$4)),"CUMPLE","NO CUMPLE")) -> NO OFERTADO | GF16: NO
A17: 8 | B17: DM2021 | C17: APOSITO DE GASA 15X20 CON BASE DE PARAFINA BLANDA CLORHEXIDINA 0.5% | D17: 1 | E17: UN | F17: 53438 | G17: 56 | H17: =+F17*G17 -> 2992528 | K17: =+J17*0.19 -> 0 | L17: =+J17+K17 -> 0 | M17: =L17*$D17 -> 0 | N17: =+M17*G17 -> 0 | O17: =+IF(L17=0,"NO OFERTADO",IF(L17<=($F17*(1+$GE$4)),"CUMPLE","NO CUMPLE")) -> NO OFERTADO | Q17: NO | V17: =U17*$D17 -> 0 | W17: =+V17*G17 -> 0 | X17: =+IF(U17=0,"NO OFERTADO",IF(U17<=($F17*(1+$GE$4)),"CUMPLE","NO CUMPLE")) -> NO OFERTADO | Y17: 0 | Z17: NO | AD17: =+AB17+AC17 -> 0 | AE17: =AD17*$D17 -> 0 | AF17: =+AE17*G17 -> 0 | AG17: =+IF(AD17=0,"NO OFERTADO",IF(AD17<=($F17*(1+$GE$4)),"CUMPLE","NO CUMPLE")) -> NO OFERTADO | AI17: NO | AM17: =+AK17+AL17 -> 0 | AN17: =AM17*$D17 -> 0 | AO17: =+AN17*G17 -> 0 | AP17: =+IF(AM17=0,"NO OFERTADO",IF(AM17<=($F17*(1+$GE$4)),"CUMPLE","NO CUMPLE")) -> NO OFERTADO | AR17: NO | AV17: =AT17+AU17 -> 0 | AW17: =AV17*$D17 -> 0 | AX17: =+AW17*G17 -> 0 | AY17: =+IF(AV17=0,"NO OFERTADO",IF(AV17<=($F17*(1+$GE$4)),"CUMPLE","NO CUMPLE")) -> NO OFERTADO | BA17: NO | BB17: CAJA X 10 | BC17: 9500 | BD17: 0 | BE17: =BC17+BD17 -> 9500 | BF17: =BE17*$D17 -> 9500 | BG17: =+BF17*G17 -> 532000 | BH17: =+IF(BE17=0,"NO OFERTADO",IF(BE17<=($F17*(1+$GE$4)),"CUMPLE","NO CUMPLE")) -> CUMPLE | BI17: NO CUMPLE | BJ17: NO | BN17: =BL17+BM17 -> 0 | BO17: =BN17*$D17 -> 0 | BP17: =+BO17*G17 -> 0 | BQ17: =+IF(BN17=0,"NO OFERTADO",IF(BN17<=($F17*(1+$KI$4)),"CUMPLE","NO CUMPLE")) -> NO OFERTADO | BR17: =VLOOKUP(B17,'[1]ANEXO TECNICO'!$B$3:$P$334,15,0) -> 0 | BS17: NO | BX17: 0 | BY17: =+BX17*G17 -> 0 | BZ17: =+IF(BW17=0,"NO OFERTADO",IF(BW17<=($F17*(1+$GE$4)),"CUMPLE","NO CUMPLE")) -> NO OFERTADO | CB17: NO | CF17: =CD17+CE17 -> 0 | CG17: =CF17*$D17 -> 0 | CH17: =+CG17*G17 -> 0 | CI17: =+IF(CF17=0,"NO OFERTADO",IF(CF17<=($F17*(1+$GE$4)),"CUMPLE","NO CUMPLE")) -> NO OFERTADO | CK17: NO | CO17: =CM17+CN17 -> 0 | CP17: =CO17*$D17 -> 0 | CQ17: =+CP17*G17 -> 0 | CR17: =+IF(CO17=0,"NO OFERTADO",IF(CO17<=($F17*(1+$GE$4)),"CUMPLE","NO CUMPLE")) -> NO OFERTADO | CT17: NO | CX17: =CV17+CW17 -> 0 | CY17: =CX17*$D17 -> 0 | CZ17: =+CY17*G17 -> 0 | DA17: =+IF(CX17=0,"NO OFERTADO",IF(CX17<=($F17*(1+$GE$4)),"CUMPLE","NO CUMPLE")) -> NO OFERTADO | DC17: NO | DD17: Caja 10 | DE17: 6677 | DF17: 0 | DG17: =DE17+DF17 -> 6677 | DH17: =DG17*$D17 -> 6677 | DI17: =+DH17*G17 -> 373912 | DJ17: =+IF(DG17=0,"NO OFERTADO",IF(DG17<=($F17*(1+$GE$4)),"CUMPLE","NO CUMPLE")) -> CUMPLE | DK17: CUMPLE | DL17: SI | DP17: 0 | DQ17: =+DP17*D17 -> 0 | DR17: =+DQ17*G17 -> 0 | DS17: =+IF(DP17=0,"NO OFERTADO",IF(DP17<=($F17*(1+$GE$4)),"CUMPLE","NO CUMPLE")) -> NO OFERTADO | DU17: NO | DY17: =DW17+DX17 -> 0 | DZ17: =DY17*$D17 -> 0 | EA17: =+DZ17*G17 -> 0 | EB17: =+IF(DY17=0,"NO OFERTADO",IF(DY17<=($F17*(1+$GE$4)),"CUMPLE","NO CUMPLE")) -> NO OFERTADO | ED17: NO | EE17: . | EF17: 0 | EG17: 0 | EH17: =EF17+EG17 -> 0 | EI17: =EH17*$D17 -> 0 | EJ17: =+EI17*G17 -> 0 | EK17: =+IF(EH17=0,"NO OFERTADO",IF(EH17<=($F17*(1+$GE$4)),"CUMPLE","NO CUMPLE")) -> NO OFERTADO | EM17: NO | EQ17: 0 | ER17: =EQ17*$D17 -> 0 | ES17: =+ER17*G17 -> 0 | ET17: =+IF(EQ17=0,"NO OFERTADO",IF(EQ17<=($F17*(1+$GE$4)),"CUMPLE","NO CUMPLE")) -> NO OFERTADO | EV17: NO | FA17: =EZ17*$D17 -> 0 | FB17: =+FA17*G17 -> 0 | FC17: =+IF(EZ17=0,"NO OFERTADO",IF(EZ17<=($F17*(1+$GE$4)),"CUMPLE","NO CUMPLE")) -> NO OFERTADO | FE17: NO | FF17: CAJA X 10 UND | FG17: 4950 | FI17: 4950 | FJ17: =FI17*$D17 -> 4950 | FK17: =+FJ17*G17 -> 277200 | FL17: =+IF(FI17=0,"NO OFERTADO",IF(FI17<=($F17*(1+$GE$4)),"CUMPLE","NO CUMPLE")) -> CUMPLE | FM17: =VLOOKUP(B17,'[2]ANEXO TECNICO'!$B$3:$P$334,15,0) -> CUMPLE | FN17: SI | FR17: =FP17+FQ17 -> 0 | FS17: =FR17*$D17 -> 0 | FT17: =+FS17*G17 -> 0 | FU17: =+IF(FR17=0,"NO OFERTADO",IF(FR17<=($F17*(1+$GE$4)),"CUMPLE","NO CUMPLE")) -> NO OFERTADO | FV17: 0 | FW17: NO | GB17: =GA17*$D17 -> 0 | GC17: =+GB17*G17 -> 0 | GD17: =+IF(GA17=0,"NO OFERTADO",IF(GA17<=($F17*(1+$GE$4)),"CUMPLE","NO CUMPLE")) -> NO OFERTADO | GF17: NO
A18: 9 | B18: DM1656 | C18: APOSITO ESTERIL TRANSPARENTE 7X9 MAS O MENOS 2 CM CON REFUERZO INCORPORADO. Y CON TIRILLAS DE FIJACION Y MARCACION USO ADULTO | D18: 1 | E18: UN | F18: 1900 | G18: 6569 | H18: =+F18*G18 -> 12481100 | K18: =+J18*0.19 -> 0 | L18: =+J18+K18 -> 0 | M18: =L18*$D18 -> 0 | N18: =+M18*G18 -> 0 | O18: =+IF(L18=0,"NO OFERTADO",IF(L18<=($F18*(1+$GE$4)),"CUMPLE","NO CUMPLE")) -> NO OFERTADO | Q18: NO | R18: CAJA X 50 | S18: 3150 | T18: 0 | U18: 3150 | V18: =U18*$D18 -> 3150 | W18: =+V18*G18 -> 20692350 | X18: =+IF(U18=0,"NO OFERTADO",IF(U18<=($F18*(1+$GE$4)),"CUMPLE","NO CUMPLE")) -> NO CUMPLE | Y18: NO CUMPLE | Z18: NO | AA18: POR UNIDAD | AB18: 2782 | AC18: 0 | AD18: =+AB18+AC18 -> 2782 | AE18: =AD18*$D18 -> 2782 | AF18: =+AE18*G18 -> 18274958 | AG18: =+IF(AD18=0,"NO OFERTADO",IF(AD18<=($F18*(1+$GE$4)),"CUMPLE","NO CUMPLE")) -> NO CUMPLE | AH18: CUMPLE | AI18: NO | AM18: =+AK18+AL18 -> 0 | AN18: =AM18*$D18 -> 0 | AO18: =+AN18*G18 -> 0 | AP18: =+IF(AM18=0,"NO OFERTADO",IF(AM18<=($F18*(1+$GE$4)),"CUMPLE","NO CUMPLE")) -> NO OFERTADO | AR18: NO | AV18: =AT18+AU18 -> 0 | AW18: =AV18*$D18 -> 0 | AX18: =+AW18*G18 -> 0 | AY18: =+IF(AV18=0,"NO OFERTADO",IF(AV18<=($F18*(1+$GE$4)),"CUMPLE","NO CUMPLE")) -> NO OFERTADO | BA18: NO | BB18: CAJA X 100 | BC18: 1500 | BD18: 0 | BE18: =BC18+BD18 -> 1500 | BF18: =BE18*$D18 -> 1500 | BG18: =+BF18*G18 -> 9853500 | BH18: =+IF(BE18=0,"NO OFERTADO",IF(BE18<=($F18*(1+$GE$4)),"CUMPLE","NO CUMPLE")) -> CUMPLE | BI18: NO CUMPLE | BJ18: NO | BN18: =BL18+BM18 -> 0 | BO18: =BN18*$D18 -> 0 | BP18: =+BO18*G18 -> 0 | BQ18: =+IF(BN18=0,"NO OFERTADO",IF(BN18<=($F18*(1+$KI$4)),"CUMPLE","NO CUMPLE")) -> NO OFERTADO | BR18: =VLOOKUP(B18,'[1]ANEXO TECNICO'!$B$3:$P$334,15,0) -> 0 | BS18: NO | BT18: caja x 50 | BU18: 2648 | BV18: 0 | BW18: =+BU18+BV18 -> 2648 | BX18: =+BW18*D18 -> 2648 | BY18: =+BX18*G18 -> 17394712 | BZ18: =+IF(BW18=0,"NO OFERTADO",IF(BW18<=($F18*(1+$GE$4)),"CUMPLE","NO CUMPLE")) -> NO CUMPLE | CA18: NO CUMPLE | CB18: NO | CF18: =CD18+CE18 -> 0 | CG18: =CF18*$D18 -> 0 | CH18: =+CG18*G18 -> 0 | CI18: =+IF(CF18=0,"NO OFERTADO",IF(CF18<=($F18*(1+$GE$4)),"CUMPLE","NO CUMPLE")) -> NO OFERTADO | CK18: NO | CO18: =CM18+CN18 -> 0 | CP18: =CO18*$D18 -> 0 | CQ18: =+CP18*G18 -> 0 | CR18: =+IF(CO18=0,"NO OFERTADO",IF(CO18<=($F18*(1+$GE$4)),"CUMPLE","NO CUMPLE")) -> NO OFERTADO | CT18: NO | CX18: =CV18+CW18 -> 0 | CY18: =CX18*$D18 -> 0 | CZ18: =+CY18*G18 -> 0 | DA18: =+IF(CX18=0,"NO OFERTADO",IF(CX18<=($F18*(1+$GE$4)),"CUMPLE","NO CUMPLE")) -> NO OFERTADO | DC18: NO | DD18: Caja 100 | DE18: 1544 | DF18: 0 | DG18: =DE18+DF18 -> 1544 | DH18: =DG18*$D18 -> 1544 | DI18: =+DH18*G18 -> 10142536 | DJ18: =+IF(DG18=0,"NO OFERTADO",IF(DG18<=($F18*(1+$GE$4)),"CUMPLE","NO CUMPLE")) -> CUMPLE | DK18: CUMPLE | DL18: SI | DP18: 0 | DQ18: =+DP18*D18 -> 0 | DR18: =+DQ18*G18 -> 0 | DS18: =+IF(DP18=0,"NO OFERTADO",IF(DP18<=($F18*(1+$GE$4)),"CUMPLE","NO CUMPLE")) -> NO OFERTADO | DU18: NO | DY18: =DW18+DX18 -> 0 | DZ18: =DY18*$D18 -> 0 | EA18: =+DZ18*G18 -> 0 | EB18: =+IF(DY18=0,"NO OFERTADO",IF(DY18<=($F18*(1+$GE$4)),"CUMPLE","NO CUMPLE")) -> NO OFERTADO | ED18: NO | EE18: . | EF18: 0 | EG18: 0 | EH18: =EF18+EG18 -> 0 | EI18: =EH18*$D18 -> 0 | EJ18: =+EI18*G18 -> 0 | EK18: =+IF(EH18=0,"NO OFERTADO",IF(EH18<=($F18*(1+$GE$4)),"CUMPLE","NO CUMPLE")) -> NO OFERTADO | EM18: NO | EQ18: 0 | ER18: =EQ18*$D18 -> 0 | ES18: =+ER18*G18 -> 0 | ET18: =+IF(EQ18=0,"NO OFERTADO",IF(EQ18<=($F18*(1+$GE$4)),"CUMPLE","NO CUMPLE")) -> NO OFERTADO | EV18: NO | EW18: CAJA X 50 UNIDADES | EX18: 2500 | EY18: 0 | EZ18: 2500 | FA18: =EZ18*$D18 -> 2500 | FB18: =+FA18*G18 -> 16422500 | FC18: =+IF(EZ18=0,"NO OFERTADO",IF(EZ18<=($F18*(1+$GE$4)),"CUMPLE","NO CUMPLE")) -> NO CUMPLE | FD18: CUMPLE | FE18: NO | FF18: CAJA X 50 UND | FG18: 1390 | FI18: 1390 | FJ18: =FI18*$D18 -> 1390 | FK18: =+FJ18*G18 -> 9130910 | FL18: =+IF(FI18=0,"NO OFERTADO",IF(FI18<=($F18*(1+$GE$4)),"CUMPLE","NO CUMPLE")) -> CUMPLE | FM18: =VLOOKUP(B18,'[2]ANEXO TECNICO'!$B$3:$P$334,15,0) -> CUMPLE | FN18: SI | FR18: =FP18+FQ18 -> 0 | FS18: =FR18*$D18 -> 0 | FT18: =+FS18*G18 -> 0 | FU18: =+IF(FR18=0,"NO OFERTADO",IF(FR18<=($F18*(1+$GE$4)),"CUMPLE","NO CUMPLE")) -> NO OFERTADO | FV18: 0 | FW18: NO | FX18: CJX50 | FY18: 2795 | FZ18: 0 | GA18: 2795 | GB18: =GA18*$D18 -> 2795 | GC18: =+GB18*G18 -> 18360355 | GD18: =+IF(GA18=0,"NO OFERTADO",IF(GA18<=($F18*(1+$GE$4)),"CUMPLE","NO CUMPLE")) -> NO CUMPLE | GE18: CUMPLE | GF18: NO
A19: 10 | B19: DM122 | C19: APOSITO ESTERIL TRASPARENTE 5 HASTA 6 CM X 5 HASTA 6 CM CON REFUERZO INCORPORADO. Y CON TIRILLAS DE FIJACION Y MARCACION.USO NEONATAL | D19: 1 | E19: UN | F19: 1404 | G19: 2297 | H19: =+F19*G19 -> 3224988 | K19: =+J19*0.19 -> 0 | L19: =+J19+K19 -> 0 | M19: =L19*$D19 -> 0 | N19: =+M19*G19 -> 0 | O19: =+IF(L19=0,"NO OFERTADO",IF(L19<=($F19*(1+$GE$4)),"CUMPLE","NO CUMPLE")) -> NO OFERTADO | Q19: NO | R19: CAJA X 50 | S19: 2100 | T19: 0 | U19: 2100 | V19: =U19*$D19 -> 2100 | W19: =+V19*G19 -> 4823700 | X19: =+IF(U19=0,"NO OFERTADO",IF(U19<=($F19*(1+$GE$4)),"CUMPLE","NO CUMPLE")) -> NO CUMPLE | Y19: NO CUMPLE | Z19: NO | AA19: POR UNIDAD | AB19: 1436 | AC19: 0 | AD19: =+AB19+AC19 -> 1436 | AE19: =AD19*$D19 -> 1436 | AF19: =+AE19*G19 -> 3298492 | AG19: =+IF(AD19=0,"NO OFERTADO",IF(AD19<=($F19*(1+$GE$4)),"CUMPLE","NO CUMPLE")) -> CUMPLE | AH19: CUMPLE | AI19: SI | AM19: =+AK19+AL19 -> 0 | AN19: =AM19*$D19 -> 0 | AO19: =+AN19*G19 -> 0 | AP19: =+IF(AM19=0,"NO OFERTADO",IF(AM19<=($F19*(1+$GE$4)),"CUMPLE","NO CUMPLE")) -> NO OFERTADO | AR19: NO | AV19: =AT19+AU19 -> 0 | AW19: =AV19*$D19 -> 0 | AX19: =+AW19*G19 -> 0 | AY19: =+IF(AV19=0,"NO OFERTADO",IF(AV19<=($F19*(1+$GE$4)),"CUMPLE","NO CUMPLE")) -> NO OFERTADO | BA19: NO | BB19: CAJA X 100 | BC19: 1700 | BD19: 0 | BE19: =BC19+BD19 -> 1700 | BF19: =BE19*$D19 -> 1700 | BG19: =+BF19*G19 -> 3904900 | BH19: =+IF(BE19=0,"NO OFERTADO",IF(BE19<=($F19*(1+$GE$4)),"CUMPLE","NO CUMPLE")) -> NO CUMPLE | BI19: NO CUMPLE | BJ19: NO | BN19: =BL19+BM19 -> 0 | BO19: =BN19*$D19 -> 0 | BP19: =+BO19*G19 -> 0 | BQ19: =+IF(BN19=0,"NO OFERTADO",IF(BN19<=($F19*(1+$KI$4)),"CUMPLE","NO CUMPLE")) -> NO OFERTADO | BR19: =VLOOKUP(B19,'[1]ANEXO TECNICO'!$B$3:$P$334,15,0) -> 0 | BS19: NO | BT19: caja x 50 | BU19: 1876.8834 | BV19: 0 | BW19: =+BU19+BV19 -> 1876.8834 | BX19: =+BW19*D19 -> 1876.8834 | BY19: =+BX19*G19 -> 4311201.2 | BZ19: =+IF(BW19=0,"NO OFERTADO",IF(BW19<=($F19*(1+$GE$4)),"CUMPLE","NO CUMPLE")) -> NO CUMPLE | CA19: NO CUMPLE | CB19: NO | CF19: =CD19+CE19 -> 0 | CG19: =CF19*$D19 -> 0 | CH19: =+CG19*G19 -> 0 | CI19: =+IF(CF19=0,"NO OFERTADO",IF(CF19<=($F19*(1+$GE$4)),"CUMPLE","NO CUMPLE")) -> NO OFERTADO | CK19: NO | CO19: =CM19+CN19 -> 0 | CP19: =CO19*$D19 -> 0 | CQ19: =+CP19*G19 -> 0 | CR19: =+IF(CO19=0,"NO OFERTADO",IF(CO19<=($F19*(1+$GE$4)),"CUMPLE","NO CUMPLE")) -> NO OFERTADO | CT19: NO | CX19: =CV19+CW19 -> 0 | CY19: =CX19*$D19 -> 0 | CZ19: =+CY19*G19 -> 0 | DA19: =+IF(CX19=0,"NO OFERTADO",IF(CX19<=($F19*(1+$GE$4)),"CUMPLE","NO CUMPLE")) -> NO OFERTADO | DC19: NO | DD19: Caja 100 | DE19: 2045 | DF19: 0 | DG19: =DE19+DF19 -> 2045 | DH19: =DG19*$D19 -> 2045 | DI19: =+DH19*G19 -> 4697365 | DJ19: =+IF(DG19=0,"NO OFERTADO",IF(DG19<=($F19*(1+$GE$4)),"CUMPLE","NO CUMPLE")) -> NO CUMPLE | DK19: CUMPLE | DL19: NO | DP19: 0 | DQ19: =+DP19*D19 -> 0 | DR19: =+DQ19*G19 -> 0 | DS19: =+IF(DP19=0,"NO OFERTADO",IF(DP19<=($F19*(1+$GE$4)),"CUMPLE","NO CUMPLE")) -> NO OFERTADO | DU19: NO | DY19: =DW19+DX19 -> 0 | DZ19: =DY19*$D19 -> 0 | EA19: =+DZ19*G19 -> 0 | EB19: =+IF(DY19=0,"NO OFERTADO",IF(DY19<=($F19*(1+$GE$4)),"CUMPLE","NO CUMPLE")) -> NO OFERTADO | ED19: NO | EE19: CJAX100 | EF19: 3075 | EG19: 0 | EH19: =EF19+EG19 -> 3075 | EI19: =EH19*$D19 -> 3075 | EJ19: =+EI19*G19 -> 7063275 | EK19: =+IF(EH19=0,"NO OFERTADO",IF(EH19<=($F19*(1+$GE$4)),"CUMPLE","NO CUMPLE")) -> NO CUMPLE | EL19: CUMPLE | EM19: NO | EQ19: 0 | ER19: =EQ19*$D19 -> 0 | ES19: =+ER19*G19 -> 0 | ET19: =+IF(EQ19=0,"NO OFERTADO",IF(EQ19<=($F19*(1+$GE$4)),"CUMPLE","NO CUMPLE")) -> NO OFERTADO | EV19: NO | EW19: 0 | EX19: 0 | EY19: 0 | EZ19: 0 | FA19: =EZ19*$D19 -> 0 | FB19: =+FA19*G19 -> 0 | FC19: =+IF(EZ19=0,"NO OFERTADO",IF(EZ19<=($F19*(1+$GE$4)),"CUMPLE","NO CUMPLE")) -> NO OFERTADO | FE19: NO | FF19: 0 | FH19: 0 | FI19: 0 | FJ19: =FI19*$D19 -> 0 | FK19: =+FJ19*G19 -> 0 | FL19: =+IF(FI19=0,"NO OFERTADO",IF(FI19<=($F19*(1+$GE$4)),"CUMPLE","NO CUMPLE")) -> NO OFERTADO | FN19: NO | FR19: =FP19+FQ19 -> 0 | FS19: =FR19*$D19 -> 0 | FT19: =+FS19*G19 -> 0 | FU19: =+IF(FR19=0,"NO OFERTADO",IF(FR19<=($F19*(1+$GE$4)),"CUMPLE","NO CUMPLE")) -> NO OFERTADO | FV19: 0 | FW19: NO | GB19: =GA19*$D19 -> 0 | GC19: =+GB19*G19 -> 0 | GD19: =+IF(GA19=0,"NO OFERTADO",IF(GA19<=($F19*(1+$GE$4)),"CUMPLE","NO CUMPLE")) -> NO OFERTADO | GF19: NO
A20: 11 | B20: DM2340 | C20: APOSITO TRASPARENTE ESTERIL CON ALMOHADILLA ABSORVENTE 7 HASTA 9 X 5 HASTA 7 CM | D20: 1 | E20: UN | F20: 1983 | G20: 1 | H20: =+F20*G20 -> 1983 | K20: =+J20*0.19 -> 0 | L20: =+J20+K20 -> 0 | M20: =L20*$D20 -> 0 | N20: =+M20*G20 -> 0 | O20: =+IF(L20=0,"NO OFERTADO",IF(L20<=($F20*(1+$GE$4)),"CUMPLE","NO CUMPLE")) -> NO OFERTADO | Q20: NO | V20: =U20*$D20 -> 0 | W20: =+V20*G20 -> 0 | X20: =+IF(U20=0,"NO OFERTADO",IF(U20<=($F20*(1+$GE$4)),"CUMPLE","NO CUMPLE")) -> NO OFERTADO | Y20: 0 | Z20: NO | AA20: POR UNIDAD | AB20: 2028 | AC20: 0 | AD20: =+AB20+AC20 -> 2028 | AE20: =AD20*$D20 -> 2028 | AF20: =+AE20*G20 -> 2028 | AG20: =+IF(AD20=0,"NO OFERTADO",IF(AD20<=($F20*(1+$GE$4)),"CUMPLE","NO CUMPLE")) -> CUMPLE | AH20: NO CUMPLE | AI20: NO | AM20: =+AK20+AL20 -> 0 | AN20: =AM20*$D20 -> 0 | AO20: =+AN20*G20 -> 0 | AP20: =+IF(AM20=0,"NO OFERTADO",IF(AM20<=($F20*(1+$GE$4)),"CUMPLE","NO CUMPLE")) -> NO OFERTADO | AR20: NO | AV20: =AT20+AU20 -> 0 | AW20: =AV20*$D20 -> 0 | AX20: =+AW20*G20 -> 0 | AY20: =+IF(AV20=0,"NO OFERTADO",IF(AV20<=($F20*(1+$GE$4)),"CUMPLE","NO CUMPLE")) -> NO OFERTADO | BA20: NO | BE20: =BC20+BD20 -> 0 | BF20: =BE20*$D20 -> 0 | BG20: =+BF20*G20 -> 0 | BH20: =+IF(BE20=0,"NO OFERTADO",IF(BE20<=($F20*(1+$GE$4)),"CUMPLE","NO CUMPLE")) -> NO OFERTADO | BI20: 0 | BJ20: NO | BN20: =BL20+BM20 -> 0 | BO20: =BN20*$D20 -> 0 | BP20: =+BO20*G20 -> 0 | BQ20: =+IF(BN20=0,"NO OFERTADO",IF(BN20<=($F20*(1+$KI$4)),"CUMPLE","NO CUMPLE")) -> NO OFERTADO | BR20: =VLOOKUP(B20,'[1]ANEXO TECNICO'!$B$3:$P$334,15,0) -> 0 | BS20: NO | BT20: caja x 50 | BU20: 2697.7131 | BV20: 0 | BW20: =+BU20+BV20 -> 2697.7131 | BX20: =+BW20*D20 -> 2697.7131 | BY20: =+BX20*G20 -> 2697.7131 | BZ20: =+IF(BW20=0,"NO OFERTADO",IF(BW20<=($F20*(1+$GE$4)),"CUMPLE","NO CUMPLE")) -> NO CUMPLE | CA20: NO CUMPLE | CB20: NO | CF20: =CD20+CE20 -> 0 | CG20: =CF20*$D20 -> 0 | CH20: =+CG20*G20 -> 0 | CI20: =+IF(CF20=0,"NO OFERTADO",IF(CF20<=($F20*(1+$GE$4)),"CUMPLE","NO CUMPLE")) -> NO OFERTADO | CK20: NO | CO20: =CM20+CN20 -> 0 | CP20: =CO20*$D20 -> 0 | CQ20: =+CP20*G20 -> 0 | CR20: =+IF(CO20=0,"NO OFERTADO",IF(CO20<=($F20*(1+$GE$4)),"CUMPLE","NO CUMPLE")) -> NO OFERTADO | CT20: NO | CX20: =CV20+CW20 -> 0 | CY20: =CX20*$D20 -> 0 | CZ20: =+CY20*G20 -> 0 | DA20: =+IF(CX20=0,"NO OFERTADO",IF(CX20<=($F20*(1+$GE$4)),"CUMPLE","NO CUMPLE")) -> NO OFERTADO | DC20: NO | DD20: Caja 100 | DE20: 1002 | DF20: 0 | DG20: =DE20+DF20 -> 1002 | DH20: =DG20*$D20 -> 1002 | DI20: =+DH20*G20 -> 1002 | DJ20: =+IF(DG20=0,"NO OFERTADO",IF(DG20<=($F20*(1+$GE$4)),"CUMPLE","NO CUMPLE")) -> CUMPLE | DK20: CUMPLE | DL20: SI | DP20: 0 | DQ20: =+DP20*D20 -> 0 | DR20: =+DQ20*G20 -> 0 | DS20: =+IF(DP20=0,"NO OFERTADO",IF(DP20<=($F20*(1+$GE$4)),"CUMPLE","NO CUMPLE")) -> NO OFERTADO | DU20: NO | DY20: =DW20+DX20 -> 0 | DZ20: =DY20*$D20 -> 0 | EA20: =+DZ20*G20 -> 0 | EB20: =+IF(DY20=0,"NO OFERTADO",IF(DY20<=($F20*(1+$GE$4)),"CUMPLE","NO CUMPLE")) -> NO OFERTADO | ED20: NO | EE20: CJAX25 | EF20: 17763 | EG20: 0 | EH20: =EF20+EG20 -> 17763 | EI20: =EH20*$D20 -> 17763 | EJ20: =+EI20*G20 -> 17763 | EK20: =+IF(EH20=0,"NO OFERTADO",IF(EH20<=($F20*(1+$GE$4)),"CUMPLE","NO CUMPLE")) -> NO CUMPLE | EL20: CUMPLE | EM20: NO | EQ20: 0 | ER20: =EQ20*$D20 -> 0 | ES20: =+ER20*G20 -> 0 | ET20: =+IF(EQ20=0,"NO OFERTADO",IF(EQ20<=($F20*(1+$GE$4)),"CUMPLE","NO CUMPLE")) -> NO OFERTADO | EV20: NO | EW20: 0 | EX20: 0 | EY20: 0 | EZ20: 0 | FA20: =EZ20*$D20 -> 0 | FB20: =+FA20*G20 -> 0 | FC20: =+IF(EZ20=0,"NO OFERTADO",IF(EZ20<=($F20*(1+$GE$4)),"CUMPLE","NO CUMPLE")) -> NO OFERTADO | FE20: NO | FF20: 0 | FH20: 0 | FI20: 0 | FJ20: =FI20*$D20 -> 0 | FK20: =+FJ20*G20 -> 0 | FL20: =+IF(FI20=0,"NO OFERTADO",IF(FI20<=($F20*(1+$GE$4)),"CUMPLE","NO CUMPLE")) -> NO OFERTADO | FN20: NO | FR20: =FP20+FQ20 -> 0 | FS20: =FR20*$D20 -> 0 | FT20: =+FS20*G20 -> 0 | FU20: =+IF(FR20=0,"NO OFERTADO",IF(FR20<=($F20*(1+$GE$4)),"CUMPLE","NO CUMPLE")) -> NO OFERTADO | FV20: 0 | FW20: NO | FX20: CJX50 | FY20: 966 | FZ20: 0 | GA20: 966 | GB20: =GA20*$D20 -> 966 | GC20: =+GB20*G20 -> 966 | GD20: =+IF(GA20=0,"NO OFERTADO",IF(GA20<=($F20*(1+$GE$4)),"CUMPLE","NO CUMPLE")) -> CUMPLE | GE20: CUMPLE | GF20: SI
A21: 12 | B21: DM2341 | C21: ASA DE POLIPECTOMIA DESCARTABLE DE 10.15.25 CM X 2.4 A 2.8 MM DE DIAMETRO. LONGITUD DE TRABAJO DE 230 CM | D21: 1 | E21: UN | F21: 113050 | G21: 10 | H21: =+F21*G21 -> 1130500 | K21: =+J21*0.19 -> 0 | L21: =+J21+K21 -> 0 | M21: =L21*$D21 -> 0 | N21: =+M21*G21 -> 0 | O21: =+IF(L21=0,"NO OFERTADO",IF(L21<=($F21*(1+$GE$4)),"CUMPLE","NO CUMPLE")) -> NO OFERTADO | Q21: NO | V21: =U21*$D21 -> 0 | W21: =+V21*G21 -> 0 | X21: =+IF(U21=0,"NO OFERTADO",IF(U21<=($F21*(1+$GE$4)),"CUMPLE","NO CUMPLE")) -> NO OFERTADO | Y21: 0 | Z21: NO | AD21: =+AB21+AC21 -> 0 | AE21: =AD21*$D21 -> 0 | AF21: =+AE21*G21 -> 0 | AG21: =+IF(AD21=0,"NO OFERTADO",IF(AD21<=($F21*(1+$GE$4)),"CUMPLE","NO CUMPLE")) -> NO OFERTADO | AI21: NO | AM21: =+AK21+AL21 -> 0 | AN21: =AM21*$D21 -> 0 | AO21: =+AN21*G21 -> 0 | AP21: =+IF(AM21=0,"NO OFERTADO",IF(AM21<=($F21*(1+$GE$4)),"CUMPLE","NO CUMPLE")) -> NO OFERTADO | AR21: NO | AV21: =+AT21+AU21 -> 0 | AW21: =AV21*$D21 -> 0 | AX21: =+AW21*G21 -> 0 | AY21: =+IF(AV21=0,"NO OFERTADO",IF(AV21<=($F21*(1+$GE$4)),"CUMPLE","NO CUMPLE")) -> NO OFERTADO | BA21: NO | BE21: =BC21+BD21 -> 0 | BF21: =BE21*$D21 -> 0 | BG21: =+BF21*G21 -> 0 | BH21: =+IF(BE21=0,"NO OFERTADO",IF(BE21<=($F21*(1+$GE$4)),"CUMPLE","NO CUMPLE")) -> NO OFERTADO | BI21: 0 | BJ21: NO | BN21: =+BL21+BM21 -> 0 | BO21: =BN21*$D21 -> 0 | BP21: =+BO21*G21 -> 0 | BQ21: =+IF(BN21=0,"NO OFERTADO",IF(BN21<=($F21*(1+$KI$4)),"CUMPLE","NO CUMPLE")) -> NO OFERTADO | BR21: =VLOOKUP(B21,'[1]ANEXO TECNICO'!$B$3:$P$334,15,0) -> 0 | BS21: NO | BX21: 0 | BY21: =+BX21*G21 -> 0 | BZ21: =+IF(BW21=0,"NO OFERTADO",IF(BW21<=($F21*(1+$GE$4)),"CUMPLE","NO CUMPLE")) -> NO OFERTADO | CB21: NO | CE21: =+CD21*0.19 -> 0 | CF21: =+CD21+CE21 -> 0 | CG21: =CF21*$D21 -> 0 | CH21: =+CG21*G21 -> 0 | CI21: =+IF(CF21=0,"NO OFERTADO",IF(CF21<=($F21*(1+$GE$4)),"CUMPLE","NO CUMPLE")) -> NO OFERTADO | CK21: NO | CO21: =+CM21+CN21 -> 0 | CP21: =CO21*$D21 -> 0 | CQ21: =+CP21*G21 -> 0 | CR21: =+IF(CO21=0,"NO OFERTADO",IF(CO21<=($F21*(1+$GE$4)),"CUMPLE","NO CUMPLE")) -> NO OFERTADO | CT21: NO | CW21: =+CV21*0.19 -> 0 | CX21: =+CV21+CW21 -> 0 | CY21: =CX21*$D21 -> 0 | CZ21: =+CY21*G21 -> 0 | DA21: =+IF(CX21=0,"NO OFERTADO",IF(CX21<=($F21*(1+$GE$4)),"CUMPLE","NO CUMPLE")) -> NO OFERTADO | DC21: NO | DG21: =+DE21+DF21 -> 0 | DH21: =DG21*$D21 -> 0 | DI21: =+DH21*G21 -> 0 | DJ21: =+IF(DG21=0,"NO OFERTADO",IF(DG21<=($F21*(1+$GE$4)),"CUMPLE","NO CUMPLE")) -> NO OFERTADO | DL21: NO | DP21: 0 | DQ21: =+DP21*D21 -> 0 | DR21: =+DQ21*G21 -> 0 | DS21: =+IF(DP21=0,"NO OFERTADO",IF(DP21<=($F21*(1+$GE$4)),"CUMPLE","NO CUMPLE")) -> NO OFERTADO | DU21: NO | DY21: =+DW21+DX21 -> 0 | DZ21: =DY21*$D21 -> 0 | EA21: =+DZ21*G21 -> 0 | EB21: =+IF(DY21=0,"NO OFERTADO",IF(DY21<=($F21*(1+$GE$4)),"CUMPLE","NO CUMPLE")) -> NO OFERTADO | ED21: NO | EE21: . | EF21: 0 | EG21: 0 | EH21: =+EF21+EG21 -> 0 | EI21: =EH21*$D21 -> 0 | EJ21: =+EI21*G21 -> 0 | EK21: =+IF(EH21=0,"NO OFERTADO",IF(EH21<=($F21*(1+$GE$4)),"CUMPLE","NO CUMPLE")) -> NO OFERTADO | EM21: NO | EQ21: 0 | ER21: =EQ21*$D21 -> 0 | ES21: =+ER21*G21 -> 0 | ET21: =+IF(EQ21=0,"NO OFERTADO",IF(EQ21<=($F21*(1+$GE$4)),"CUMPLE","NO CUMPLE")) -> NO OFERTADO | EV21: NO | EW21: 0 | EX21: 0 | EY21: 0 | EZ21: 0 | FA21: =EZ21*$D21 -> 0 | FB21: =+FA21*G21 -> 0 | FC21: =+IF(EZ21=0,"NO OFERTADO",IF(EZ21<=($F21*(1+$GE$4)),"CUMPLE","NO CUMPLE")) -> NO OFERTADO | FE21: NO | FF21: 0 | FH21: 0 | FI21: 0 | FJ21: =FI21*$D21 -> 0 | FK21: =+FJ21*G21 -> 0 | FL21: =+IF(FI21=0,"NO OFERTADO",IF(FI21<=($F21*(1+$GE$4)),"CUMPLE","NO CUMPLE")) -> NO OFERTADO | FN21: NO | FR21: =+FP21+FQ21 -> 0 | FS21: =FR21*$D21 -> 0 | FT21: =+FS21*G21 -> 0 | FU21: =+IF(FR21=0,"NO OFERTADO",IF(FR21<=($F21*(1+$GE$4)),"CUMPLE","NO CUMPLE")) -> NO OFERTADO | FV21: 0 | FW21: NO | GB21: =GA21*$D21 -> 0 | GC21: =+GB21*G21 -> 0 | GD21: =+IF(GA21=0,"NO OFERTADO",IF(GA21<=($F21*(1+$GE$4)),"CUMPLE","NO CUMPLE")) -> NO OFERTADO | GF21: NO
A22: 13 | B22: DM2342 | C22: ASA POLIPECTOMIA HEXAGONAL | D22: 1 | E22: UN | F22: 113050 | G22: 1 | H22: =+F22*G22 -> 113050 | K22: =+J22*0.19 -> 0 | L22: =+J22+K22 -> 0 | M22: =L22*$D22 -> 0 | N22: =+M22*G22 -> 0 | O22: =+IF(L22=0,"NO OFERTADO",IF(L22<=($F22*(1+$GE$4)),"CUMPLE","NO CUMPLE")) -> NO OFERTADO | Q22: NO | V22: =U22*$D22 -> 0 | W22: =+V22*G22 -> 0 | X22: =+IF(U22=0,"NO OFERTADO",IF(U22<=($F22*(1+$GE$4)),"CUMPLE","NO CUMPLE")) -> NO OFERTADO | Y22: 0 | Z22: NO | AD22: =+AB22+AC22 -> 0 | AE22: =AD22*$D22 -> 0 | AF22: =+AE22*G22 -> 0 | AG22: =+IF(AD22=0,"NO OFERTADO",IF(AD22<=($F22*(1+$GE$4)),"CUMPLE","NO CUMPLE")) -> NO OFERTADO | AI22: NO | AM22: =+AK22+AL22 -> 0 | AN22: =AM22*$D22 -> 0 | AO22: =+AN22*G22 -> 0 | AP22: =+IF(AM22=0,"NO OFERTADO",IF(AM22<=($F22*(1+$GE$4)),"CUMPLE","NO CUMPLE")) -> NO OFERTADO | AR22: NO | AV22: =+AT22+AU22 -> 0 | AW22: =AV22*$D22 -> 0 | AX22: =+AW22*G22 -> 0 | AY22: =+IF(AV22=0,"NO OFERTADO",IF(AV22<=($F22*(1+$GE$4)),"CUMPLE","NO CUMPLE")) -> NO OFERTADO | BA22: NO | BE22: =BC22+BD22 -> 0 | BF22: =BE22*$D22 -> 0 | BG22: =+BF22*G22 -> 0 | BH22: =+IF(BE22=0,"NO OFERTADO",IF(BE22<=($F22*(1+$GE$4)),"CUMPLE","NO CUMPLE")) -> NO OFERTADO | BI22: 0 | BJ22: NO | BN22: =+BL22+BM22 -> 0 | BO22: =BN22*$D22 -> 0 | BP22: =+BO22*G22 -> 0 | BQ22: =+IF(BN22=0,"NO OFERTADO",IF(BN22<=($F22*(1+$KI$4)),"CUMPLE","NO CUMPLE")) -> NO OFERTADO | BR22: =VLOOKUP(B22,'[1]ANEXO TECNICO'!$B$3:$P$334,15,0) -> 0 | BS22: NO | BX22: 0 | BY22: =+BX22*G22 -> 0 | BZ22: =+IF(BW22=0,"NO OFERTADO",IF(BW22<=($F22*(1+$GE$4)),"CUMPLE","NO CUMPLE")) -> NO OFERTADO | CB22: NO | CE22: =+CD22*0.19 -> 0 | CF22: =+CD22+CE22 -> 0 | CG22: =CF22*$D22 -> 0 | CH22: =+CG22*G22 -> 0 | CI22: =+IF(CF22=0,"NO OFERTADO",IF(CF22<=($F22*(1+$GE$4)),"CUMPLE","NO CUMPLE")) -> NO OFERTADO | CK22: NO | CO22: =+CM22+CN22 -> 0 | CP22: =CO22*$D22 -> 0 | CQ22: =+CP22*G22 -> 0 | CR22: =+IF(CO22=0,"NO OFERTADO",IF(CO22<=($F22*(1+$GE$4)),"CUMPLE","NO CUMPLE")) -> NO OFERTADO | CT22: NO | CW22: =+CV22*0.19 -> 0 | CX22: =+CV22+CW22 -> 0 | CY22: =CX22*$D22 -> 0 | CZ22: =+CY22*G22 -> 0 | DA22: =+IF(CX22=0,"NO OFERTADO",IF(CX22<=($F22*(1+$GE$4)),"CUMPLE","NO CUMPLE")) -> NO OFERTADO | DC22: NO | DG22: =+DE22+DF22 -> 0 | DH22: =DG22*$D22 -> 0 | DI22: =+DH22*G22 -> 0 | DJ22: =+IF(DG22=0,"NO OFERTADO",IF(DG22<=($F22*(1+$GE$4)),"CUMPLE","NO CUMPLE")) -> NO OFERTADO | DL22: NO | DP22: 0 | DQ22: =+DP22*D22 -> 0 | DR22: =+DQ22*G22 -> 0 | DS22: =+IF(DP22=0,"NO OFERTADO",IF(DP22<=($F22*(1+$GE$4)),"CUMPLE","NO CUMPLE")) -> NO OFERTADO | DU22: NO | DY22: =+DW22+DX22 -> 0 | DZ22: =DY22*$D22 -> 0 | EA22: =+DZ22*G22 -> 0 | EB22: =+IF(DY22=0,"NO OFERTADO",IF(DY22<=($F22*(1+$GE$4)),"CUMPLE","NO CUMPLE")) -> NO OFERTADO | ED22: NO | EE22: . | EF22: 0 | EG22: 0 | EH22: =+EF22+EG22 -> 0 | EI22: =EH22*$D22 -> 0 | EJ22: =+EI22*G22 -> 0 | EK22: =+IF(EH22=0,"NO OFERTADO",IF(EH22<=($F22*(1+$GE$4)),"CUMPLE","NO CUMPLE")) -> NO OFERTADO | EM22: NO | EQ22: 0 | ER22: =EQ22*$D22 -> 0 | ES22: =+ER22*G22 -> 0 | ET22: =+IF(EQ22=0,"NO OFERTADO",IF(EQ22<=($F22*(1+$GE$4)),"CUMPLE","NO CUMPLE")) -> NO OFERTADO | EV22: NO | EW22: 0 | EX22: 0 | EY22: 0 | EZ22: 0 | FA22: =EZ22*$D22 -> 0 | FB22: =+FA22*G22 -> 0 | FC22: =+IF(EZ22=0,"NO OFERTADO",IF(EZ22<=($F22*(1+$GE$4)),"CUMPLE","NO CUMPLE")) -> NO OFERTADO | FE22: NO | FF22: 0 | FH22: 0 | FI22: 0 | FJ22: =FI22*$D22 -> 0 | FK22: =+FJ22*G22 -> 0 | FL22: =+IF(FI22=0,"NO OFERTADO",IF(FI22<=($F22*(1+$GE$4)),"CUMPLE","NO CUMPLE")) -> NO OFERTADO | FN22: NO | FR22: =+FP22+FQ22 -> 0 | FS22: =FR22*$D22 -> 0 | FT22: =+FS22*G22 -> 0 | FU22: =+IF(FR22=0,"NO OFERTADO",IF(FR22<=($F22*(1+$GE$4)),"CUMPLE","NO CUMPLE")) -> NO OFERTADO | FV22: 0 | FW22: NO | GB22: =GA22*$D22 -> 0 | GC22: =+GB22*G22 -> 0 | GD22: =+IF(GA22=0,"NO OFERTADO",IF(GA22<=($F22*(1+$GE$4)),"CUMPLE","NO CUMPLE")) -> NO OFERTADO | GF22: NO
A23: 14 | B23: DM1547 | C23: BALON DE DILATACION ESOFAGICA DE 10 12 | D23: 1 | E23: UN | F23: 642600 | G23: 1 | H23: =+F23*G23 -> 642600 | K23: =+J23*0.19 -> 0 | L23: =+J23+K23 -> 0 | M23: =L23*$D23 -> 0 | N23: =+M23*G23 -> 0 | O23: =+IF(L23=0,"NO OFERTADO",IF(L23<=($F23*(1+$GE$4)),"CUMPLE","NO CUMPLE")) -> NO OFERTADO | Q23: NO | V23: =U23*$D23 -> 0 | W23: =+V23*G23 -> 0 | X23: =+IF(U23=0,"NO OFERTADO",IF(U23<=($F23*(1+$GE$4)),"CUMPLE","NO CUMPLE")) -> NO OFERTADO | Y23: 0 | Z23: NO | AD23: =+AB23+AC23 -> 0 | AE23: =AD23*$D23 -> 0 | AF23: =+AE23*G23 -> 0 | AG23: =+IF(AD23=0,"NO OFERTADO",IF(AD23<=($F23*(1+$GE$4)),"CUMPLE","NO CUMPLE")) -> NO OFERTADO | AI23: NO | AM23: =+AK23+AL23 -> 0 | AN23: =AM23*$D23 -> 0 | AO23: =+AN23*G23 -> 0 | AP23: =+IF(AM23=0,"NO OFERTADO",IF(AM23<=($F23*(1+$GE$4)),"CUMPLE","NO CUMPLE")) -> NO OFERTADO | AR23: NO | AV23: =AT23+AU23 -> 0 | AW23: =AV23*$D23 -> 0 | AX23: =+AW23*G23 -> 0 | AY23: =+IF(AV23=0,"NO OFERTADO",IF(AV23<=($F23*(1+$GE$4)),"CUMPLE","NO CUMPLE")) -> NO OFERTADO | BA23: NO | BE23: =BC23+BD23 -> 0 | BF23: =BE23*$D23 -> 0 | BG23: =+BF23*G23 -> 0 | BH23: =+IF(BE23=0,"NO OFERTADO",IF(BE23<=($F23*(1+$GE$4)),"CUMPLE","NO CUMPLE")) -> NO OFERTADO | BI23: 0 | BJ23: NO | BN23: =BL23+BM23 -> 0 | BO23: =BN23*$D23 -> 0 | BP23: =+BO23*G23 -> 0 | BQ23: =+IF(BN23=0,"NO OFERTADO",IF(BN23<=($F23*(1+$KI$4)),"CUMPLE","NO CUMPLE")) -> NO OFERTADO | BR23: =VLOOKUP(B23,'[1]ANEXO TECNICO'!$B$3:$P$334,15,0) -> 0 | BS23: NO | BX23: 0 | BY23: =+BX23*G23 -> 0 | BZ23: =+IF(BW23=0,"NO OFERTADO",IF(BW23<=($F23*(1+$GE$4)),"CUMPLE","NO CUMPLE")) -> NO OFERTADO | CB23: NO | CF23: =CD23+CE23 -> 0 | CG23: =CF23*$D23 -> 0 | CH23: =+CG23*G23 -> 0 | CI23: =+IF(CF23=0,"NO OFERTADO",IF(CF23<=($F23*(1+$GE$4)),"CUMPLE","NO CUMPLE")) -> NO OFERTADO | CK23: NO | CO23: =CM23+CN23 -> 0 | CP23: =CO23*$D23 -> 0 | CQ23: =+CP23*G23 -> 0 | CR23: =+IF(CO23=0,"NO OFERTADO",IF(CO23<=($F23*(1+$GE$4)),"CUMPLE","NO CUMPLE")) -> NO OFERTADO | CT23: NO | CX23: =CV23+CW23 -> 0 | CY23: =CX23*$D23 -> 0 | CZ23: =+CY23*G23 -> 0 | DA23: =+IF(CX23=0,"NO OFERTADO",IF(CX23<=($F23*(1+$GE$4)),"CUMPLE","NO CUMPLE")) -> NO OFERTADO | DC23: NO | DG23: =DE23+DF23 -> 0 | DH23: =DG23*$D23 -> 0 | DI23: =+DH23*G23 -> 0 | DJ23: =+IF(DG23=0,"NO OFERTADO",IF(DG23<=($F23*(1+$GE$4)),"CUMPLE","NO CUMPLE")) -> NO OFERTADO | DL23: NO | DP23: 0 | DQ23: =+DP23*D23 -> 0 | DR23: =+DQ23*G23 -> 0 | DS23: =+IF(DP23=0,"NO OFERTADO",IF(DP23<=($F23*(1+$GE$4)),"CUMPLE","NO CUMPLE")) -> NO OFERTADO | DU23: NO | DY23: =DW23+DX23 -> 0 | DZ23: =DY23*$D23 -> 0 | EA23: =+DZ23*G23 -> 0 | EB23: =+IF(DY23=0,"NO OFERTADO",IF(DY23<=($F23*(1+$GE$4)),"CUMPLE","NO CUMPLE")) -> NO OFERTADO | ED23: NO | EE23: PAQTEX1 | EF23: 1079545 | EG23: 0 | EH23: =EF23+EG23 -> 1079545 | EI23: =EH23*$D23 -> 1079545 | EJ23: =+EI23*G23 -> 1079545 | EK23: =+IF(EH23=0,"NO OFERTADO",IF(EH23<=($F23*(1+$GE$4)),"CUMPLE","NO CUMPLE")) -> NO CUMPLE | EL23: CUMPLE | EM23: NO | EQ23: 0 | ER23: =EQ23*$D23 -> 0 | ES23: =+ER23*G23 -> 0 | ET23: =+IF(EQ23=0,"NO OFERTADO",IF(EQ23<=($F23*(1+$GE$4)),"CUMPLE","NO CUMPLE")) -> NO OFERTADO | EV23: NO | EW23: 0 | EX23: 0 | EY23: 0 | EZ23: 0 | FA23: =EZ23*$D23 -> 0 | FB23: =+FA23*G23 -> 0 | FC23: =+IF(EZ23=0,"NO OFERTADO",IF(EZ23<=($F23*(1+$GE$4)),"CUMPLE","NO CUMPLE")) -> NO OFERTADO | FE23: NO | FF23: 0 | FH23: 0 | FI23: 0 | FJ23: =FI23*$D23 -> 0 | FK23: =+FJ23*G23 -> 0 | FL23: =+IF(FI23=0,"NO OFERTADO",IF(FI23<=($F23*(1+$GE$4)),"CUMPLE","NO CUMPLE")) -> NO OFERTADO | FN23: NO | FR23: =FP23+FQ23 -> 0 | FS23: =FR23*$D23 -> 0 | FT23: =+FS23*G23 -> 0 | FU23: =+IF(FR23=0,"NO OFERTADO",IF(FR23<=($F23*(1+$GE$4)),"CUMPLE","NO CUMPLE")) -> NO OFERTADO | FV23: 0 | FW23: NO | GB23: =GA23*$D23 -> 0 | GC23: =+GB23*G23 -> 0 | GD23: =+IF(GA23=0,"NO OFERTADO",IF(GA23<=($F23*(1+$GE$4)),"CUMPLE","NO CUMPLE")) -> NO OFERTADO | GF23: NO
A24: 15 | B24: DM1548 | C24: BALON DE DILATACION ESOFAGICA DE 12 15 | D24: 1 | E24: UN | F24: 642600 | G24: 1 | H24: =+F24*G24 -> 642600 | K24: =+J24*19% -> 0 | L24: =+J24+K24 -> 0 | M24: =L24*$D24 -> 0 | N24: =+M24*G24 -> 0 | O24: =+IF(L24=0,"NO OFERTADO",IF(L24<=($F24*(1+$GE$4)),"CUMPLE","NO CUMPLE")) -> NO OFERTADO | Q24: NO | V24: =U24*$D24 -> 0 | W24: =+V24*G24 -> 0 | X24: =+IF(U24=0,"NO OFERTADO",IF(U24<=($F24*(1+$GE$4)),"CUMPLE","NO CUMPLE")) -> NO OFERTADO | Y24: 0 | Z24: NO | AD24: =+AB24+AC24 -> 0 | AE24: =AD24*$D24 -> 0 | AF24: =+AE24*G24 -> 0 | AG24: =+IF(AD24=0,"NO OFERTADO",IF(AD24<=($F24*(1+$GE$4)),"CUMPLE","NO CUMPLE")) -> NO OFERTADO | AI24: NO | AM24: =+AK24+AL24 -> 0 | AN24: =AM24*$D24 -> 0 | AO24: =+AN24*G24 -> 0 | AP24: =+IF(AM24=0,"NO OFERTADO",IF(AM24<=($F24*(1+$GE$4)),"CUMPLE","NO CUMPLE")) -> NO OFERTADO | AR24: NO | AV24: =AT24+AU24 -> 0 | AW24: =AV24*$D24 -> 0 | AX24: =+AW24*G24 -> 0 | AY24: =+IF(AV24=0,"NO OFERTADO",IF(AV24<=($F24*(1+$GE$4)),"CUMPLE","NO CUMPLE")) -> NO OFERTADO | BA24: NO | BE24: =BC24+BD24 -> 0 | BF24: =BE24*$D24 -> 0 | BG24: =+BF24*G24 -> 0 | BH24: =+IF(BE24=0,"NO OFERTADO",IF(BE24<=($F24*(1+$GE$4)),"CUMPLE","NO CUMPLE")) -> NO OFERTADO | BI24: 0 | BJ24: NO | BN24: =BL24+BM24 -> 0 | BO24: =BN24*$D24 -> 0 | BP24: =+BO24*G24 -> 0 | BQ24: =+IF(BN24=0,"NO OFERTADO",IF(BN24<=($F24*(1+$KI$4)),"CUMPLE","NO CUMPLE")) -> NO OFERTADO | BR24: =VLOOKUP(B24,'[1]ANEXO TECNICO'!$B$3:$P$334,15,0) -> 0 | BS24: NO | BX24: 0 | BY24: =+BX24*G24 -> 0 | BZ24: =+IF(BW24=0,"NO OFERTADO",IF(BW24<=($F24*(1+$GE$4)),"CUMPLE","NO CUMPLE")) -> NO OFERTADO | CB24: NO | CF24: =CD24+CE24 -> 0 | CG24: =CF24*$D24 -> 0 | CH24: =+CG24*G24 -> 0 | CI24: =+IF(CF24=0,"NO OFERTADO",IF(CF24<=($F24*(1+$GE$4)),"CUMPLE","NO CUMPLE")) -> NO OFERTADO | CK24: NO | CO24: =CM24+CN24 -> 0 | CP24: =CO24*$D24 -> 0 | CQ24: =+CP24*G24 -> 0 | CR24: =+IF(CO24=0,"NO OFERTADO",IF(CO24<=($F24*(1+$GE$4)),"CUMPLE","NO CUMPLE")) -> NO OFERTADO | CT24: NO | CX24: =CV24+CW24 -> 0 | CY24: =CX24*$D24 -> 0 | CZ24: =+CY24*G24 -> 0 | DA24: =+IF(CX24=0,"NO OFERTADO",IF(CX24<=($F24*(1+$GE$4)),"CUMPLE","NO CUMPLE")) -> NO OFERTADO | DC24: NO | DG24: =DE24+DF24 -> 0 | DH24: =DG24*$D24 -> 0 | DI24: =+DH24*G24 -> 0 | DJ24: =+IF(DG24=0,"NO OFERTADO",IF(DG24<=($F24*(1+$GE$4)),"CUMPLE","NO CUMPLE")) -> NO OFERTADO | DL24: NO | DP24: 0 | DQ24: =+DP24*D24 -> 0 | DR24: =+DQ24*G24 -> 0 | DS24: =+IF(DP24=0,"NO OFERTADO",IF(DP24<=($F24*(1+$GE$4)),"CUMPLE","NO CUMPLE")) -> NO OFERTADO | DU24: NO | DY24: =DW24+DX24 -> 0 | DZ24: =DY24*$D24 -> 0 | EA24: =+DZ24*G24 -> 0 | EB24: =+IF(DY24=0,"NO OFERTADO",IF(DY24<=($F24*(1+$GE$4)),"CUMPLE","NO CUMPLE")) -> NO OFERTADO | ED24: NO | EE24: PAQTEX1 | EF24: 1079545 | EG24: 0 | EH24: =EF24+EG24 -> 1079545 | EI24: =EH24*$D24 -> 1079545 | EJ24: =+EI24*G24 -> 1079545 | EK24: =+IF(EH24=0,"NO OFERTADO",IF(EH24<=($F24*(1+$GE$4)),"CUMPLE","NO CUMPLE")) -> NO CUMPLE | EL24: CUMPLE | EM24: NO | EQ24: 0 | ER24: =EQ24*$D24 -> 0 | ES24: =+ER24*G24 -> 0 | ET24: =+IF(EQ24=0,"NO OFERTADO",IF(EQ24<=($F24*(1+$GE$4)),"CUMPLE","NO CUMPLE")) -> NO OFERTADO | EV24: NO | EW24: 0 | EX24: 0 | EY24: 0 | EZ24: 0 | FA24: =EZ24*$D24 -> 0 | FB24: =+FA24*G24 -> 0 | FC24: =+IF(EZ24=0,"NO OFERTADO",IF(EZ24<=($F24*(1+$GE$4)),"CUMPLE","NO CUMPLE")) -> NO OFERTADO | FE24: NO | FF24: 0 | FH24: 0 | FI24: 0 | FJ24: =FI24*$D24 -> 0 | FK24: =+FJ24*G24 -> 0 | FL24: =+IF(FI24=0,"NO OFERTADO",IF(FI24<=($F24*(1+$GE$4)),"CUMPLE","NO CUMPLE")) -> NO OFERTADO | FN24: NO | FR24: =FP24+FQ24 -> 0 | FS24: =FR24*$D24 -> 0 | FT24: =+FS24*G24 -> 0 | FU24: =+IF(FR24=0,"NO OFERTADO",IF(FR24<=($F24*(1+$GE$4)),"CUMPLE","NO CUMPLE")) -> NO OFERTADO | FV24: 0 | FW24: NO | GB24: =GA24*$D24 -> 0 | GC24: =+GB24*G24 -> 0 | GD24: =+IF(GA24=0,"NO OFERTADO",IF(GA24<=($F24*(1+$GE$4)),"CUMPLE","NO CUMPLE")) -> NO OFERTADO | GF24: NO
A25: 16 | B25: DM148 | C25: BALON DE DILATACION ESOFAGICA DE 15 18 MM | D25: 1 | E25: UN | F25: 642600 | G25: 1 | H25: =+F25*G25 -> 642600 | K25: =+J25*19% -> 0 | L25: =+J25+K25 -> 0 | M25: =L25*$D25 -> 0 | N25: =+M25*G25 -> 0 | O25: =+IF(L25=0,"NO OFERTADO",IF(L25<=($F25*(1+$GE$4)),"CUMPLE","NO CUMPLE")) -> NO OFERTADO | Q25: NO | V25: =U25*$D25 -> 0 | W25: =+V25*G25 -> 0 | X25: =+IF(U25=0,"NO OFERTADO",IF(U25<=($F25*(1+$GE$4)),"CUMPLE","NO CUMPLE")) -> NO OFERTADO | Y25: 0 | Z25: NO | AD25: =+AB25+AC25 -> 0 | AE25: =AD25*$D25 -> 0 | AF25: =+AE25*G25 -> 0 | AG25: =+IF(AD25=0,"NO OFERTADO",IF(AD25<=($F25*(1+$GE$4)),"CUMPLE","NO CUMPLE")) -> NO OFERTADO | AI25: NO | AM25: =+AK25+AL25 -> 0 | AN25: =AM25*$D25 -> 0 | AO25: =+AN25*G25 -> 0 | AP25: =+IF(AM25=0,"NO OFERTADO",IF(AM25<=($F25*(1+$GE$4)),"CUMPLE","NO CUMPLE")) -> NO OFERTADO | AR25: NO | AV25: =AT25+AU25 -> 0 | AW25: =AV25*$D25 -> 0 | AX25: =+AW25*G25 -> 0 | AY25: =+IF(AV25=0,"NO OFERTADO",IF(AV25<=($F25*(1+$GE$4)),"CUMPLE","NO CUMPLE")) -> NO OFERTADO | BA25: NO | BE25: =BC25+BD25 -> 0 | BF25: =BE25*$D25 -> 0 | BG25: =+BF25*G25 -> 0 | BH25: =+IF(BE25=0,"NO OFERTADO",IF(BE25<=($F25*(1+$GE$4)),"CUMPLE","NO CUMPLE")) -> NO OFERTADO | BI25: 0 | BJ25: NO | BN25: =BL25+BM25 -> 0 | BO25: =BN25*$D25 -> 0 | BP25: =+BO25*G25 -> 0 | BQ25: =+IF(BN25=0,"NO OFERTADO",IF(BN25<=($F25*(1+$KI$4)),"CUMPLE","NO CUMPLE")) -> NO OFERTADO | BR25: =VLOOKUP(B25,'[1]ANEXO TECNICO'!$B$3:$P$334,15,0) -> 0 | BS25: NO | BX25: 0 | BY25: =+BX25*G25 -> 0 | BZ25: =+IF(BW25=0,"NO OFERTADO",IF(BW25<=($F25*(1+$GE$4)),"CUMPLE","NO CUMPLE")) -> NO OFERTADO | CB25: NO | CF25: =CD25+CE25 -> 0 | CG25: =CF25*$D25 -> 0 | CH25: =+CG25*G25 -> 0 | CI25: =+IF(CF25=0,"NO OFERTADO",IF(CF25<=($F25*(1+$GE$4)),"CUMPLE","NO CUMPLE")) -> NO OFERTADO | CK25: NO | CO25: =CM25+CN25 -> 0 | CP25: =CO25*$D25 -> 0 | CQ25: =+CP25*G25 -> 0 | CR25: =+IF(CO25=0,"NO OFERTADO",IF(CO25<=($F25*(1+$GE$4)),"CUMPLE","NO CUMPLE")) -> NO OFERTADO | CT25: NO | CX25: =CV25+CW25 -> 0 | CY25: =CX25*$D25 -> 0 | CZ25: =+CY25*G25 -> 0 | DA25: =+IF(CX25=0,"NO OFERTADO",IF(CX25<=($F25*(1+$GE$4)),"CUMPLE","NO CUMPLE")) -> NO OFERTADO | DC25: NO | DG25: =DE25+DF25 -> 0 | DH25: =DG25*$D25 -> 0 | DI25: =+DH25*G25 -> 0 | DJ25: =+IF(DG25=0,"NO OFERTADO",IF(DG25<=($F25*(1+$GE$4)),"CUMPLE","NO CUMPLE")) -> NO OFERTADO | DL25: NO | DP25: 0 | DQ25: =+DP25*D25 -> 0 | DR25: =+DQ25*G25 -> 0 | DS25: =+IF(DP25=0,"NO OFERTADO",IF(DP25<=($F25*(1+$GE$4)),"CUMPLE","NO CUMPLE")) -> NO OFERTADO | DU25: NO | DY25: =DW25+DX25 -> 0 | DZ25: =DY25*$D25 -> 0 | EA25: =+DZ25*G25 -> 0 | EB25: =+IF(DY25=0,"NO OFERTADO",IF(DY25<=($F25*(1+$GE$4)),"CUMPLE","NO CUMPLE")) -> NO OFERTADO | ED25: NO | EE25: . | EF25: 0 | EG25: 0 | EH25: =EF25+EG25 -> 0 | EI25: =EH25*$D25 -> 0 | EJ25: =+EI25*G25 -> 0 | EK25: =+IF(EH25=0,"NO OFERTADO",IF(EH25<=($F25*(1+$GE$4)),"CUMPLE","NO CUMPLE")) -> NO OFERTADO | EM25: NO | EQ25: 0 | ER25: =EQ25*$D25 -> 0 | ES25: =+ER25*G25 -> 0 | ET25: =+IF(EQ25=0,"NO OFERTADO",IF(EQ25<=($F25*(1+$GE$4)),"CUMPLE","NO CUMPLE")) -> NO OFERTADO | EV25: NO | EW25: 0 | EX25: 0 | EY25: 0 | EZ25: 0 | FA25: =EZ25*$D25 -> 0 | FB25: =+FA25*G25 -> 0 | FC25: =+IF(EZ25=0,"NO OFERTADO",IF(EZ25<=($F25*(1+$GE$4)),"CUMPLE","NO CUMPLE")) -> NO OFERTADO | FE25: NO | FF25: 0 | FH25: 0 | FI25: 0 | FJ25: =FI25*$D25 -> 0 | FK25: =+FJ25*G25 -> 0 | FL25: =+IF(FI25=0,"NO OFERTADO",IF(FI25<=($F25*(1+$GE$4)),"CUMPLE","NO CUMPLE")) -> NO OFERTADO | FN25: NO | FR25: =FP25+FQ25 -> 0 | FS25: =FR25*$D25 -> 0 | FT25: =+FS25*G25 -> 0 | FU25: =+IF(FR25=0,"NO OFERTADO",IF(FR25<=($F25*(1+$GE$4)),"CUMPLE","NO CUMPLE")) -> NO OFERTADO | FV25: 0 | FW25: NO | GB25: =GA25*$D25 -> 0 | GC25: =+GB25*G25 -> 0 | GD25: =+IF(GA25=0,"NO OFERTADO",IF(GA25<=($F25*(1+$GE$4)),"CUMPLE","NO CUMPLE")) -> NO OFERTADO | GF25: NO
A26: 17 | B26: DM149 | C26: BALON DE DILATACION ESOFAGICA DE 18 20 MM | D26: 1 | E26: UN | F26: 642600 | G26: 1 | H26: =+F26*G26 -> 642600 | K26: =+J26*19% -> 0 | L26: =+J26+K26 -> 0 | M26: =L26*$D26 -> 0 | N26: =+M26*G26 -> 0 | O26: =+IF(L26=0,"NO OFERTADO",IF(L26<=($F26*(1+$GE$4)),"CUMPLE","NO CUMPLE")) -> NO OFERTADO | Q26: NO | V26: =U26*$D26 -> 0 | W26: =+V26*G26 -> 0 | X26: =+IF(U26=0,"NO OFERTADO",IF(U26<=($F26*(1+$GE$4)),"CUMPLE","NO CUMPLE")) -> NO OFERTADO | Y26: 0 | Z26: NO | AD26: =+AB26+AC26 -> 0 | AE26: =AD26*$D26 -> 0 | AF26: =+AE26*G26 -> 0 | AG26: =+IF(AD26=0,"NO OFERTADO",IF(AD26<=($F26*(1+$GE$4)),"CUMPLE","NO CUMPLE")) -> NO OFERTADO | AI26: NO | AM26: =+AK26+AL26 -> 0 | AN26: =AM26*$D26 -> 0 | AO26: =+AN26*G26 -> 0 | AP26: =+IF(AM26=0,"NO OFERTADO",IF(AM26<=($F26*(1+$GE$4)),"CUMPLE","NO CUMPLE")) -> NO OFERTADO | AR26: NO | AV26: =AT26+AU26 -> 0 | AW26: =AV26*$D26 -> 0 | AX26: =+AW26*G26 -> 0 | AY26: =+IF(AV26=0,"NO OFERTADO",IF(AV26<=($F26*(1+$GE$4)),"CUMPLE","NO CUMPLE")) -> NO OFERTADO | BA26: NO | BE26: =BC26+BD26 -> 0 | BF26: =BE26*$D26 -> 0 | BG26: =+BF26*G26 -> 0 | BH26: =+IF(BE26=0,"NO OFERTADO",IF(BE26<=($F26*(1+$GE$4)),"CUMPLE","NO CUMPLE")) -> NO OFERTADO | BI26: 0 | BJ26: NO | BN26: =BL26+BM26 -> 0 | BO26: =BN26*$D26 -> 0 | BP26: =+BO26*G26 -> 0 | BQ26: =+IF(BN26=0,"NO OFERTADO",IF(BN26<=($F26*(1+$KI$4)),"CUMPLE","NO CUMPLE")) -> NO OFERTADO | BR26: =VLOOKUP(B26,'[1]ANEXO TECNICO'!$B$3:$P$334,15,0) -> 0 | BS26: NO | BX26: 0 | BY26: =+BX26*G26 -> 0 | BZ26: =+IF(BW26=0,"NO OFERTADO",IF(BW26<=($F26*(1+$GE$4)),"CUMPLE","NO CUMPLE")) -> NO OFERTADO | CB26: NO | CF26: =CD26+CE26 -> 0 | CG26: =CF26*$D26 -> 0 | CH26: =+CG26*G26 -> 0 | CI26: =+IF(CF26=0,"NO OFERTADO",IF(CF26<=($F26*(1+$GE$4)),"CUMPLE","NO CUMPLE")) -> NO OFERTADO | CK26: NO | CO26: =CM26+CN26 -> 0 | CP26: =CO26*$D26 -> 0 | CQ26: =+CP26*G26 -> 0 | CR26: =+IF(CO26=0,"NO OFERTADO",IF(CO26<=($F26*(1+$GE$4)),"CUMPLE","NO CUMPLE")) -> NO OFERTADO | CT26: NO | CX26: =CV26+CW26 -> 0 | CY26: =CX26*$D26 -> 0 | CZ26: =+CY26*G26 -> 0 | DA26: =+IF(CX26=0,"NO OFERTADO",IF(CX26<=($F26*(1+$GE$4)),"CUMPLE","NO CUMPLE")) -> NO OFERTADO | DC26: NO | DG26: =DE26+DF26 -> 0 | DH26: =DG26*$D26 -> 0 | DI26: =+DH26*G26 -> 0 | DJ26: =+IF(DG26=0,"NO OFERTADO",IF(DG26<=($F26*(1+$GE$4)),"CUMPLE","NO CUMPLE")) -> NO OFERTADO | DL26: NO | DP26: 0 | DQ26: =+DP26*D26 -> 0 | DR26: =+DQ26*G26 -> 0 | DS26: =+IF(DP26=0,"NO OFERTADO",IF(DP26<=($F26*(1+$GE$4)),"CUMPLE","NO CUMPLE")) -> NO OFERTADO | DU26: NO | DY26: =DW26+DX26 -> 0 | DZ26: =DY26*$D26 -> 0 | EA26: =+DZ26*G26 -> 0 | EB26: =+IF(DY26=0,"NO OFERTADO",IF(DY26<=($F26*(1+$GE$4)),"CUMPLE","NO CUMPLE")) -> NO OFERTADO | ED26: NO | EE26: . | EF26: 1090909 | EG26: 0 | EH26: =EF26+EG26 -> 1090909 | EI26: =EH26*$D26 -> 1090909 | EJ26: =+EI26*G26 -> 1090909 | EK26: =+IF(EH26=0,"NO OFERTADO",IF(EH26<=($F26*(1+$GE$4)),"CUMPLE","NO CUMPLE")) -> NO CUMPLE | EL26: CUMPLE | EM26: NO | EQ26: 0 | ER26: =EQ26*$D26 -> 0 | ES26: =+ER26*G26 -> 0 | ET26: =+IF(EQ26=0,"NO OFERTADO",IF(EQ26<=($F26*(1+$GE$4)),"CUMPLE","NO CUMPLE")) -> NO OFERTADO | EV26: NO | EW26: 0 | EX26: 0 | EY26: 0 | EZ26: 0 | FA26: =EZ26*$D26 -> 0 | FB26: =+FA26*G26 -> 0 | FC26: =+IF(EZ26=0,"NO OFERTADO",IF(EZ26<=($F26*(1+$GE$4)),"CUMPLE","NO CUMPLE")) -> NO OFERTADO | FE26: NO | FF26: 0 | FH26: 0 | FI26: 0 | FJ26: =FI26*$D26 -> 0 | FK26: =+FJ26*G26 -> 0 | FL26: =+IF(FI26=0,"NO OFERTADO",IF(FI26<=($F26*(1+$GE$4)),"CUMPLE","NO CUMPLE")) -> NO OFERTADO | FN26: NO | FR26: =FP26+FQ26 -> 0 | FS26: =FR26*$D26 -> 0 | FT26: =+FS26*G26 -> 0 | FU26: =+IF(FR26=0,"NO OFERTADO",IF(FR26<=($F26*(1+$GE$4)),"CUMPLE","NO CUMPLE")) -> NO OFERTADO | FV26: 0 | FW26: NO | GB26: =GA26*$D26 -> 0 | GC26: =+GB26*G26 -> 0 | GD26: =+IF(GA26=0,"NO OFERTADO",IF(GA26<=($F26*(1+$GE$4)),"CUMPLE","NO CUMPLE")) -> NO OFERTADO | GF26: NO
A27: 18 | B27: DM2343 | C27: BALON DILATACION ESOFAGICA DE 30 MM PARA ACALASIA | D27: 1 | E27: UN | F27: 2400000 | G27: 1 | H27: =+F27*G27 -> 2400000 | K27: =+J27*19% -> 0 | L27: =+J27+K27 -> 0 | M27: =L27*$D27 -> 0 | N27: =+M27*G27 -> 0 | O27: =+IF(L27=0,"NO OFERTADO",IF(L27<=($F27*(1+$GE$4)),"CUMPLE","NO CUMPLE")) -> NO OFERTADO | Q27: NO | V27: =U27*$D27 -> 0 | W27: =+V27*G27 -> 0 | X27: =+IF(U27=0,"NO OFERTADO",IF(U27<=($F27*(1+$GE$4)),"CUMPLE","NO CUMPLE")) -> NO OFERTADO | Y27: 0 | Z27: NO | AD27: =+AB27+AC27 -> 0 | AE27: =AD27*$D27 -> 0 | AF27: =+AE27*G27 -> 0 | AG27: =+IF(AD27=0,"NO OFERTADO",IF(AD27<=($F27*(1+$GE$4)),"CUMPLE","NO CUMPLE")) -> NO OFERTADO | AI27: NO | AM27: =+AK27+AL27 -> 0 | AN27: =AM27*$D27 -> 0 | AO27: =+AN27*G27 -> 0 | AP27: =+IF(AM27=0,"NO OFERTADO",IF(AM27<=($F27*(1+$GE$4)),"CUMPLE","NO CUMPLE")) -> NO OFERTADO | AR27: NO | AV27: =AT27+AU27 -> 0 | AW27: =AV27*$D27 -> 0 | AX27: =+AW27*G27 -> 0 | AY27: =+IF(AV27=0,"NO OFERTADO",IF(AV27<=($F27*(1+$GE$4)),"CUMPLE","NO CUMPLE")) -> NO OFERTADO | BA27: NO | BE27: =BC27+BD27 -> 0 | BF27: =BE27*$D27 -> 0 | BG27: =+BF27*G27 -> 0 | BH27: =+IF(BE27=0,"NO OFERTADO",IF(BE27<=($F27*(1+$GE$4)),"CUMPLE","NO CUMPLE")) -> NO OFERTADO | BI27: 0 | BJ27: NO | BN27: =BL27+BM27 -> 0 | BO27: =BN27*$D27 -> 0 | BP27: =+BO27*G27 -> 0 | BQ27: =+IF(BN27=0,"NO OFERTADO",IF(BN27<=($F27*(1+$KI$4)),"CUMPLE","NO CUMPLE")) -> NO OFERTADO | BR27: =VLOOKUP(B27,'[1]ANEXO TECNICO'!$B$3:$P$334,15,0) -> 0 | BS27: NO | BX27: 0 | BY27: =+BX27*G27 -> 0 | BZ27: =+IF(BW27=0,"NO OFERTADO",IF(BW27<=($F27*(1+$GE$4)),"CUMPLE","NO CUMPLE")) -> NO OFERTADO | CB27: NO | CF27: =CD27+CE27 -> 0 | CG27: =CF27*$D27 -> 0 | CH27: =+CG27*G27 -> 0 | CI27: =+IF(CF27=0,"NO OFERTADO",IF(CF27<=($F27*(1+$GE$4)),"CUMPLE","NO CUMPLE")) -> NO OFERTADO | CK27: NO | CO27: =CM27+CN27 -> 0 | CP27: =CO27*$D27 -> 0 | CQ27: =+CP27*G27 -> 0 | CR27: =+IF(CO27=0,"NO OFERTADO",IF(CO27<=($F27*(1+$GE$4)),"CUMPLE","NO CUMPLE")) -> NO OFERTADO | CT27: NO | CX27: =CV27+CW27 -> 0 | CY27: =CX27*$D27 -> 0 | CZ27: =+CY27*G27 -> 0 | DA27: =+IF(CX27=0,"NO OFERTADO",IF(CX27<=($F27*(1+$GE$4)),"CUMPLE","NO CUMPLE")) -> NO OFERTADO | DC27: NO | DG27: =DE27+DF27 -> 0 | DH27: =DG27*$D27 -> 0 | DI27: =+DH27*G27 -> 0 | DJ27: =+IF(DG27=0,"NO OFERTADO",IF(DG27<=($F27*(1+$GE$4)),"CUMPLE","NO CUMPLE")) -> NO OFERTADO | DL27: NO | DP27: 0 | DQ27: =+DP27*D27 -> 0 | DR27: =+DQ27*G27 -> 0 | DS27: =+IF(DP27=0,"NO OFERTADO",IF(DP27<=($F27*(1+$GE$4)),"CUMPLE","NO CUMPLE")) -> NO OFERTADO | DU27: NO | DY27: =DW27+DX27 -> 0 | DZ27: =DY27*$D27 -> 0 | EA27: =+DZ27*G27 -> 0 | EB27: =+IF(DY27=0,"NO OFERTADO",IF(DY27<=($F27*(1+$GE$4)),"CUMPLE","NO CUMPLE")) -> NO OFERTADO | ED27: NO | EE27: . | EF27: 0 | EG27: 0 | EH27: =EF27+EG27 -> 0 | EI27: =EH27*$D27 -> 0 | EJ27: =+EI27*G27 -> 0 | EK27: =+IF(EH27=0,"NO OFERTADO",IF(EH27<=($F27*(1+$GE$4)),"CUMPLE","NO CUMPLE")) -> NO OFERTADO | EM27: NO | EQ27: 0 | ER27: =EQ27*$D27 -> 0 | ES27: =+ER27*G27 -> 0 | ET27: =+IF(EQ27=0,"NO OFERTADO",IF(EQ27<=($F27*(1+$GE$4)),"CUMPLE","NO CUMPLE")) -> NO OFERTADO | EV27: NO | EW27: 0 | EX27: 0 | EY27: 0 | EZ27: 0 | FA27: =EZ27*$D27 -> 0 | FB27: =+FA27*G27 -> 0 | FC27: =+IF(EZ27=0,"NO OFERTADO",IF(EZ27<=($F27*(1+$GE$4)),"CUMPLE","NO CUMPLE")) -> NO OFERTADO | FE27: NO | FF27: 0 | FH27: 0 | FI27: 0 | FJ27: =FI27*$D27 -> 0 | FK27: =+FJ27*G27 -> 0 | FL27: =+IF(FI27=0,"NO OFERTADO",IF(FI27<=($F27*(1+$GE$4)),"CUMPLE","NO CUMPLE")) -> NO OFERTADO | FN27: NO | FR27: =FP27+FQ27 -> 0 | FS27: =FR27*$D27 -> 0 | FT27: =+FS27*G27 -> 0 | FU27: =+IF(FR27=0,"NO OFERTADO",IF(FR27<=($F27*(1+$GE$4)),"CUMPLE","NO CUMPLE")) -> NO OFERTADO | FV27: 0 | FW27: NO | GB27: =GA27*$D27 -> 0 | GC27: =+GB27*G27 -> 0 | GD27: =+IF(GA27=0,"NO OFERTADO",IF(GA27<=($F27*(1+$GE$4)),"CUMPLE","NO CUMPLE")) -> NO OFERTADO | GF27: NO
A28: 19 | B28: DM1546 | C28: BALON DE DILATACION ESOFAGICA DE 6 8 MM | D28: 1 | E28: UN | F28: 642600 | G28: 1 | H28: =+F28*G28 -> 642600 | K28: =+J28*19% -> 0 | L28: =+J28+K28 -> 0 | M28: =L28*$D28 -> 0 | N28: =+M28*G28 -> 0 | O28: =+IF(L28=0,"NO OFERTADO",IF(L28<=($F28*(1+$GE$4)),"CUMPLE","NO CUMPLE")) -> NO OFERTADO | Q28: NO | V28: =U28*$D28 -> 0 | W28: =+V28*G28 -> 0 | X28: =+IF(U28=0,"NO OFERTADO",IF(U28<=($F28*(1+$GE$4)),"CUMPLE","NO CUMPLE")) -> NO OFERTADO | Y28: 0 | Z28: NO | AD28: =+AB28+AC28 -> 0 | AE28: =AD28*$D28 -> 0 | AF28: =+AE28*G28 -> 0 | AG28: =+IF(AD28=0,"NO OFERTADO",IF(AD28<=($F28*(1+$GE$4)),"CUMPLE","NO CUMPLE")) -> NO OFERTADO | AI28: NO | AM28: =+AK28+AL28 -> 0 | AN28: =AM28*$D28 -> 0 | AO28: =+AN28*G28 -> 0 | AP28: =+IF(AM28=0,"NO OFERTADO",IF(AM28<=($F28*(1+$GE$4)),"CUMPLE","NO CUMPLE")) -> NO OFERTADO | AR28: NO | AV28: =AT28+AU28 -> 0 | AW28: =AV28*$D28 -> 0 | AX28: =+AW28*G28 -> 0 | AY28: =+IF(AV28=0,"NO OFERTADO",IF(AV28<=($F28*(1+$GE$4)),"CUMPLE","NO CUMPLE")) -> NO OFERTADO | BA28: NO | BE28: =BC28+BD28 -> 0 | BF28: =BE28*$D28 -> 0 | BG28: =+BF28*G28 -> 0 | BH28: =+IF(BE28=0,"NO OFERTADO",IF(BE28<=($F28*(1+$GE$4)),"CUMPLE","NO CUMPLE")) -> NO OFERTADO | BI28: 0 | BJ28: NO | BN28: =BL28+BM28 -> 0 | BO28: =BN28*$D28 -> 0 | BP28: =+BO28*G28 -> 0 | BQ28: =+IF(BN28=0,"NO OFERTADO",IF(BN28<=($F28*(1+$KI$4)),"CUMPLE","NO CUMPLE")) -> NO OFERTADO | BR28: =VLOOKUP(B28,'[1]ANEXO TECNICO'!$B$3:$P$334,15,0) -> 0 | BS28: NO | BX28: 0 | BY28: =+BX28*G28 -> 0 | BZ28: =+IF(BW28=0,"NO OFERTADO",IF(BW28<=($F28*(1+$GE$4)),"CUMPLE","NO CUMPLE")) -> NO OFERTADO | CB28: NO | CF28: =CD28+CE28 -> 0 | CG28: =CF28*$D28 -> 0 | CH28: =+CG28*G28 -> 0 | CI28: =+IF(CF28=0,"NO OFERTADO",IF(CF28<=($F28*(1+$GE$4)),"CUMPLE","NO CUMPLE")) -> NO OFERTADO | CK28: NO | CO28: =CM28+CN28 -> 0 | CP28: =CO28*$D28 -> 0 | CQ28: =+CP28*G28 -> 0 | CR28: =+IF(CO28=0,"NO OFERTADO",IF(CO28<=($F28*(1+$GE$4)),"CUMPLE","NO CUMPLE")) -> NO OFERTADO | CT28: NO | CX28: =CV28+CW28 -> 0 | CY28: =CX28*$D28 -> 0 | CZ28: =+CY28*G28 -> 0 | DA28: =+IF(CX28=0,"NO OFERTADO",IF(CX28<=($F28*(1+$GE$4)),"CUMPLE","NO CUMPLE")) -> NO OFERTADO | DC28: NO | DG28: =DE28+DF28 -> 0 | DH28: =DG28*$D28 -> 0 | DI28: =+DH28*G28 -> 0 | DJ28: =+IF(DG28=0,"NO OFERTADO",IF(DG28<=($F28*(1+$GE$4)),"CUMPLE","NO CUMPLE")) -> NO OFERTADO | DL28: NO | DP28: 0 | DQ28: =+DP28*D28 -> 0 | DR28: =+DQ28*G28 -> 0 | DS28: =+IF(DP28=0,"NO OFERTADO",IF(DP28<=($F28*(1+$GE$4)),"CUMPLE","NO CUMPLE")) -> NO OFERTADO | DU28: NO | DY28: =DW28+DX28 -> 0 | DZ28: =DY28*$D28 -> 0 | EA28: =+DZ28*G28 -> 0 | EB28: =+IF(DY28=0,"NO OFERTADO",IF(DY28<=($F28*(1+$GE$4)),"CUMPLE","NO CUMPLE")) -> NO OFERTADO | ED28: NO | EE28: . | EF28: 0 | EG28: 0 | EH28: =EF28+EG28 -> 0 | EI28: =EH28*$D28 -> 0 | EJ28: =+EI28*G28 -> 0 | EK28: =+IF(EH28=0,"NO OFERTADO",IF(EH28<=($F28*(1+$GE$4)),"CUMPLE","NO CUMPLE")) -> NO OFERTADO | EM28: NO | EQ28: 0 | ER28: =EQ28*$D28 -> 0 | ES28: =+ER28*G28 -> 0 | ET28: =+IF(EQ28=0,"NO OFERTADO",IF(EQ28<=($F28*(1+$GE$4)),"CUMPLE","NO CUMPLE")) -> NO OFERTADO | EV28: NO | EW28: 0 | EX28: 0 | EY28: 0 | EZ28: 0 | FA28: =EZ28*$D28 -> 0 | FB28: =+FA28*G28 -> 0 | FC28: =+IF(EZ28=0,"NO OFERTADO",IF(EZ28<=($F28*(1+$GE$4)),"CUMPLE","NO CUMPLE")) -> NO OFERTADO | FE28: NO | FF28: 0 | FH28: 0 | FI28: 0 | FJ28: =FI28*$D28 -> 0 | FK28: =+FJ28*G28 -> 0 | FL28: =+IF(FI28=0,"NO OFERTADO",IF(FI28<=($F28*(1+$GE$4)),"CUMPLE","NO CUMPLE")) -> NO OFERTADO | FN28: NO | FR28: =FP28+FQ28 -> 0 | FS28: =FR28*$D28 -> 0 | FT28: =+FS28*G28 -> 0 | FU28: =+IF(FR28=0,"NO OFERTADO",IF(FR28<=($F28*(1+$GE$4)),"CUMPLE","NO CUMPLE")) -> NO OFERTADO | FV28: 0 | FW28: NO | GB28: =GA28*$D28 -> 0 | GC28: =+GB28*G28 -> 0 | GD28: =+IF(GA28=0,"NO OFERTADO",IF(GA28<=($F28*(1+$GE$4)),"CUMPLE","NO CUMPLE")) -> NO OFERTADO | GF28: NO
A29: 20 | B29: DM1549 | C29: BALON DE DILATACION ESOFAGICA DE 8-10 | D29: 1 | E29: UN | F29: 642600 | G29: 1 | H29: =+F29*G29 -> 642600 | K29: =+J29*19% -> 0 | L29: =+J29+K29 -> 0 | M29: =L29*$D29 -> 0 | N29: =+M29*G29 -> 0 | O29: =+IF(L29=0,"NO OFERTADO",IF(L29<=($F29*(1+$GE$4)),"CUMPLE","NO CUMPLE")) -> NO OFERTADO | Q29: NO | V29: =U29*$D29 -> 0 | W29: =+V29*G29 -> 0 | X29: =+IF(U29=0,"NO OFERTADO",IF(U29<=($F29*(1+$GE$4)),"CUMPLE","NO CUMPLE")) -> NO OFERTADO | Y29: 0 | Z29: NO | AD29: =+AB29+AC29 -> 0 | AE29: =AD29*$D29 -> 0 | AF29: =+AE29*G29 -> 0 | AG29: =+IF(AD29=0,"NO OFERTADO",IF(AD29<=($F29*(1+$GE$4)),"CUMPLE","NO CUMPLE")) -> NO OFERTADO | AI29: NO | AM29: =+AK29+AL29 -> 0 | AN29: =AM29*$D29 -> 0 | AO29: =+AN29*G29 -> 0 | AP29: =+IF(AM29=0,"NO OFERTADO",IF(AM29<=($F29*(1+$GE$4)),"CUMPLE","NO CUMPLE")) -> NO OFERTADO | AR29: NO | AV29: =+AT29+AU29 -> 0 | AW29: =AV29*$D29 -> 0 | AX29: =+AW29*G29 -> 0 | AY29: =+IF(AV29=0,"NO OFERTADO",IF(AV29<=($F29*(1+$GE$4)),"CUMPLE","NO CUMPLE")) -> NO OFERTADO | BA29: NO | BE29: =BC29+BD29 -> 0 | BF29: =BE29*$D29 -> 0 | BG29: =+BF29*G29 -> 0 | BH29: =+IF(BE29=0,"NO OFERTADO",IF(BE29<=($F29*(1+$GE$4)),"CUMPLE","NO CUMPLE")) -> NO OFERTADO | BI29: 0 | BJ29: NO | BN29: =+BL29+BM29 -> 0 | BO29: =BN29*$D29 -> 0 | BP29: =+BO29*G29 -> 0 | BQ29: =+IF(BN29=0,"NO OFERTADO",IF(BN29<=($F29*(1+$KI$4)),"CUMPLE","NO CUMPLE")) -> NO OFERTADO | BR29: =VLOOKUP(B29,'[1]ANEXO TECNICO'!$B$3:$P$334,15,0) -> 0 | BS29: NO | BX29: 0 | BY29: =+BX29*G29 -> 0 | BZ29: =+IF(BW29=0,"NO OFERTADO",IF(BW29<=($F29*(1+$GE$4)),"CUMPLE","NO CUMPLE")) -> NO OFERTADO | CB29: NO | CE29: =+CD29*0.19 -> 0 | CF29: =+CD29+CE29 -> 0 | CG29: =CF29*$D29 -> 0 | CH29: =+CG29*G29 -> 0 | CI29: =+IF(CF29=0,"NO OFERTADO",IF(CF29<=($F29*(1+$GE$4)),"CUMPLE","NO CUMPLE")) -> NO OFERTADO | CK29: NO | CO29: =+CM29+CN29 -> 0 | CP29: =CO29*$D29 -> 0 | CQ29: =+CP29*G29 -> 0 | CR29: =+IF(CO29=0,"NO OFERTADO",IF(CO29<=($F29*(1+$GE$4)),"CUMPLE","NO CUMPLE")) -> NO OFERTADO | CT29: NO | CW29: =+CV29*0.19 -> 0 | CX29: =+CV29+CW29 -> 0 | CY29: =CX29*$D29 -> 0 | CZ29: =+CY29*G29 -> 0 | DA29: =+IF(CX29=0,"NO OFERTADO",IF(CX29<=($F29*(1+$GE$4)),"CUMPLE","NO CUMPLE")) -> NO OFERTADO | DC29: NO | DG29: =+DE29+DF29 -> 0 | DH29: =DG29*$D29 -> 0 | DI29: =+DH29*G29 -> 0 | DJ29: =+IF(DG29=0,"NO OFERTADO",IF(DG29<=($F29*(1+$GE$4)),"CUMPLE","NO CUMPLE")) -> NO OFERTADO | DL29: NO | DP29: 0 | DQ29: =+DP29*D29 -> 0 | DR29: =+DQ29*G29 -> 0 | DS29: =+IF(DP29=0,"NO OFERTADO",IF(DP29<=($F29*(1+$GE$4)),"CUMPLE","NO CUMPLE")) -> NO OFERTADO | DU29: NO | DY29: =+DW29+DX29 -> 0 | DZ29: =DY29*$D29 -> 0 | EA29: =+DZ29*G29 -> 0 | EB29: =+IF(DY29=0,"NO OFERTADO",IF(DY29<=($F29*(1+$GE$4)),"CUMPLE","NO CUMPLE")) -> NO OFERTADO | ED29: NO | EE29: . | EF29: 0 | EG29: 0 | EH29: =+EF29+EG29 -> 0 | EI29: =EH29*$D29 -> 0 | EJ29: =+EI29*G29 -> 0 | EK29: =+IF(EH29=0,"NO OFERTADO",IF(EH29<=($F29*(1+$GE$4)),"CUMPLE","NO CUMPLE")) -> NO OFERTADO | EM29: NO | EQ29: 0 | ER29: =EQ29*$D29 -> 0 | ES29: =+ER29*G29 -> 0 | ET29: =+IF(EQ29=0,"NO OFERTADO",IF(EQ29<=($F29*(1+$GE$4)),"CUMPLE","NO CUMPLE")) -> NO OFERTADO | EV29: NO | EW29: 0 | EX29: 0 | EY29: 0 | EZ29: 0 | FA29: =EZ29*$D29 -> 0 | FB29: =+FA29*G29 -> 0 | FC29: =+IF(EZ29=0,"NO OFERTADO",IF(EZ29<=($F29*(1+$GE$4)),"CUMPLE","NO CUMPLE")) -> NO OFERTADO | FE29: NO | FF29: 0 | FH29: 0 | FI29: 0 | FJ29: =FI29*$D29 -> 0 | FK29: =+FJ29*G29 -> 0 | FL29: =+IF(FI29=0,"NO OFERTADO",IF(FI29<=($F29*(1+$GE$4)),"CUMPLE","NO CUMPLE")) -> NO OFERTADO | FN29: NO | FR29: =+FP29+FQ29 -> 0 | FS29: =FR29*$D29 -> 0 | FT29: =+FS29*G29 -> 0 | FU29: =+IF(FR29=0,"NO OFERTADO",IF(FR29<=($F29*(1+$GE$4)),"CUMPLE","NO CUMPLE")) -> NO OFERTADO | FV29: 0 | FW29: NO | GB29: =GA29*$D29 -> 0 | GC29: =+GB29*G29 -> 0 | GD29: =+IF(GA29=0,"NO OFERTADO",IF(GA29<=($F29*(1+$GE$4)),"CUMPLE","NO CUMPLE")) -> NO OFERTADO | GF29: NO
A30: 21 | B30: DM150 | C30: BALON EXTRACTOR DE CALCULO | D30: 1 | E30: UN | F30: 525980 | G30: 11 | H30: =+F30*G30 -> 5785780 | K30: =+J30*19% -> 0 | L30: =+J30+K30 -> 0 | M30: =L30*$D30 -> 0 | N30: =+M30*G30 -> 0 | O30: =+IF(L30=0,"NO OFERTADO",IF(L30<=($F30*(1+$GE$4)),"CUMPLE","NO CUMPLE")) -> NO OFERTADO | Q30: NO | V30: =U30*$D30 -> 0 | W30: =+V30*G30 -> 0 | X30: =+IF(U30=0,"NO OFERTADO",IF(U30<=($F30*(1+$GE$4)),"CUMPLE","NO CUMPLE")) -> NO OFERTADO | Y30: 0 | Z30: NO | AD30: =+AB30+AC30 -> 0 | AE30: =AD30*$D30 -> 0 | AF30: =+AE30*G30 -> 0 | AG30: =+IF(AD30=0,"NO OFERTADO",IF(AD30<=($F30*(1+$GE$4)),"CUMPLE","NO CUMPLE")) -> NO OFERTADO | AI30: NO | AM30: =+AK30+AL30 -> 0 | AN30: =AM30*$D30 -> 0 | AO30: =+AN30*G30 -> 0 | AP30: =+IF(AM30=0,"NO OFERTADO",IF(AM30<=($F30*(1+$GE$4)),"CUMPLE","NO CUMPLE")) -> NO OFERTADO | AR30: NO | AV30: =AT30+AU30 -> 0 | AW30: =AV30*$D30 -> 0 | AX30: =+AW30*G30 -> 0 | AY30: =+IF(AV30=0,"NO OFERTADO",IF(AV30<=($F30*(1+$GE$4)),"CUMPLE","NO CUMPLE")) -> NO OFERTADO | BA30: NO | BE30: =BC30+BD30 -> 0 | BF30: =BE30*$D30 -> 0 | BG30: =+BF30*G30 -> 0 | BH30: =+IF(BE30=0,"NO OFERTADO",IF(BE30<=($F30*(1+$GE$4)),"CUMPLE","NO CUMPLE")) -> NO OFERTADO | BI30: 0 | BJ30: NO | BN30: =BL30+BM30 -> 0 | BO30: =BN30*$D30 -> 0 | BP30: =+BO30*G30 -> 0 | BQ30: =+IF(BN30=0,"NO OFERTADO",IF(BN30<=($F30*(1+$KI$4)),"CUMPLE","NO CUMPLE")) -> NO OFERTADO | BR30: =VLOOKUP(B30,'[1]ANEXO TECNICO'!$B$3:$P$334,15,0) -> 0 | BS30: NO | BX30: 0 | BY30: =+BX30*G30 -> 0 | BZ30: =+IF(BW30=0,"NO OFERTADO",IF(BW30<=($F30*(1+$GE$4)),"CUMPLE","NO CUMPLE")) -> NO OFERTADO | CB30: NO | CF30: =CD30+CE30 -> 0 | CG30: =CF30*$D30 -> 0 | CH30: =+CG30*G30 -> 0 | CI30: =+IF(CF30=0,"NO OFERTADO",IF(CF30<=($F30*(1+$GE$4)),"CUMPLE","NO CUMPLE")) -> NO OFERTADO | CK30: NO | CO30: =CM30+CN30 -> 0 | CP30: =CO30*$D30 -> 0 | CQ30: =+CP30*G30 -> 0 | CR30: =+IF(CO30=0,"NO OFERTADO",IF(CO30<=($F30*(1+$GE$4)),"CUMPLE","NO CUMPLE")) -> NO OFERTADO | CT30: NO | CX30: =CV30+CW30 -> 0 | CY30: =CX30*$D30 -> 0 | CZ30: =+CY30*G30 -> 0 | DA30: =+IF(CX30=0,"NO OFERTADO",IF(CX30<=($F30*(1+$GE$4)),"CUMPLE","NO CUMPLE")) -> NO OFERTADO | DC30: NO | DG30: =DE30+DF30 -> 0 | DH30: =DG30*$D30 -> 0 | DI30: =+DH30*G30 -> 0 | DJ30: =+IF(DG30=0,"NO OFERTADO",IF(DG30<=($F30*(1+$GE$4)),"CUMPLE","NO CUMPLE")) -> NO OFERTADO | DL30: NO | DP30: 0 | DQ30: =+DP30*D30 -> 0 | DR30: =+DQ30*G30 -> 0 | DS30: =+IF(DP30=0,"NO OFERTADO",IF(DP30<=($F30*(1+$GE$4)),"CUMPLE","NO CUMPLE")) -> NO OFERTADO | DU30: NO | DY30: =DW30+DX30 -> 0 | DZ30: =DY30*$D30 -> 0 | EA30: =+DZ30*G30 -> 0 | EB30: =+IF(DY30=0,"NO OFERTADO",IF(DY30<=($F30*(1+$GE$4)),"CUMPLE","NO CUMPLE")) -> NO OFERTADO | ED30: NO | EE30: . | EF30: 0 | EG30: 0 | EH30: =EF30+EG30 -> 0 | EI30: =EH30*$D30 -> 0 | EJ30: =+EI30*G30 -> 0 | EK30: =+IF(EH30=0,"NO OFERTADO",IF(EH30<=($F30*(1+$GE$4)),"CUMPLE","NO CUMPLE")) -> NO OFERTADO | EM30: NO | EQ30: 0 | ER30: =EQ30*$D30 -> 0 | ES30: =+ER30*G30 -> 0 | ET30: =+IF(EQ30=0,"NO OFERTADO",IF(EQ30<=($F30*(1+$GE$4)),"CUMPLE","NO CUMPLE")) -> NO OFERTADO | EV30: NO | EW30: 0 | EX30: 0 | EY30: 0 | EZ30: 0 | FA30: =EZ30*$D30 -> 0 | FB30: =+FA30*G30 -> 0 | FC30: =+IF(EZ30=0,"NO OFERTADO",IF(EZ30<=($F30*(1+$GE$4)),"CUMPLE","NO CUMPLE")) -> NO OFERTADO | FE30: NO | FF30: 0 | FH30: 0 | FI30: 0 | FJ30: =FI30*$D30 -> 0 | FK30: =+FJ30*G30 -> 0 | FL30: =+IF(FI30=0,"NO OFERTADO",IF(FI30<=($F30*(1+$GE$4)),"CUMPLE","NO CUMPLE")) -> NO OFERTADO | FN30: NO | FR30: =FP30+FQ30 -> 0 | FS30: =FR30*$D30 -> 0 | FT30: =+FS30*G30 -> 0 | FU30: =+IF(FR30=0,"NO OFERTADO",IF(FR30<=($F30*(1+$GE$4)),"CUMPLE","NO CUMPLE")) -> NO OFERTADO | FV30: 0 | FW30: NO | GB30: =GA30*$D30 -> 0 | GC30: =+GB30*G30 -> 0 | GD30: =+IF(GA30=0,"NO OFERTADO",IF(GA30<=($F30*(1+$GE$4)),"CUMPLE","NO CUMPLE")) -> NO OFERTADO | GF30: NO
A31: 22 | B31: DM2097 | C31: BALON EXTRACTOR DE CALCULOS TRILUMEN | D31: 1 | E31: UN | F31: 525980 | G31: 1 | H31: =+F31*G31 -> 525980 | K31: =+J31*19% -> 0 | L31: =+J31+K31 -> 0 | M31: =L31*$D31 -> 0 | N31: =+M31*G31 -> 0 | O31: =+IF(L31=0,"NO OFERTADO",IF(L31<=($F31*(1+$GE$4)),"CUMPLE","NO CUMPLE")) -> NO OFERTADO | Q31: NO | V31: =U31*$D31 -> 0 | W31: =+V31*G31 -> 0 | X31: =+IF(U31=0,"NO OFERTADO",IF(U31<=($F31*(1+$GE$4)),"CUMPLE","NO CUMPLE")) -> NO OFERTADO | Y31: 0 | Z31: NO | AD31: =+AB31+AC31 -> 0 | AE31: =AD31*$D31 -> 0 | AF31: =+AE31*G31 -> 0 | AG31: =+IF(AD31=0,"NO OFERTADO",IF(AD31<=($F31*(1+$GE$4)),"CUMPLE","NO CUMPLE")) -> NO OFERTADO | AI31: NO | AM31: =+AK31+AL31 -> 0 | AN31: =AM31*$D31 -> 0 | AO31: =+AN31*G31 -> 0 | AP31: =+IF(AM31=0,"NO OFERTADO",IF(AM31<=($F31*(1+$GE$4)),"CUMPLE","NO CUMPLE")) -> NO OFERTADO | AR31: NO | AV31: =AT31+AU31 -> 0 | AW31: =AV31*$D31 -> 0 | AX31: =+AW31*G31 -> 0 | AY31: =+IF(AV31=0,"NO OFERTADO",IF(AV31<=($F31*(1+$GE$4)),"CUMPLE","NO CUMPLE")) -> NO OFERTADO | BA31: NO | BE31: =BC31+BD31 -> 0 | BF31: =BE31*$D31 -> 0 | BG31: =+BF31*G31 -> 0 | BH31: =+IF(BE31=0,"NO OFERTADO",IF(BE31<=($F31*(1+$GE$4)),"CUMPLE","NO CUMPLE")) -> NO OFERTADO | BI31: 0 | BJ31: NO | BN31: =BL31+BM31 -> 0 | BO31: =BN31*$D31 -> 0 | BP31: =+BO31*G31 -> 0 | BQ31: =+IF(BN31=0,"NO OFERTADO",IF(BN31<=($F31*(1+$KI$4)),"CUMPLE","NO CUMPLE")) -> NO OFERTADO | BR31: =VLOOKUP(B31,'[1]ANEXO TECNICO'!$B$3:$P$334,15,0) -> 0 | BS31: NO | BX31: 0 | BY31: =+BX31*G31 -> 0 | BZ31: =+IF(BW31=0,"NO OFERTADO",IF(BW31<=($F31*(1+$GE$4)),"CUMPLE","NO CUMPLE")) -> NO OFERTADO | CB31: NO | CF31: =CD31+CE31 -> 0 | CG31: =CF31*$D31 -> 0 | CH31: =+CG31*G31 -> 0 | CI31: =+IF(CF31=0,"NO OFERTADO",IF(CF31<=($F31*(1+$GE$4)),"CUMPLE","NO CUMPLE")) -> NO OFERTADO | CK31: NO | CO31: =CM31+CN31 -> 0 | CP31: =CO31*$D31 -> 0 | CQ31: =+CP31*G31 -> 0 | CR31: =+IF(CO31=0,"NO OFERTADO",IF(CO31<=($F31*(1+$GE$4)),"CUMPLE","NO CUMPLE")) -> NO OFERTADO | CT31: NO | CX31: =CV31+CW31 -> 0 | CY31: =CX31*$D31 -> 0 | CZ31: =+CY31*G31 -> 0 | DA31: =+IF(CX31=0,"NO OFERTADO",IF(CX31<=($F31*(1+$GE$4)),"CUMPLE","NO CUMPLE")) -> NO OFERTADO | DC31: NO | DG31: =DE31+DF31 -> 0 | DH31: =DG31*$D31 -> 0 | DI31: =+DH31*G31 -> 0 | DJ31: =+IF(DG31=0,"NO OFERTADO",IF(DG31<=($F31*(1+$GE$4)),"CUMPLE","NO CUMPLE")) -> NO OFERTADO | DL31: NO | DP31: 0 | DQ31: =+DP31*D31 -> 0 | DR31: =+DQ31*G31 -> 0 | DS31: =+IF(DP31=0,"NO OFERTADO",IF(DP31<=($F31*(1+$GE$4)),"CUMPLE","NO CUMPLE")) -> NO OFERTADO | DU31: NO | DY31: =DW31+DX31 -> 0 | DZ31: =DY31*$D31 -> 0 | EA31: =+DZ31*G31 -> 0 | EB31: =+IF(DY31=0,"NO OFERTADO",IF(DY31<=($F31*(1+$GE$4)),"CUMPLE","NO CUMPLE")) -> NO OFERTADO | ED31: NO | EE31: . | EF31: 0 | EG31: 0 | EH31: =EF31+EG31 -> 0 | EI31: =EH31*$D31 -> 0 | EJ31: =+EI31*G31 -> 0 | EK31: =+IF(EH31=0,"NO OFERTADO",IF(EH31<=($F31*(1+$GE$4)),"CUMPLE","NO CUMPLE")) -> NO OFERTADO | EM31: NO | EQ31: 0 | ER31: =EQ31*$D31 -> 0 | ES31: =+ER31*G31 -> 0 | ET31: =+IF(EQ31=0,"NO OFERTADO",IF(EQ31<=($F31*(1+$GE$4)),"CUMPLE","NO CUMPLE")) -> NO OFERTADO | EV31: NO | EW31: 0 | EX31: 0 | EY31: 0 | EZ31: 0 | FA31: =EZ31*$D31 -> 0 | FB31: =+FA31*G31 -> 0 | FC31: =+IF(EZ31=0,"NO OFERTADO",IF(EZ31<=($F31*(1+$GE$4)),"CUMPLE","NO CUMPLE")) -> NO OFERTADO | FE31: NO | FF31: 0 | FH31: 0 | FI31: 0 | FJ31: =FI31*$D31 -> 0 | FK31: =+FJ31*G31 -> 0 | FL31: =+IF(FI31=0,"NO OFERTADO",IF(FI31<=($F31*(1+$GE$4)),"CUMPLE","NO CUMPLE")) -> NO OFERTADO | FN31: NO | FR31: =FP31+FQ31 -> 0 | FS31: =FR31*$D31 -> 0 | FT31: =+FS31*G31 -> 0 | FU31: =+IF(FR31=0,"NO OFERTADO",IF(FR31<=($F31*(1+$GE$4)),"CUMPLE","NO CUMPLE")) -> NO OFERTADO | FV31: 0 | FW31: NO | GB31: =GA31*$D31 -> 0 | GC31: =+GB31*G31 -> 0 | GD31: =+IF(GA31=0,"NO OFERTADO",IF(GA31<=($F31*(1+$GE$4)),"CUMPLE","NO CUMPLE")) -> NO OFERTADO | GF31: NO
A32: 23 | B32: DM2344 | C32: BALONES PARA DILATACION BILIAR DE ALTA PRESION DESECHABLE 2.8DIAMTRO DEL CANAL, 180 CM DE LONGITUD. DE 4 A 8 MM DE DIAMETRO EXTERNO. CON DIAMETRO DE BALON DE 20 A 40MM | D32: 1 | E32: UN | F32: 642600 | G32: 1 | H32: =+F32*G32 -> 642600 | K32: =+J32*19% -> 0 | L32: =+J32+K32 -> 0 | M32: =L32*$D32 -> 0 | N32: =+M32*G32 -> 0 | O32: =+IF(L32=0,"NO OFERTADO",IF(L32<=($F32*(1+$GE$4)),"CUMPLE","NO CUMPLE")) -> NO OFERTADO | Q32: NO | V32: =U32*$D32 -> 0 | W32: =+V32*G32 -> 0 | X32: =+IF(U32=0,"NO OFERTADO",IF(U32<=($F32*(1+$GE$4)),"CUMPLE","NO CUMPLE")) -> NO OFERTADO | Y32: 0 | Z32: NO | AD32: =+AB32+AC32 -> 0 | AE32: =AD32*$D32 -> 0 | AF32: =+AE32*G32 -> 0 | AG32: =+IF(AD32=0,"NO OFERTADO",IF(AD32<=($F32*(1+$GE$4)),"CUMPLE","NO CUMPLE")) -> NO OFERTADO | AI32: NO | AM32: =+AK32+AL32 -> 0 | AN32: =AM32*$D32 -> 0 | AO32: =+AN32*G32 -> 0 | AP32: =+IF(AM32=0,"NO OFERTADO",IF(AM32<=($F32*(1+$GE$4)),"CUMPLE","NO CUMPLE")) -> NO OFERTADO | AR32: NO | AV32: =AT32+AU32 -> 0 | AW32: =AV32*$D32 -> 0 | AX32: =+AW32*G32 -> 0 | AY32: =+IF(AV32=0,"NO OFERTADO",IF(AV32<=($F32*(1+$GE$4)),"CUMPLE","NO CUMPLE")) -> NO OFERTADO | BA32: NO | BE32: =BC32+BD32 -> 0 | BF32: =BE32*$D32 -> 0 | BG32: =+BF32*G32 -> 0 | BH32: =+IF(BE32=0,"NO OFERTADO",IF(BE32<=($F32*(1+$GE$4)),"CUMPLE","NO CUMPLE")) -> NO OFERTADO | BI32: 0 | BJ32: NO | BN32: =BL32+BM32 -> 0 | BO32: =BN32*$D32 -> 0 | BP32: =+BO32*G32 -> 0 | BQ32: =+IF(BN32=0,"NO OFERTADO",IF(BN32<=($F32*(1+$KI$4)),"CUMPLE","NO CUMPLE")) -> NO OFERTADO | BR32: =VLOOKUP(B32,'[1]ANEXO TECNICO'!$B$3:$P$334,15,0) -> 0 | BS32: NO | BX32: 0 | BY32: =+BX32*G32 -> 0 | BZ32: =+IF(BW32=0,"NO OFERTADO",IF(BW32<=($F32*(1+$GE$4)),"CUMPLE","NO CUMPLE")) -> NO OFERTADO | CB32: NO | CF32: =CD32+CE32 -> 0 | CG32: =CF32*$D32 -> 0 | CH32: =+CG32*G32 -> 0 | CI32: =+IF(CF32=0,"NO OFERTADO",IF(CF32<=($F32*(1+$GE$4)),"CUMPLE","NO CUMPLE")) -> NO OFERTADO | CK32: NO | CO32: =CM32+CN32 -> 0 | CP32: =CO32*$D32 -> 0 | CQ32: =+CP32*G32 -> 0 | CR32: =+IF(CO32=0,"NO OFERTADO",IF(CO32<=($F32*(1+$GE$4)),"CUMPLE","NO CUMPLE")) -> NO OFERTADO | CT32: NO | CX32: =CV32+CW32 -> 0 | CY32: =CX32*$D32 -> 0 | CZ32: =+CY32*G32 -> 0 | DA32: =+IF(CX32=0,"NO OFERTADO",IF(CX32<=($F32*(1+$GE$4)),"CUMPLE","NO CUMPLE")) -> NO OFERTADO | DC32: NO | DG32: =DE32+DF32 -> 0 | DH32: =DG32*$D32 -> 0 | DI32: =+DH32*G32 -> 0 | DJ32: =+IF(DG32=0,"NO OFERTADO",IF(DG32<=($F32*(1+$GE$4)),"CUMPLE","NO CUMPLE")) -> NO OFERTADO | DL32: NO | DP32: 0 | DQ32: =+DP32*D32 -> 0 | DR32: =+DQ32*G32 -> 0 | DS32: =+IF(DP32=0,"NO OFERTADO",IF(DP32<=($F32*(1+$GE$4)),"CUMPLE","NO CUMPLE")) -> NO OFERTADO | DU32: NO | DY32: =DW32+DX32 -> 0 | DZ32: =DY32*$D32 -> 0 | EA32: =+DZ32*G32 -> 0 | EB32: =+IF(DY32=0,"NO OFERTADO",IF(DY32<=($F32*(1+$GE$4)),"CUMPLE","NO CUMPLE")) -> NO OFERTADO | ED32: NO | EE32: . | EF32: 0 | EG32: 0 | EH32: =EF32+EG32 -> 0 | EI32: =EH32*$D32 -> 0 | EJ32: =+EI32*G32 -> 0 | EK32: =+IF(EH32=0,"NO OFERTADO",IF(EH32<=($F32*(1+$GE$4)),"CUMPLE","NO CUMPLE")) -> NO OFERTADO | EM32: NO | EQ32: 0 | ER32: =EQ32*$D32 -> 0 | ES32: =+ER32*G32 -> 0 | ET32: =+IF(EQ32=0,"NO OFERTADO",IF(EQ32<=($F32*(1+$GE$4)),"CUMPLE","NO CUMPLE")) -> NO OFERTADO | EV32: NO | EW32: 0 | EX32: 0 | EY32: 0 | EZ32: 0 | FA32: =EZ32*$D32 -> 0 | FB32: =+FA32*G32 -> 0 | FC32: =+IF(EZ32=0,"NO OFERTADO",IF(EZ32<=($F32*(1+$GE$4)),"CUMPLE","NO CUMPLE")) -> NO OFERTADO | FE32: NO | FF32: 0 | FH32: 0 | FI32: 0 | FJ32: =FI32*$D32 -> 0 | FK32: =+FJ32*G32 -> 0 | FL32: =+IF(FI32=0,"NO OFERTADO",IF(FI32<=($F32*(1+$GE$4)),"CUMPLE","NO CUMPLE")) -> NO OFERTADO | FN32: NO | FR32: =FP32+FQ32 -> 0 | FS32: =FR32*$D32 -> 0 | FT32: =+FS32*G32 -> 0 | FU32: =+IF(FR32=0,"NO OFERTADO",IF(FR32<=($F32*(1+$GE$4)),"CUMPLE","NO CUMPLE")) -> NO OFERTADO | FV32: 0 | FW32: NO | GB32: =GA32*$D32 -> 0 | GC32: =+GB32*G32 -> 0 | GD32: =+IF(GA32=0,"NO OFERTADO",IF(GA32<=($F32*(1+$GE$4)),"CUMPLE","NO CUMPLE")) -> NO OFERTADO | GF32: NO
A33: 24 | B33: DM154 | C33: BOLSA COLOSTOMIA NO 32 | D33: 1 | E33: UN | F33: 18400 | G33: 5 | H33: =+F33*G33 -> 92000 | K33: =+J33*19% -> 0 | L33: =+J33+K33 -> 0 | M33: =L33*$D33 -> 0 | N33: =+M33*G33 -> 0 | O33: =+IF(L33=0,"NO OFERTADO",IF(L33<=($F33*(1+$GE$4)),"CUMPLE","NO CUMPLE")) -> NO OFERTADO | Q33: NO | V33: =U33*$D33 -> 0 | W33: =+V33*G33 -> 0 | X33: =+IF(U33=0,"NO OFERTADO",IF(U33<=($F33*(1+$GE$4)),"CUMPLE","NO CUMPLE")) -> NO OFERTADO | Y33: 0 | Z33: NO | AA33: POR UNIDAD | AB33: 10528 | AC33: 0 | AD33: =+AB33+AC33 -> 10528 | AE33: =AD33*$D33 -> 10528 | AF33: =+AE33*G33 -> 52640 | AG33: =+IF(AD33=0,"NO OFERTADO",IF(AD33<=($F33*(1+$GE$4)),"CUMPLE","NO CUMPLE")) -> CUMPLE | AH33: CUMPLE | AI33: SI | AM33: =+AK33+AL33 -> 0 | AN33: =AM33*$D33 -> 0 | AO33: =+AN33*G33 -> 0 | AP33: =+IF(AM33=0,"NO OFERTADO",IF(AM33<=($F33*(1+$GE$4)),"CUMPLE","NO CUMPLE")) -> NO OFERTADO | AR33: NO | AV33: =AT33+AU33 -> 0 | AW33: =AV33*$D33 -> 0 | AX33: =+AW33*G33 -> 0 | AY33: =+IF(AV33=0,"NO OFERTADO",IF(AV33<=($F33*(1+$GE$4)),"CUMPLE","NO CUMPLE")) -> NO OFERTADO | BA33: NO | BE33: =BC33+BD33 -> 0 | BF33: =BE33*$D33 -> 0 | BG33: =+BF33*G33 -> 0 | BH33: =+IF(BE33=0,"NO OFERTADO",IF(BE33<=($F33*(1+$GE$4)),"CUMPLE","NO CUMPLE")) -> NO OFERTADO | BI33: 0 | BJ33: NO | BN33: =BL33+BM33 -> 0 | BO33: =BN33*$D33 -> 0 | BP33: =+BO33*G33 -> 0 | BQ33: =+IF(BN33=0,"NO OFERTADO",IF(BN33<=($F33*(1+$KI$4)),"CUMPLE","NO CUMPLE")) -> NO OFERTADO | BR33: =VLOOKUP(B33,'[1]ANEXO TECNICO'!$B$3:$P$334,15,0) -> 0 | BS33: NO | BX33: 0 | BY33: =+BX33*G33 -> 0 | BZ33: =+IF(BW33=0,"NO OFERTADO",IF(BW33<=($F33*(1+$GE$4)),"CUMPLE","NO CUMPLE")) -> NO OFERTADO | CB33: NO | CF33: =CD33+CE33 -> 0 | CG33: =CF33*$D33 -> 0 | CH33: =+CG33*G33 -> 0 | CI33: =+IF(CF33=0,"NO OFERTADO",IF(CF33<=($F33*(1+$GE$4)),"CUMPLE","NO CUMPLE")) -> NO OFERTADO | CK33: NO | CO33: =CM33+CN33 -> 0 | CP33: =CO33*$D33 -> 0 | CQ33: =+CP33*G33 -> 0 | CR33: =+IF(CO33=0,"NO OFERTADO",IF(CO33<=($F33*(1+$GE$4)),"CUMPLE","NO CUMPLE")) -> NO OFERTADO | CT33: NO | CU33: UNIDAD | CV33: 6580 | CX33: =CV33+CW33 -> 6580 | CY33: =CX33*$D33 -> 6580 | CZ33: =+CY33*G33 -> 32900 | DA33: =+IF(CX33=0,"NO OFERTADO",IF(CX33<=($F33*(1+$GE$4)),"CUMPLE","NO CUMPLE")) -> CUMPLE | DB33: CUMPLE | DC33: SI | DG33: =DE33+DF33 -> 0 | DH33: =DG33*$D33 -> 0 | DI33: =+DH33*G33 -> 0 | DJ33: =+IF(DG33=0,"NO OFERTADO",IF(DG33<=($F33*(1+$GE$4)),"CUMPLE","NO CUMPLE")) -> NO OFERTADO | DL33: NO | DP33: 0 | DQ33: =+DP33*D33 -> 0 | DR33: =+DQ33*G33 -> 0 | DS33: =+IF(DP33=0,"NO OFERTADO",IF(DP33<=($F33*(1+$GE$4)),"CUMPLE","NO CUMPLE")) -> NO OFERTADO | DU33: NO | DY33: =DW33+DX33 -> 0 | DZ33: =DY33*$D33 -> 0 | EA33: =+DZ33*G33 -> 0 | EB33: =+IF(DY33=0,"NO OFERTADO",IF(DY33<=($F33*(1+$GE$4)),"CUMPLE","NO CUMPLE")) -> NO OFERTADO | ED33: NO | EE33: . | EF33: 0 | EG33: 0 | EH33: =EF33+EG33 -> 0 | EI33: =EH33*$D33 -> 0 | EJ33: =+EI33*G33 -> 0 | EK33: =+IF(EH33=0,"NO OFERTADO",IF(EH33<=($F33*(1+$GE$4)),"CUMPLE","NO CUMPLE")) -> NO OFERTADO | EM33: NO | EN33: UNIDAD | EO33: 11877 | EP33: 0 | EQ33: 11877 | ER33: =EQ33*$D33 -> 11877 | ES33: =+ER33*G33 -> 59385 | ET33: =+IF(EQ33=0,"NO OFERTADO",IF(EQ33<=($F33*(1+$GE$4)),"CUMPLE","NO CUMPLE")) -> CUMPLE | EU33: CUMPLE | EV33: SI | EW33: 0 | EX33: 0 | EY33: 0 | EZ33: 0 | FA33: =EZ33*$D33 -> 0 | FB33: =+FA33*G33 -> 0 | FC33: =+IF(EZ33=0,"NO OFERTADO",IF(EZ33<=($F33*(1+$GE$4)),"CUMPLE","NO CUMPLE")) -> NO OFERTADO | FE33: NO | FF33: 0 | FH33: 0 | FI33: 0 | FJ33: =FI33*$D33 -> 0 | FK33: =+FJ33*G33 -> 0 | FL33: =+IF(FI33=0,"NO OFERTADO",IF(FI33<=($F33*(1+$GE$4)),"CUMPLE","NO CUMPLE")) -> NO OFERTADO | FN33: NO | FR33: =FP33+FQ33 -> 0 | FS33: =FR33*$D33 -> 0 | FT33: =+FS33*G33 -> 0 | FU33: =+IF(FR33=0,"NO OFERTADO",IF(FR33<=($F33*(1+$GE$4)),"CUMPLE","NO CUMPLE")) -> NO OFERTADO | FV33: 0 | FW33: NO | FX33: CJX10 | FY33: 48718 | FZ33: 0 | GA33: 48718 | GB33: =GA33*$D33 -> 48718 | GC33: =+GB33*G33 -> 243590 | GD33: =+IF(GA33=0,"NO OFERTADO",IF(GA33<=($F33*(1+$GE$4)),"CUMPLE","NO CUMPLE")) -> NO CUMPLE | GE33: NO CUMPLE | GF33: NO
A34: 25 | B34: DM2346 | C34: BARRERA CUTANEA NO IRRITANTE EN SPRAY | D34: 1 | E34: UN | F34: 30355.71 | G34: 1 | H34: =+F34*G34 -> 30355.71 | K34: =+J34*19% -> 0 | L34: =+J34+K34 -> 0 | M34: =L34*$D34 -> 0 | N34: =+M34*G34 -> 0 | O34: =+IF(L34=0,"NO OFERTADO",IF(L34<=($F34*(1+$GE$4)),"CUMPLE","NO CUMPLE")) -> NO OFERTADO | Q34: NO | V34: =U34*$D34 -> 0 | W34: =+V34*G34 -> 0 | X34: =+IF(U34=0,"NO OFERTADO",IF(U34<=($F34*(1+$GE$4)),"CUMPLE","NO CUMPLE")) -> NO OFERTADO | Y34: 0 | Z34: NO | AA34: POR UNIDAD | AB34: 26089 | AC34: 4957 | AD34: =+AB34+AC34 -> 31046 | AE34: =AD34*$D34 -> 31046 | AF34: =+AE34*G34 -> 31046 | AG34: =+IF(AD34=0,"NO OFERTADO",IF(AD34<=($F34*(1+$GE$4)),"CUMPLE","NO CUMPLE")) -> CUMPLE | AH34: CUMPLE | AI34: SI | AM34: =+AK34+AL34 -> 0 | AN34: =AM34*$D34 -> 0 | AO34: =+AN34*G34 -> 0 | AP34: =+IF(AM34=0,"NO OFERTADO",IF(AM34<=($F34*(1+$GE$4)),"CUMPLE","NO CUMPLE")) -> NO OFERTADO | AR34: NO | AV34: =+AT34+AU34 -> 0 | AW34: =AV34*$D34 -> 0 | AX34: =+AW34*G34 -> 0 | AY34: =+IF(AV34=0,"NO OFERTADO",IF(AV34<=($F34*(1+$GE$4)),"CUMPLE","NO CUMPLE")) -> NO OFERTADO | BA34: NO | BE34: =BC34+BD34 -> 0 | BF34: =BE34*$D34 -> 0 | BG34: =+BF34*G34 -> 0 | BH34: =+IF(BE34=0,"NO OFERTADO",IF(BE34<=($F34*(1+$GE$4)),"CUMPLE","NO CUMPLE")) -> NO OFERTADO | BI34: 0 | BJ34: NO | BN34: =+BL34+BM34 -> 0 | BO34: =BN34*$D34 -> 0 | BP34: =+BO34*G34 -> 0 | BQ34: =+IF(BN34=0,"NO OFERTADO",IF(BN34<=($F34*(1+$KI$4)),"CUMPLE","NO CUMPLE")) -> NO OFERTADO | BR34: =VLOOKUP(B34,'[1]ANEXO TECNICO'!$B$3:$P$334,15,0) -> 0 | BS34: NO | BX34: 0 | BY34: =+BX34*G34 -> 0 | BZ34: =+IF(BW34=0,"NO OFERTADO",IF(BW34<=($F34*(1+$GE$4)),"CUMPLE","NO CUMPLE")) -> NO OFERTADO | CB34: NO | CE34: =+CD34*0.19 -> 0 | CF34: =+CD34+CE34 -> 0 | CG34: =CF34*$D34 -> 0 | CH34: =+CG34*G34 -> 0 | CI34: =+IF(CF34=0,"NO OFERTADO",IF(CF34<=($F34*(1+$GE$4)),"CUMPLE","NO CUMPLE")) -> NO OFERTADO | CK34: NO | CO34: =+CM34+CN34 -> 0 | CP34: =CO34*$D34 -> 0 | CQ34: =+CP34*G34 -> 0 | CR34: =+IF(CO34=0,"NO OFERTADO",IF(CO34<=($F34*(1+$GE$4)),"CUMPLE","NO CUMPLE")) -> NO OFERTADO | CT34: NO | CW34: =+CV34*0.19 -> 0 | CX34: =+CV34+CW34 -> 0 | CY34: =CX34*$D34 -> 0 | CZ34: =+CY34*G34 -> 0 | DA34: =+IF(CX34=0,"NO OFERTADO",IF(CX34<=($F34*(1+$GE$4)),"CUMPLE","NO CUMPLE")) -> NO OFERTADO | DC34: NO | DG34: =+DE34+DF34 -> 0 | DH34: =DG34*$D34 -> 0 | DI34: =+DH34*G34 -> 0 | DJ34: =+IF(DG34=0,"NO OFERTADO",IF(DG34<=($F34*(1+$GE$4)),"CUMPLE","NO CUMPLE")) -> NO OFERTADO | DL34: NO | DP34: 0 | DQ34: =+DP34*D34 -> 0 | DR34: =+DQ34*G34 -> 0 | DS34: =+IF(DP34=0,"NO OFERTADO",IF(DP34<=($F34*(1+$GE$4)),"CUMPLE","NO CUMPLE")) -> NO OFERTADO | DU34: NO | DY34: =+DW34+DX34 -> 0 | DZ34: =DY34*$D34 -> 0 | EA34: =+DZ34*G34 -> 0 | EB34: =+IF(DY34=0,"NO OFERTADO",IF(DY34<=($F34*(1+$GE$4)),"CUMPLE","NO CUMPLE")) -> NO OFERTADO | ED34: NO | EE34: SPRAYX50 ML | EF34: 39865.546 | EG34: 7574.4538 | EH34: =+EF34+EG34 -> 47440 | EI34: =EH34*$D34 -> 47440 | EJ34: =+EI34*G34 -> 47440 | EK34: =+IF(EH34=0,"NO OFERTADO",IF(EH34<=($F34*(1+$GE$4)),"CUMPLE","NO CUMPLE")) -> NO CUMPLE | EL34: CUMPLE | EM34: NO | EQ34: 0 | ER34: =EQ34*$D34 -> 0 | ES34: =+ER34*G34 -> 0 | ET34: =+IF(EQ34=0,"NO OFERTADO",IF(EQ34<=($F34*(1+$GE$4)),"CUMPLE","NO CUMPLE")) -> NO OFERTADO | EV34: NO | EW34: 0 | EX34: 0 | EY34: 0 | EZ34: 0 | FA34: =EZ34*$D34 -> 0 | FB34: =+FA34*G34 -> 0 | FC34: =+IF(EZ34=0,"NO OFERTADO",IF(EZ34<=($F34*(1+$GE$4)),"CUMPLE","NO CUMPLE")) -> NO OFERTADO | FE34: NO | FF34: 0 | FH34: 0 | FI34: 0 | FJ34: =FI34*$D34 -> 0 | FK34: =+FJ34*G34 -> 0 | FL34: =+IF(FI34=0,"NO OFERTADO",IF(FI34<=($F34*(1+$GE$4)),"CUMPLE","NO CUMPLE")) -> NO OFERTADO | FN34: NO | FR34: =+FP34+FQ34 -> 0 | FS34: =FR34*$D34 -> 0 | FT34: =+FS34*G34 -> 0 | FU34: =+IF(FR34=0,"NO OFERTADO",IF(FR34<=($F34*(1+$GE$4)),"CUMPLE","NO CUMPLE")) -> NO OFERTADO | FV34: 0 | FW34: NO | GB34: =GA34*$D34 -> 0 | GC34: =+GB34*G34 -> 0 | GD34: =+IF(GA34=0,"NO OFERTADO",IF(GA34<=($F34*(1+$GE$4)),"CUMPLE","NO CUMPLE")) -> NO OFERTADO | GF34: NO
A35: 26 | B35: DM1977 | C35: BARRERA CUTANEA N IRRITANTE EN TOALLA | D35: 1 | E35: UN | F35: 2409.6386 | G35: 452 | H35: =+F35*G35 -> 1089156.6 | K35: =+J35*19% -> 0 | L35: =+J35+K35 -> 0 | M35: =L35*$D35 -> 0 | N35: =+M35*G35 -> 0 | O35: =+IF(L35=0,"NO OFERTADO",IF(L35<=($F35*(1+$GE$4)),"CUMPLE","NO CUMPLE")) -> NO OFERTADO | Q35: NO | V35: =U35*$D35 -> 0 | W35: =+V35*G35 -> 0 | X35: =+IF(U35=0,"NO OFERTADO",IF(U35<=($F35*(1+$GE$4)),"CUMPLE","NO CUMPLE")) -> NO OFERTADO | Y35: 0 | Z35: NO | AA35: POR UNIDAD | AB35: 2582 | AC35: 491 | AD35: =+AB35+AC35 -> 3073 | AE35: =AD35*$D35 -> 3073 | AF35: =+AE35*G35 -> 1388996 | AG35: =+IF(AD35=0,"NO OFERTADO",IF(AD35<=($F35*(1+$GE$4)),"CUMPLE","NO CUMPLE")) -> NO CUMPLE | AH35: CUMPLE | AI35: NO | AM35: =+AK35+AL35 -> 0 | AN35: =AM35*$D35 -> 0 | AO35: =+AN35*G35 -> 0 | AP35: =+IF(AM35=0,"NO OFERTADO",IF(AM35<=($F35*(1+$GE$4)),"CUMPLE","NO CUMPLE")) -> NO OFERTADO | AR35: NO | AV35: =+AT35+AU35 -> 0 | AW35: =AV35*$D35 -> 0 | AX35: =+AW35*G35 -> 0 | AY35: =+IF(AV35=0,"NO OFERTADO",IF(AV35<=($F35*(1+$GE$4)),"CUMPLE","NO CUMPLE")) -> NO OFERTADO | BA35: NO | BE35: =BC35+BD35 -> 0 | BF35: =BE35*$D35 -> 0 | BG35: =+BF35*G35 -> 0 | BH35: =+IF(BE35=0,"NO OFERTADO",IF(BE35<=($F35*(1+$GE$4)),"CUMPLE","NO CUMPLE")) -> NO OFERTADO | BI35: 0 | BJ35: NO | BN35: =+BL35+BM35 -> 0 | BO35: =BN35*$D35 -> 0 | BP35: =+BO35*G35 -> 0 | BQ35: =+IF(BN35=0,"NO OFERTADO",IF(BN35<=($F35*(1+$KI$4)),"CUMPLE","NO CUMPLE")) -> NO OFERTADO | BR35: =VLOOKUP(B35,'[1]ANEXO TECNICO'!$B$3:$P$334,15,0) -> 0 | BS35: NO | BT35: caja x50 | BU35: 2673 | BV35: 0 | BW35: =+BU35+BV35 -> 2673 | BX35: =+BW35*D35 -> 2673 | BY35: =+BX35*G35 -> 1208196 | BZ35: =+IF(BW35=0,"NO OFERTADO",IF(BW35<=($F35*(1+$GE$4)),"CUMPLE","NO CUMPLE")) -> CUMPLE | CA35: CUMPLE | CB35: SI | CE35: =+CD35*0.19 -> 0 | CF35: =+CD35+CE35 -> 0 | CG35: =CF35*$D35 -> 0 | CH35: =+CG35*G35 -> 0 | CI35: =+IF(CF35=0,"NO OFERTADO",IF(CF35<=($F35*(1+$GE$4)),"CUMPLE","NO CUMPLE")) -> NO OFERTADO | CK35: NO | CO35: =+CM35+CN35 -> 0 | CP35: =CO35*$D35 -> 0 | CQ35: =+CP35*G35 -> 0 | CR35: =+IF(CO35=0,"NO OFERTADO",IF(CO35<=($F35*(1+$GE$4)),"CUMPLE","NO CUMPLE")) -> NO OFERTADO | CT35: NO | CW35: =+CV35*0.19 -> 0 | CX35: =+CV35+CW35 -> 0 | CY35: =CX35*$D35 -> 0 | CZ35: =+CY35*G35 -> 0 | DA35: =+IF(CX35=0,"NO OFERTADO",IF(CX35<=($F35*(1+$GE$4)),"CUMPLE","NO CUMPLE")) -> NO OFERTADO | DC35: NO | DG35: =+DE35+DF35 -> 0 | DH35: =DG35*$D35 -> 0 | DI35: =+DH35*G35 -> 0 | DJ35: =+IF(DG35=0,"NO OFERTADO",IF(DG35<=($F35*(1+$GE$4)),"CUMPLE","NO CUMPLE")) -> NO OFERTADO | DL35: NO | DP35: 0 | DQ35: =+DP35*D35 -> 0 | DR35: =+DQ35*G35 -> 0 | DS35: =+IF(DP35=0,"NO OFERTADO",IF(DP35<=($F35*(1+$GE$4)),"CUMPLE","NO CUMPLE")) -> NO OFERTADO | DU35: NO | DY35: =+DW35+DX35 -> 0 | DZ35: =DY35*$D35 -> 0 | EA35: =+DZ35*G35 -> 0 | EB35: =+IF(DY35=0,"NO OFERTADO",IF(DY35<=($F35*(1+$GE$4)),"CUMPLE","NO CUMPLE")) -> NO OFERTADO | ED35: NO | EE35: . | EF35: 0 | EG35: 0 | EH35: =+EF35+EG35 -> 0 | EI35: =EH35*$D35 -> 0 | EJ35: =+EI35*G35 -> 0 | EK35: =+IF(EH35=0,"NO OFERTADO",IF(EH35<=($F35*(1+$GE$4)),"CUMPLE","NO CUMPLE")) -> NO OFERTADO | EM35: NO | EQ35: 0 | ER35: =EQ35*$D35 -> 0 | ES35: =+ER35*G35 -> 0 | ET35: =+IF(EQ35=0,"NO OFERTADO",IF(EQ35<=($F35*(1+$GE$4)),"CUMPLE","NO CUMPLE")) -> NO OFERTADO | EV35: NO | EW35: 0 | EX35: 0 | EY35: 0 | EZ35: 0 | FA35: =EZ35*$D35 -> 0 | FB35: =+FA35*G35 -> 0 | FC35: =+IF(EZ35=0,"NO OFERTADO",IF(EZ35<=($F35*(1+$GE$4)),"CUMPLE","NO CUMPLE")) -> NO OFERTADO | FE35: NO | FF35: CJA X 1000 UND | FG35: 410 | FH35: 77.9 | FI35: 487.9 | FJ35: =FI35*$D35 -> 487.9 | FK35: =+FJ35*G35 -> 220530.8 | FL35: =+IF(FI35=0,"NO OFERTADO",IF(FI35<=($F35*(1+$GE$4)),"CUMPLE","NO CUMPLE")) -> CUMPLE | FM35: =VLOOKUP(B35,'[2]ANEXO TECNICO'!$B$3:$P$334,15,0) -> CUMPLE | FN35: SI | FR35: =+FP35+FQ35 -> 0 | FS35: =FR35*$D35 -> 0 | FT35: =+FS35*G35 -> 0 | FU35: =+IF(FR35=0,"NO OFERTADO",IF(FR35<=($F35*(1+$GE$4)),"CUMPLE","NO CUMPLE")) -> NO OFERTADO | FV35: 0 | FW35: NO | FX35: CJX50 | FY35: 2565 | FZ35: 0 | GA35: 2565 | GB35: =GA35*$D35 -> 2565 | GC35: =+GB35*G35 -> 1159380 | GD35: =+IF(GA35=0,"NO OFERTADO",IF(GA35<=($F35*(1+$GE$4)),"CUMPLE","NO CUMPLE")) -> CUMPLE | GE35: CUMPLE | GF35: SI
A36: 27 | B36: DM2360 | C36: CAMISAS URETERALES FLEXIBLE 11.5X36 | D36: 1 | E36: UN | F36: 647250 | G36: 1 | H36: =+F36*G36 -> 647250 | K36: =+J36*19% -> 0 | L36: =+J36+K36 -> 0 | M36: =L36*$D36 -> 0 | N36: =+M36*G36 -> 0 | O36: =+IF(L36=0,"NO OFERTADO",IF(L36<=($F36*(1+$GE$4)),"CUMPLE","NO CUMPLE")) -> NO OFERTADO | Q36: NO | V36: =U36*$D36 -> 0 | W36: =+V36*G36 -> 0 | X36: =+IF(U36=0,"NO OFERTADO",IF(U36<=($F36*(1+$GE$4)),"CUMPLE","NO CUMPLE")) -> NO OFERTADO | Y36: 0 | Z36: NO | AD36: =+AB36+AC36 -> 0 | AE36: =AD36*$D36 -> 0 | AF36: =+AE36*G36 -> 0 | AG36: =+IF(AD36=0,"NO OFERTADO",IF(AD36<=($F36*(1+$GE$4)),"CUMPLE","NO CUMPLE")) -> NO OFERTADO | AI36: NO | AM36: =+AK36+AL36 -> 0 | AN36: =AM36*$D36 -> 0 | AO36: =+AN36*G36 -> 0 | AP36: =+IF(AM36=0,"NO OFERTADO",IF(AM36<=($F36*(1+$GE$4)),"CUMPLE","NO CUMPLE")) -> NO OFERTADO | AR36: NO | AV36: =AT36+AU36 -> 0 | AW36: =AV36*$D36 -> 0 | AX36: =+AW36*G36 -> 0 | AY36: =+IF(AV36=0,"NO OFERTADO",IF(AV36<=($F36*(1+$GE$4)),"CUMPLE","NO CUMPLE")) -> NO OFERTADO | BA36: NO | BE36: =BC36+BD36 -> 0 | BF36: =BE36*$D36 -> 0 | BG36: =+BF36*G36 -> 0 | BH36: =+IF(BE36=0,"NO OFERTADO",IF(BE36<=($F36*(1+$GE$4)),"CUMPLE","NO CUMPLE")) -> NO OFERTADO | BI36: 0 | BJ36: NO | BN36: =BL36+BM36 -> 0 | BO36: =BN36*$D36 -> 0 | BP36: =+BO36*G36 -> 0 | BQ36: =+IF(BN36=0,"NO OFERTADO",IF(BN36<=($F36*(1+$KI$4)),"CUMPLE","NO CUMPLE")) -> NO OFERTADO | BR36: =VLOOKUP(B36,'[1]ANEXO TECNICO'!$B$3:$P$334,15,0) -> 0 | BS36: NO | BX36: 0 | BY36: =+BX36*G36 -> 0 | BZ36: =+IF(BW36=0,"NO OFERTADO",IF(BW36<=($F36*(1+$GE$4)),"CUMPLE","NO CUMPLE")) -> NO OFERTADO | CB36: NO | CF36: =CD36+CE36 -> 0 | CG36: =CF36*$D36 -> 0 | CH36: =+CG36*G36 -> 0 | CI36: =+IF(CF36=0,"NO OFERTADO",IF(CF36<=($F36*(1+$GE$4)),"CUMPLE","NO CUMPLE")) -> NO OFERTADO | CK36: NO | CO36: =CM36+CN36 -> 0 | CP36: =CO36*$D36 -> 0 | CQ36: =+CP36*G36 -> 0 | CR36: =+IF(CO36=0,"NO OFERTADO",IF(CO36<=($F36*(1+$GE$4)),"CUMPLE","NO CUMPLE")) -> NO OFERTADO | CT36: NO | CX36: =CV36+CW36 -> 0 | CY36: =CX36*$D36 -> 0 | CZ36: =+CY36*G36 -> 0 | DA36: =+IF(CX36=0,"NO OFERTADO",IF(CX36<=($F36*(1+$GE$4)),"CUMPLE","NO CUMPLE")) -> NO OFERTADO | DC36: NO | DG36: =DE36+DF36 -> 0 | DH36: =DG36*$D36 -> 0 | DI36: =+DH36*G36 -> 0 | DJ36: =+IF(DG36=0,"NO OFERTADO",IF(DG36<=($F36*(1+$GE$4)),"CUMPLE","NO CUMPLE")) -> NO OFERTADO | DL36: NO | DP36: 0 | DQ36: =+DP36*D36 -> 0 | DR36: =+DQ36*G36 -> 0 | DS36: =+IF(DP36=0,"NO OFERTADO",IF(DP36<=($F36*(1+$GE$4)),"CUMPLE","NO CUMPLE")) -> NO OFERTADO | DU36: NO | DY36: =DW36+DX36 -> 0 | DZ36: =DY36*$D36 -> 0 | EA36: =+DZ36*G36 -> 0 | EB36: =+IF(DY36=0,"NO OFERTADO",IF(DY36<=($F36*(1+$GE$4)),"CUMPLE","NO CUMPLE")) -> NO OFERTADO | ED36: NO | EE36: . | EF36: 0 | EG36: 0 | EH36: =EF36+EG36 -> 0 | EI36: =EH36*$D36 -> 0 | EJ36: =+EI36*G36 -> 0 | EK36: =+IF(EH36=0,"NO OFERTADO",IF(EH36<=($F36*(1+$GE$4)),"CUMPLE","NO CUMPLE")) -> NO OFERTADO | EM36: NO | EQ36: 0 | ER36: =EQ36*$D36 -> 0 | ES36: =+ER36*G36 -> 0 | ET36: =+IF(EQ36=0,"NO OFERTADO",IF(EQ36<=($F36*(1+$GE$4)),"CUMPLE","NO CUMPLE")) -> NO OFERTADO | EV36: NO | EW36: 0 | EX36: 0 | EY36: 0 | EZ36: 0 | FA36: =EZ36*$D36 -> 0 | FB36: =+FA36*G36 -> 0 | FC36: =+IF(EZ36=0,"NO OFERTADO",IF(EZ36<=($F36*(1+$GE$4)),"CUMPLE","NO CUMPLE")) -> NO OFERTADO | FE36: NO | FF36: 0 | FH36: 0 | FI36: 0 | FJ36: =FI36*$D36 -> 0 | FK36: =+FJ36*G36 -> 0 | FL36: =+IF(FI36=0,"NO OFERTADO",IF(FI36<=($F36*(1+$GE$4)),"CUMPLE","NO CUMPLE")) -> NO OFERTADO | FN36: NO | FR36: =FP36+FQ36 -> 0 | FS36: =FR36*$D36 -> 0 | FT36: =+FS36*G36 -> 0 | FU36: =+IF(FR36=0,"NO OFERTADO",IF(FR36<=($F36*(1+$GE$4)),"CUMPLE","NO CUMPLE")) -> NO OFERTADO | FV36: 0 | FW36: NO | GB36: =GA36*$D36 -> 0 | GC36: =+GB36*G36 -> 0 | GD36: =+IF(GA36=0,"NO OFERTADO",IF(GA36<=($F36*(1+$GE$4)),"CUMPLE","NO CUMPLE")) -> NO OFERTADO | GF36: NO
A37: 28 | B37: DM2361 | C37: CAMISAS URETERALES FLEXIBLE 11.5X45-46 | D37: 1 | E37: UN | F37: 647250 | G37: 1 | H37: =+F37*G37 -> 647250 | K37: =+J37*19% -> 0 | L37: =+J37+K37 -> 0 | M37: =L37*$D37 -> 0 | N37: =+M37*G37 -> 0 | O37: =+IF(L37=0,"NO OFERTADO",IF(L37<=($F37*(1+$GE$4)),"CUMPLE","NO CUMPLE")) -> NO OFERTADO | Q37: NO | V37: =U37*$D37 -> 0 | W37: =+V37*G37 -> 0 | X37: =+IF(U37=0,"NO OFERTADO",IF(U37<=($F37*(1+$GE$4)),"CUMPLE","NO CUMPLE")) -> NO OFERTADO | Y37: 0 | Z37: NO | AD37: =+AB37+AC37 -> 0 | AE37: =AD37*$D37 -> 0 | AF37: =+AE37*G37 -> 0 | AG37: =+IF(AD37=0,"NO OFERTADO",IF(AD37<=($F37*(1+$GE$4)),"CUMPLE","NO CUMPLE")) -> NO OFERTADO | AI37: NO | AM37: =+AK37+AL37 -> 0 | AN37: =AM37*$D37 -> 0 | AO37: =+AN37*G37 -> 0 | AP37: =+IF(AM37=0,"NO OFERTADO",IF(AM37<=($F37*(1+$GE$4)),"CUMPLE","NO CUMPLE")) -> NO OFERTADO | AR37: NO | AV37: =AT37+AU37 -> 0 | AW37: =AV37*$D37 -> 0 | AX37: =+AW37*G37 -> 0 | AY37: =+IF(AV37=0,"NO OFERTADO",IF(AV37<=($F37*(1+$GE$4)),"CUMPLE","NO CUMPLE")) -> NO OFERTADO | BA37: NO | BE37: =BC37+BD37 -> 0 | BF37: =BE37*$D37 -> 0 | BG37: =+BF37*G37 -> 0 | BH37: =+IF(BE37=0,"NO OFERTADO",IF(BE37<=($F37*(1+$GE$4)),"CUMPLE","NO CUMPLE")) -> NO OFERTADO | BI37: 0 | BJ37: NO | BN37: =BL37+BM37 -> 0 | BO37: =BN37*$D37 -> 0 | BP37: =+BO37*G37 -> 0 | BQ37: =+IF(BN37=0,"NO OFERTADO",IF(BN37<=($F37*(1+$KI$4)),"CUMPLE","NO CUMPLE")) -> NO OFERTADO | BR37: =VLOOKUP(B37,'[1]ANEXO TECNICO'!$B$3:$P$334,15,0) -> 0 | BS37: NO | BX37: 0 | BY37: =+BX37*G37 -> 0 | BZ37: =+IF(BW37=0,"NO OFERTADO",IF(BW37<=($F37*(1+$GE$4)),"CUMPLE","NO CUMPLE")) -> NO OFERTADO | CB37: NO | CF37: =CD37+CE37 -> 0 | CG37: =CF37*$D37 -> 0 | CH37: =+CG37*G37 -> 0 | CI37: =+IF(CF37=0,"NO OFERTADO",IF(CF37<=($F37*(1+$GE$4)),"CUMPLE","NO CUMPLE")) -> NO OFERTADO | CK37: NO | CO37: =CM37+CN37 -> 0 | CP37: =CO37*$D37 -> 0 | CQ37: =+CP37*G37 -> 0 | CR37: =+IF(CO37=0,"NO OFERTADO",IF(CO37<=($F37*(1+$GE$4)),"CUMPLE","NO CUMPLE")) -> NO OFERTADO | CT37: NO | CX37: =CV37+CW37 -> 0 | CY37: =CX37*$D37 -> 0 | CZ37: =+CY37*G37 -> 0 | DA37: =+IF(CX37=0,"NO OFERTADO",IF(CX37<=($F37*(1+$GE$4)),"CUMPLE","NO CUMPLE")) -> NO OFERTADO | DC37: NO | DG37: =DE37+DF37 -> 0 | DH37: =DG37*$D37 -> 0 | DI37: =+DH37*G37 -> 0 | DJ37: =+IF(DG37=0,"NO OFERTADO",IF(DG37<=($F37*(1+$GE$4)),"CUMPLE","NO CUMPLE")) -> NO OFERTADO | DL37: NO | DP37: 0 | DQ37: =+DP37*D37 -> 0 | DR37: =+DQ37*G37 -> 0 | DS37: =+IF(DP37=0,"NO OFERTADO",IF(DP37<=($F37*(1+$GE$4)),"CUMPLE","NO CUMPLE")) -> NO OFERTADO | DU37: NO | DY37: =DW37+DX37 -> 0 | DZ37: =DY37*$D37 -> 0 | EA37: =+DZ37*G37 -> 0 | EB37: =+IF(DY37=0,"NO OFERTADO",IF(DY37<=($F37*(1+$GE$4)),"CUMPLE","NO CUMPLE")) -> NO OFERTADO | ED37: NO | EE37: . | EF37: 0 | EG37: 0 | EH37: =EF37+EG37 -> 0 | EI37: =EH37*$D37 -> 0 | EJ37: =+EI37*G37 -> 0 | EK37: =+IF(EH37=0,"NO OFERTADO",IF(EH37<=($F37*(1+$GE$4)),"CUMPLE","NO CUMPLE")) -> NO OFERTADO | EM37: NO | EQ37: 0 | ER37: =EQ37*$D37 -> 0 | ES37: =+ER37*G37 -> 0 | ET37: =+IF(EQ37=0,"NO OFERTADO",IF(EQ37<=($F37*(1+$GE$4)),"CUMPLE","NO CUMPLE")) -> NO OFERTADO | EV37: NO | EW37: 0 | EX37: 0 | EY37: 0 | EZ37: 0 | FA37: =EZ37*$D37 -> 0 | FB37: =+FA37*G37 -> 0 | FC37: =+IF(EZ37=0,"NO OFERTADO",IF(EZ37<=($F37*(1+$GE$4)),"CUMPLE","NO CUMPLE")) -> NO OFERTADO | FE37: NO | FF37: 0 | FH37: 0 | FI37: 0 | FJ37: =FI37*$D37 -> 0 | FK37: =+FJ37*G37 -> 0 | FL37: =+IF(FI37=0,"NO OFERTADO",IF(FI37<=($F37*(1+$GE$4)),"CUMPLE","NO CUMPLE")) -> NO OFERTADO | FN37: NO | FR37: =FP37+FQ37 -> 0 | FS37: =FR37*$D37 -> 0 | FT37: =+FS37*G37 -> 0 | FU37: =+IF(FR37=0,"NO OFERTADO",IF(FR37<=($F37*(1+$GE$4)),"CUMPLE","NO CUMPLE")) -> NO OFERTADO | FV37: 0 | FW37: NO | GB37: =GA37*$D37 -> 0 | GC37: =+GB37*G37 -> 0 | GD37: =+IF(GA37=0,"NO OFERTADO",IF(GA37<=($F37*(1+$GE$4)),"CUMPLE","NO CUMPLE")) -> NO OFERTADO | GF37: NO
A38: 29 | B38: DM206 | C38: CANDADO CARRO DE PARO CON NUMERO CONSECUTIVO | D38: 1 | E38: UN | F38: 428.4 | G38: 422 | H38: =+F38*G38 -> 180784.8 | K38: =+J38*19% -> 0 | L38: =+J38+K38 -> 0 | M38: =L38*$D38 -> 0 | N38: =+M38*G38 -> 0 | O38: =+IF(L38=0,"NO OFERTADO",IF(L38<=($F38*(1+$GE$4)),"CUMPLE","NO CUMPLE")) -> NO OFERTADO | Q38: NO | V38: =U38*$D38 -> 0 | W38: =+V38*G38 -> 0 | X38: =+IF(U38=0,"NO OFERTADO",IF(U38<=($F38*(1+$GE$4)),"CUMPLE","NO CUMPLE")) -> NO OFERTADO | Y38: 0 | Z38: NO | AD38: =+AB38+AC38 -> 0 | AE38: =AD38*$D38 -> 0 | AF38: =+AE38*G38 -> 0 | AG38: =+IF(AD38=0,"NO OFERTADO",IF(AD38<=($F38*(1+$GE$4)),"CUMPLE","NO CUMPLE")) -> NO OFERTADO | AI38: NO | AM38: =+AK38+AL38 -> 0 | AN38: =AM38*$D38 -> 0 | AO38: =+AN38*G38 -> 0 | AP38: =+IF(AM38=0,"NO OFERTADO",IF(AM38<=($F38*(1+$GE$4)),"CUMPLE","NO CUMPLE")) -> NO OFERTADO | AR38: NO | AV38: =AT38+AU38 -> 0 | AW38: =AV38*$D38 -> 0 | AX38: =+AW38*G38 -> 0 | AY38: =+IF(AV38=0,"NO OFERTADO",IF(AV38<=($F38*(1+$GE$4)),"CUMPLE","NO CUMPLE")) -> NO OFERTADO | BA38: NO | BE38: =BC38+BD38 -> 0 | BF38: =BE38*$D38 -> 0 | BG38: =+BF38*G38 -> 0 | BH38: =+IF(BE38=0,"NO OFERTADO",IF(BE38<=($F38*(1+$GE$4)),"CUMPLE","NO CUMPLE")) -> NO OFERTADO | BI38: 0 | BJ38: NO | BN38: =BL38+BM38 -> 0 | BO38: =BN38*$D38 -> 0 | BP38: =+BO38*G38 -> 0 | BQ38: =+IF(BN38=0,"NO OFERTADO",IF(BN38<=($F38*(1+$KI$4)),"CUMPLE","NO CUMPLE")) -> NO OFERTADO | BR38: =VLOOKUP(B38,'[1]ANEXO TECNICO'!$B$3:$P$334,15,0) -> 0 | BS38: NO | BX38: 0 | BY38: =+BX38*G38 -> 0 | BZ38: =+IF(BW38=0,"NO OFERTADO",IF(BW38<=($F38*(1+$GE$4)),"CUMPLE","NO CUMPLE")) -> NO OFERTADO | CB38: NO | CF38: =CD38+CE38 -> 0 | CG38: =CF38*$D38 -> 0 | CH38: =+CG38*G38 -> 0 | CI38: =+IF(CF38=0,"NO OFERTADO",IF(CF38<=($F38*(1+$GE$4)),"CUMPLE","NO CUMPLE")) -> NO OFERTADO | CK38: NO | CO38: =CM38+CN38 -> 0 | CP38: =CO38*$D38 -> 0 | CQ38: =+CP38*G38 -> 0 | CR38: =+IF(CO38=0,"NO OFERTADO",IF(CO38<=($F38*(1+$GE$4)),"CUMPLE","NO CUMPLE")) -> NO OFERTADO | CT38: NO | CU38: PQX50 UDS | CV38: 360 | CW38: =+CV38*0.19 -> 68.4 | CX38: =CV38+CW38 -> 428.4 | CY38: =CX38*$D38 -> 428.4 | CZ38: =+CY38*G38 -> 180784.8 | DA38: =+IF(CX38=0,"NO OFERTADO",IF(CX38<=($F38*(1+$GE$4)),"CUMPLE","NO CUMPLE")) -> CUMPLE | DB38: CUMPLE | DC38: SI | DG38: =DE38+DF38 -> 0 | DH38: =DG38*$D38 -> 0 | DI38: =+DH38*G38 -> 0 | DJ38: =+IF(DG38=0,"NO OFERTADO",IF(DG38<=($F38*(1+$GE$4)),"CUMPLE","NO CUMPLE")) -> NO OFERTADO | DL38: NO | DP38: 0 | DQ38: =+DP38*D38 -> 0 | DR38: =+DQ38*G38 -> 0 | DS38: =+IF(DP38=0,"NO OFERTADO",IF(DP38<=($F38*(1+$GE$4)),"CUMPLE","NO CUMPLE")) -> NO OFERTADO | DU38: NO | DY38: =DW38+DX38 -> 0 | DZ38: =DY38*$D38 -> 0 | EA38: =+DZ38*G38 -> 0 | EB38: =+IF(DY38=0,"NO OFERTADO",IF(DY38<=($F38*(1+$GE$4)),"CUMPLE","NO CUMPLE")) -> NO OFERTADO | ED38: NO | EE38: PAQTEX50 | EF38: 404.20168 | EG38: 76.798319 | EH38: =EF38+EG38 -> 481 | EI38: =EH38*$D38 -> 481 | EJ38: =+EI38*G38 -> 202982 | EK38: =+IF(EH38=0,"NO OFERTADO",IF(EH38<=($F38*(1+$GE$4)),"CUMPLE","NO CUMPLE")) -> CUMPLE | EL38: CUMPLE | EM38: SI | EQ38: 0 | ER38: =EQ38*$D38 -> 0 | ES38: =+ER38*G38 -> 0 | ET38: =+IF(EQ38=0,"NO OFERTADO",IF(EQ38<=($F38*(1+$GE$4)),"CUMPLE","NO CUMPLE")) -> NO OFERTADO | EV38: NO | EW38: 0 | EX38: 0 | EY38: 0 | EZ38: 0 | FA38: =EZ38*$D38 -> 0 | FB38: =+FA38*G38 -> 0 | FC38: =+IF(EZ38=0,"NO OFERTADO",IF(EZ38<=($F38*(1+$GE$4)),"CUMPLE","NO CUMPLE")) -> NO OFERTADO | FE38: NO | FF38: 0 | FH38: 0 | FI38: 0 | FJ38: =FI38*$D38 -> 0 | FK38: =+FJ38*G38 -> 0 | FL38: =+IF(FI38=0,"NO OFERTADO",IF(FI38<=($F38*(1+$GE$4)),"CUMPLE","NO CUMPLE")) -> NO OFERTADO | FN38: NO | FR38: =FP38+FQ38 -> 0 | FS38: =FR38*$D38 -> 0 | FT38: =+FS38*G38 -> 0 | FU38: =+IF(FR38=0,"NO OFERTADO",IF(FR38<=($F38*(1+$GE$4)),"CUMPLE","NO CUMPLE")) -> NO OFERTADO | FV38: 0 | FW38: NO | GB38: =GA38*$D38 -> 0 | GC38: =+GB38*G38 -> 0 | GD38: =+IF(GA38=0,"NO OFERTADO",IF(GA38<=($F38*(1+$GE$4)),"CUMPLE","NO CUMPLE")) -> NO OFERTADO | GF38: NO
A39: 30 | B39: DM212 | C39: CANULA DE GUEDEL N 0 | D39: 1 | E39: UN | F39: 922.25 | G39: 10 | H39: =+F39*G39 -> 9222.5 | K39: =+J39*19% -> 0 | L39: =+J39+K39 -> 0 | M39: =L39*$D39 -> 0 | N39: =+M39*G39 -> 0 | O39: =+IF(L39=0,"NO OFERTADO",IF(L39<=($F39*(1+$GE$4)),"CUMPLE","NO CUMPLE")) -> NO OFERTADO | Q39: NO | V39: =U39*$D39 -> 0 | W39: =+V39*G39 -> 0 | X39: =+IF(U39=0,"NO OFERTADO",IF(U39<=($F39*(1+$GE$4)),"CUMPLE","NO CUMPLE")) -> NO OFERTADO | Y39: 0 | Z39: NO | AA39: POR UNIDAD | AB39: 807 | AC39: 153 | AD39: =+AB39+AC39 -> 960 | AE39: =AD39*$D39 -> 960 | AF39: =+AE39*G39 -> 9600 | AG39: =+IF(AD39=0,"NO OFERTADO",IF(AD39<=($F39*(1+$GE$4)),"CUMPLE","NO CUMPLE")) -> CUMPLE | AH39: CUMPLE | AI39: SI | AM39: =+AK39+AL39 -> 0 | AN39: =AM39*$D39 -> 0 | AO39: =+AN39*G39 -> 0 | AP39: =+IF(AM39=0,"NO OFERTADO",IF(AM39<=($F39*(1+$GE$4)),"CUMPLE","NO CUMPLE")) -> NO OFERTADO | AR39: NO | AS39: Unidad | AT39: 980 | AU39: 186 | AV39: =AT39+AU39 -> 1166 | AW39: =AV39*$D39 -> 1166 | AX39: =+AW39*G39 -> 11660 | AY39: =+IF(AV39=0,"NO OFERTADO",IF(AV39<=($F39*(1+$GE$4)),"CUMPLE","NO CUMPLE")) -> NO CUMPLE | AZ39: CUMPLE | BA39: NO | BE39: =BC39+BD39 -> 0 | BF39: =BE39*$D39 -> 0 | BG39: =+BF39*G39 -> 0 | BH39: =+IF(BE39=0,"NO OFERTADO",IF(BE39<=($F39*(1+$GE$4)),"CUMPLE","NO CUMPLE")) -> NO OFERTADO | BI39: 0 | BJ39: NO | BN39: =BL39+BM39 -> 0 | BO39: =BN39*$D39 -> 0 | BP39: =+BO39*G39 -> 0 | BQ39: =+IF(BN39=0,"NO OFERTADO",IF(BN39<=($F39*(1+$KI$4)),"CUMPLE","NO CUMPLE")) -> NO OFERTADO | BR39: =VLOOKUP(B39,'[1]ANEXO TECNICO'!$B$3:$P$334,15,0) -> 0 | BS39: NO | BT39: caja x 25 | BU39: 916.11 | BV39: 174.0609 | BW39: =+BU39+BV39 -> 1090.1709 | BX39: =+BW39*D39 -> 1090.1709 | BY39: =+BX39*G39 -> 10901.709 | BZ39: =+IF(BW39=0,"NO OFERTADO",IF(BW39<=($F39*(1+$GE$4)),"CUMPLE","NO CUMPLE")) -> CUMPLE | CA39: CUMPLE | CB39: SI | CF39: =CD39+CE39 -> 0 | CG39: =CF39*$D39 -> 0 | CH39: =+CG39*G39 -> 0 | CI39: =+IF(CF39=0,"NO OFERTADO",IF(CF39<=($F39*(1+$GE$4)),"CUMPLE","NO CUMPLE")) -> NO OFERTADO | CK39: NO | CO39: =CM39+CN39 -> 0 | CP39: =CO39*$D39 -> 0 | CQ39: =+CP39*G39 -> 0 | CR39: =+IF(CO39=0,"NO OFERTADO",IF(CO39<=($F39*(1+$GE$4)),"CUMPLE","NO CUMPLE")) -> NO OFERTADO | CT39: NO | CU39: UNIDAD | CV39: 765 | CW39: =+CV39*0.19 -> 145.35 | CX39: =CV39+CW39 -> 910.35 | CY39: =CX39*$D39 -> 910.35 | CZ39: =+CY39*G39 -> 9103.5 | DA39: =+IF(CX39=0,"NO OFERTADO",IF(CX39<=($F39*(1+$GE$4)),"CUMPLE","NO CUMPLE")) -> CUMPLE | DB39: CUMPLE | DC39: SI | DG39: =DE39+DF39 -> 0 | DH39: =DG39*$D39 -> 0 | DI39: =+DH39*G39 -> 0 | DJ39: =+IF(DG39=0,"NO OFERTADO",IF(DG39<=($F39*(1+$GE$4)),"CUMPLE","NO CUMPLE")) -> NO OFERTADO | DL39: NO | DP39: 0 | DQ39: =+DP39*D39 -> 0 | DR39: =+DQ39*G39 -> 0 | DS39: =+IF(DP39=0,"NO OFERTADO",IF(DP39<=($F39*(1+$GE$4)),"CUMPLE","NO CUMPLE")) -> NO OFERTADO | DU39: NO | DV39: UNIDAD | DW39: 801 | DX39: 152.19 | DY39: =DW39+DX39 -> 953.19 | DZ39: =DY39*$D39 -> 953.19 | EA39: =+DZ39*G39 -> 9531.9 | EB39: =+IF(DY39=0,"NO OFERTADO",IF(DY39<=($F39*(1+$GE$4)),"CUMPLE","NO CUMPLE")) -> CUMPLE | EC39: NO CUMPLE | ED39: NO | EE39: . | EF39: 841.17647 | EG39: 159.82353 | EH39: =EF39+EG39 -> 1001 | EI39: =EH39*$D39 -> 1001 | EJ39: =+EI39*G39 -> 10010 | EK39: =+IF(EH39=0,"NO OFERTADO",IF(EH39<=($F39*(1+$GE$4)),"CUMPLE","NO CUMPLE")) -> CUMPLE | EL39: CUMPLE | EM39: SI | EQ39: 0 | ER39: =EQ39*$D39 -> 0 | ES39: =+ER39*G39 -> 0 | ET39: =+IF(EQ39=0,"NO OFERTADO",IF(EQ39<=($F39*(1+$GE$4)),"CUMPLE","NO CUMPLE")) -> NO OFERTADO | EV39: NO | EW39: 0 | EX39: 0 | EY39: 0 | EZ39: 0 | FA39: =EZ39*$D39 -> 0 | FB39: =+FA39*G39 -> 0 | FC39: =+IF(EZ39=0,"NO OFERTADO",IF(EZ39<=($F39*(1+$GE$4)),"CUMPLE","NO CUMPLE")) -> NO OFERTADO | FE39: NO | FF39: 0 | FH39: 0 | FI39: 0 | FJ39: =FI39*$D39 -> 0 | FK39: =+FJ39*G39 -> 0 | FL39: =+IF(FI39=0,"NO OFERTADO",IF(FI39<=($F39*(1+$GE$4)),"CUMPLE","NO CUMPLE")) -> NO OFERTADO | FN39: NO | FR39: =FP39+FQ39 -> 0 | FS39: =FR39*$D39 -> 0 | FT39: =+FS39*G39 -> 0 | FU39: =+IF(FR39=0,"NO OFERTADO",IF(FR39<=($F39*(1+$GE$4)),"CUMPLE","NO CUMPLE")) -> NO OFERTADO | FV39: 0 | FW39: NO | FX39: UNIDAD | FY39: =+GA39/1.19 -> 936.13445 | FZ39: =+FY39*0.19 -> 177.86555 | GA39: 1114 | GB39: =GA39*$D39 -> 1114 | GC39: =+GB39*G39 -> 11140 | GD39: =+IF(GA39=0,"NO OFERTADO",IF(GA39<=($F39*(1+$GE$4)),"CUMPLE","NO CUMPLE")) -> NO CUMPLE | GE39: CUMPLE | GF39: NO
A40: 31 | B40: DM1238 | C40: CANULA DE GUEDEL N 1 | D40: 1 | E40: UN | F40: 922.25 | G40: 7 | H40: =+F40*G40 -> 6455.75 | K40: =+J40*19% -> 0 | L40: =+J40+K40 -> 0 | M40: =L40*$D40 -> 0 | N40: =+M40*G40 -> 0 | O40: =+IF(L40=0,"NO OFERTADO",IF(L40<=($F40*(1+$GE$4)),"CUMPLE","NO CUMPLE")) -> NO OFERTADO | Q40: NO | V40: =U40*$D40 -> 0 | W40: =+V40*G40 -> 0 | X40: =+IF(U40=0,"NO OFERTADO",IF(U40<=($F40*(1+$GE$4)),"CUMPLE","NO CUMPLE")) -> NO OFERTADO | Y40: 0 | Z40: NO | AA40: POR UNIDAD | AB40: 807 | AC40: 153 | AD40: =+AB40+AC40 -> 960 | AE40: =AD40*$D40 -> 960 | AF40: =+AE40*G40 -> 6720 | AG40: =+IF(AD40=0,"NO OFERTADO",IF(AD40<=($F40*(1+$GE$4)),"CUMPLE","NO CUMPLE")) -> CUMPLE | AH40: CUMPLE | AI40: SI | AM40: =+AK40+AL40 -> 0 | AN40: =AM40*$D40 -> 0 | AO40: =+AN40*G40 -> 0 | AP40: =+IF(AM40=0,"NO OFERTADO",IF(AM40<=($F40*(1+$GE$4)),"CUMPLE","NO CUMPLE")) -> NO OFERTADO | AR40: NO | AS40: Unidad | AT40: 980 | AU40: 186 | AV40: =AT40+AU40 -> 1166 | AW40: =AV40*$D40 -> 1166 | AX40: =+AW40*G40 -> 8162 | AY40: =+IF(AV40=0,"NO OFERTADO",IF(AV40<=($F40*(1+$GE$4)),"CUMPLE","NO CUMPLE")) -> NO CUMPLE | AZ40: CUMPLE | BA40: NO | BE40: =BC40+BD40 -> 0 | BF40: =BE40*$D40 -> 0 | BG40: =+BF40*G40 -> 0 | BH40: =+IF(BE40=0,"NO OFERTADO",IF(BE40<=($F40*(1+$GE$4)),"CUMPLE","NO CUMPLE")) -> NO OFERTADO | BI40: 0 | BJ40: NO | BN40: =BL40+BM40 -> 0 | BO40: =BN40*$D40 -> 0 | BP40: =+BO40*G40 -> 0 | BQ40: =+IF(BN40=0,"NO OFERTADO",IF(BN40<=($F40*(1+$KI$4)),"CUMPLE","NO CUMPLE")) -> NO OFERTADO | BR40: =VLOOKUP(B40,'[1]ANEXO TECNICO'!$B$3:$P$334,15,0) -> 0 | BS40: NO | BT40: caja x 25 | BU40: 1628.1 | BV40: 309.339 | BW40: =+BU40+BV40 -> 1937.439 | BX40: =+BW40*D40 -> 1937.439 | BY40: =+BX40*G40 -> 13562.073 | BZ40: =+IF(BW40=0,"NO OFERTADO",IF(BW40<=($F40*(1+$GE$4)),"CUMPLE","NO CUMPLE")) -> NO CUMPLE | CA40: CUMPLE | CB40: NO | CF40: =CD40+CE40 -> 0 | CG40: =CF40*$D40 -> 0 | CH40: =+CG40*G40 -> 0 | CI40: =+IF(CF40=0,"NO OFERTADO",IF(CF40<=($F40*(1+$GE$4)),"CUMPLE","NO CUMPLE")) -> NO OFERTADO | CK40: NO | CO40: =CM40+CN40 -> 0 | CP40: =CO40*$D40 -> 0 | CQ40: =+CP40*G40 -> 0 | CR40: =+IF(CO40=0,"NO OFERTADO",IF(CO40<=($F40*(1+$GE$4)),"CUMPLE","NO CUMPLE")) -> NO OFERTADO | CT40: NO | CU40: UNIDAD | CV40: 765 | CW40: =+CV40*0.19 -> 145.35 | CX40: =CV40+CW40 -> 910.35 | CY40: =CX40*$D40 -> 910.35 | CZ40: =+CY40*G40 -> 6372.45 | DA40: =+IF(CX40=0,"NO OFERTADO",IF(CX40<=($F40*(1+$GE$4)),"CUMPLE","NO CUMPLE")) -> CUMPLE | DB40: CUMPLE | DC40: SI | DG40: =DE40+DF40 -> 0 | DH40: =DG40*$D40 -> 0 | DI40: =+DH40*G40 -> 0 | DJ40: =+IF(DG40=0,"NO OFERTADO",IF(DG40<=($F40*(1+$GE$4)),"CUMPLE","NO CUMPLE")) -> NO OFERTADO | DL40: NO | DP40: 0 | DQ40: =+DP40*D40 -> 0 | DR40: =+DQ40*G40 -> 0 | DS40: =+IF(DP40=0,"NO OFERTADO",IF(DP40<=($F40*(1+$GE$4)),"CUMPLE","NO CUMPLE")) -> NO OFERTADO | DU40: NO | DV40: UNIDAD | DW40: 1428 | DX40: 271.32 | DY40: =DW40+DX40 -> 1699.32 | DZ40: =DY40*$D40 -> 1699.32 | EA40: =+DZ40*G40 -> 11895.24 | EB40: =+IF(DY40=0,"NO OFERTADO",IF(DY40<=($F40*(1+$GE$4)),"CUMPLE","NO CUMPLE")) -> NO CUMPLE | EC40: NO CUMPLE | ED40: NO | EE40: . | EF40: 841.17647 | EG40: 159.82353 | EH40: =EF40+EG40 -> 1001 | EI40: =EH40*$D40 -> 1001 | EJ40: =+EI40*G40 -> 7007 | EK40: =+IF(EH40=0,"NO OFERTADO",IF(EH40<=($F40*(1+$GE$4)),"CUMPLE","NO CUMPLE")) -> CUMPLE | EL40: CUMPLE | EM40: SI | EQ40: 0 | ER40: =EQ40*$D40 -> 0 | ES40: =+ER40*G40 -> 0 | ET40: =+IF(EQ40=0,"NO OFERTADO",IF(EQ40<=($F40*(1+$GE$4)),"CUMPLE","NO CUMPLE")) -> NO OFERTADO | EV40: NO | EW40: 0 | EX40: 0 | EY40: 0 | EZ40: 0 | FA40: =EZ40*$D40 -> 0 | FB40: =+FA40*G40 -> 0 | FC40: =+IF(EZ40=0,"NO OFERTADO",IF(EZ40<=($F40*(1+$GE$4)),"CUMPLE","NO CUMPLE")) -> NO OFERTADO | FE40: NO | FF40: 0 | FH40: 0 | FI40: 0 | FJ40: =FI40*$D40 -> 0 | FK40: =+FJ40*G40 -> 0 | FL40: =+IF(FI40=0,"NO OFERTADO",IF(FI40<=($F40*(1+$GE$4)),"CUMPLE","NO CUMPLE")) -> NO OFERTADO | FN40: NO | FR40: =FP40+FQ40 -> 0 | FS40: =FR40*$D40 -> 0 | FT40: =+FS40*G40 -> 0 | FU40: =+IF(FR40=0,"NO OFERTADO",IF(FR40<=($F40*(1+$GE$4)),"CUMPLE","NO CUMPLE")) -> NO OFERTADO | FV40: 0 | FW40: NO | FX40: UNIDAD | FY40: =+GA40/1.19 -> 1665.5462 | FZ40: =+FY40*0.19 -> 316.45378 | GA40: 1982 | GB40: =GA40*$D40 -> 1982 | GC40: =+GB40*G40 -> 13874 | GD40: =+IF(GA40=0,"NO OFERTADO",IF(GA40<=($F40*(1+$GE$4)),"CUMPLE","NO CUMPLE")) -> NO CUMPLE | GE40: CUMPLE | GF40: NO
A41: 32 | B41: DM215 | C41: CANULA DE GUEDEL N 2 | D41: 1 | E41: UN | F41: 922.25 | G41: 12 | H41: =+F41*G41 -> 11067 | K41: =+J41*19% -> 0 | L41: =+J41+K41 -> 0 | M41: =L41*$D41 -> 0 | N41: =+M41*G41 -> 0 | O41: =+IF(L41=0,"NO OFERTADO",IF(L41<=($F41*(1+$GE$4)),"CUMPLE","NO CUMPLE")) -> NO OFERTADO | Q41: NO | V41: =U41*$D41 -> 0 | W41: =+V41*G41 -> 0 | X41: =+IF(U41=0,"NO OFERTADO",IF(U41<=($F41*(1+$GE$4)),"CUMPLE","NO CUMPLE")) -> NO OFERTADO | Y41: 0 | Z41: NO | AA41: POR UNIDAD | AB41: 807 | AC41: 153 | AD41: =+AB41+AC41 -> 960 | AE41: =AD41*$D41 -> 960 | AF41: =+AE41*G41 -> 11520 | AG41: =+IF(AD41=0,"NO OFERTADO",IF(AD41<=($F41*(1+$GE$4)),"CUMPLE","NO CUMPLE")) -> CUMPLE | AH41: CUMPLE | AI41: SI | AM41: =+AK41+AL41 -> 0 | AN41: =AM41*$D41 -> 0 | AO41: =+AN41*G41 -> 0 | AP41: =+IF(AM41=0,"NO OFERTADO",IF(AM41<=($F41*(1+$GE$4)),"CUMPLE","NO CUMPLE")) -> NO OFERTADO | AR41: NO | AS41: Unidad | AT41: 980 | AU41: 186 | AV41: =+AT41+AU41 -> 1166 | AW41: =AV41*$D41 -> 1166 | AX41: =+AW41*G41 -> 13992 | AY41: =+IF(AV41=0,"NO OFERTADO",IF(AV41<=($F41*(1+$GE$4)),"CUMPLE","NO CUMPLE")) -> NO CUMPLE | AZ41: CUMPLE | BA41: NO | BE41: =BC41+BD41 -> 0 | BF41: =BE41*$D41 -> 0 | BG41: =+BF41*G41 -> 0 | BH41: =+IF(BE41=0,"NO OFERTADO",IF(BE41<=($F41*(1+$GE$4)),"CUMPLE","NO CUMPLE")) -> NO OFERTADO | BI41: 0 | BJ41: NO | BN41: =+BL41+BM41 -> 0 | BO41: =BN41*$D41 -> 0 | BP41: =+BO41*G41 -> 0 | BQ41: =+IF(BN41=0,"NO OFERTADO",IF(BN41<=($F41*(1+$KI$4)),"CUMPLE","NO CUMPLE")) -> NO OFERTADO | BR41: =VLOOKUP(B41,'[1]ANEXO TECNICO'!$B$3:$P$334,15,0) -> 0 | BS41: NO | BT41: caja x 25 | BU41: 1628.1 | BV41: 309.339 | BW41: =+BU41+BV41 -> 1937.439 | BX41: =+BW41*D41 -> 1937.439 | BY41: =+BX41*G41 -> 23249.268 | BZ41: =+IF(BW41=0,"NO OFERTADO",IF(BW41<=($F41*(1+$GE$4)),"CUMPLE","NO CUMPLE")) -> NO CUMPLE | CA41: CUMPLE | CB41: NO | CE41: =+CD41*0.19 -> 0 | CF41: =+CD41+CE41 -> 0 | CG41: =CF41*$D41 -> 0 | CH41: =+CG41*G41 -> 0 | CI41: =+IF(CF41=0,"NO OFERTADO",IF(CF41<=($F41*(1+$GE$4)),"CUMPLE","NO CUMPLE")) -> NO OFERTADO | CK41: NO | CO41: =+CM41+CN41 -> 0 | CP41: =CO41*$D41 -> 0 | CQ41: =+CP41*G41 -> 0 | CR41: =+IF(CO41=0,"NO OFERTADO",IF(CO41<=($F41*(1+$GE$4)),"CUMPLE","NO CUMPLE")) -> NO OFERTADO | CT41: NO | CU41: UNIDAD | CV41: 765 | CW41: =+CV41*0.19 -> 145.35 | CX41: =+CV41+CW41 -> 910.35 | CY41: =CX41*$D41 -> 910.35 | CZ41: =+CY41*G41 -> 10924.2 | DA41: =+IF(CX41=0,"NO OFERTADO",IF(CX41<=($F41*(1+$GE$4)),"CUMPLE","NO CUMPLE")) -> CUMPLE | DB41: CUMPLE | DC41: SI | DG41: =+DE41+DF41 -> 0 | DH41: =DG41*$D41 -> 0 | DI41: =+DH41*G41 -> 0 | DJ41: =+IF(DG41=0,"NO OFERTADO",IF(DG41<=($F41*(1+$GE$4)),"CUMPLE","NO CUMPLE")) -> NO OFERTADO | DL41: NO | DP41: 0 | DQ41: =+DP41*D41 -> 0 | DR41: =+DQ41*G41 -> 0 | DS41: =+IF(DP41=0,"NO OFERTADO",IF(DP41<=($F41*(1+$GE$4)),"CUMPLE","NO CUMPLE")) -> NO OFERTADO | DU41: NO | DV41: UNIDAD | DW41: 1428 | DX41: 271.32 | DY41: =+DW41+DX41 -> 1699.32 | DZ41: =DY41*$D41 -> 1699.32 | EA41: =+DZ41*G41 -> 20391.84 | EB41: =+IF(DY41=0,"NO OFERTADO",IF(DY41<=($F41*(1+$GE$4)),"CUMPLE","NO CUMPLE")) -> NO CUMPLE | EC41: NO CUMPLE | ED41: NO | EE41: . | EF41: 841.17647 | EG41: 159.82353 | EH41: =+EF41+EG41 -> 1001 | EI41: =EH41*$D41 -> 1001 | EJ41: =+EI41*G41 -> 12012 | EK41: =+IF(EH41=0,"NO OFERTADO",IF(EH41<=($F41*(1+$GE$4)),"CUMPLE","NO CUMPLE")) -> CUMPLE | EL41: CUMPLE | EM41: SI | EQ41: 0 | ER41: =EQ41*$D41 -> 0 | ES41: =+ER41*G41 -> 0 | ET41: =+IF(EQ41=0,"NO OFERTADO",IF(EQ41<=($F41*(1+$GE$4)),"CUMPLE","NO CUMPLE")) -> NO OFERTADO | EV41: NO | EW41: 0 | EX41: 0 | EY41: 0 | EZ41: 0 | FA41: =EZ41*$D41 -> 0 | FB41: =+FA41*G41 -> 0 | FC41: =+IF(EZ41=0,"NO OFERTADO",IF(EZ41<=($F41*(1+$GE$4)),"CUMPLE","NO CUMPLE")) -> NO OFERTADO | FE41: NO | FF41: 0 | FH41: 0 | FI41: 0 | FJ41: =FI41*$D41 -> 0 | FK41: =+FJ41*G41 -> 0 | FL41: =+IF(FI41=0,"NO OFERTADO",IF(FI41<=($F41*(1+$GE$4)),"CUMPLE","NO CUMPLE")) -> NO OFERTADO | FN41: NO | FR41: =+FP41+FQ41 -> 0 | FS41: =FR41*$D41 -> 0 | FT41: =+FS41*G41 -> 0 | FU41: =+IF(FR41=0,"NO OFERTADO",IF(FR41<=($F41*(1+$GE$4)),"CUMPLE","NO CUMPLE")) -> NO OFERTADO | FV41: 0 | FW41: NO | FX41: UNIDAD | FY41: =+GA41/1.19 -> 1665.5462 | FZ41: =+FY41*0.19 -> 316.45378 | GA41: 1982 | GB41: =GA41*$D41 -> 1982 | GC41: =+GB41*G41 -> 23784 | GD41: =+IF(GA41=0,"NO OFERTADO",IF(GA41<=($F41*(1+$GE$4)),"CUMPLE","NO CUMPLE")) -> NO CUMPLE | GE41: CUMPLE | GF41: NO
A42: 33 | B42: DM216 | C42: CANULA DE GUEDEL N 3 | D42: 1 | E42: UN | F42: 922.25 | G42: 28 | H42: =+F42*G42 -> 25823 | K42: =+J42*19% -> 0 | L42: =+J42+K42 -> 0 | M42: =L42*$D42 -> 0 | N42: =+M42*G42 -> 0 | O42: =+IF(L42=0,"NO OFERTADO",IF(L42<=($F42*(1+$GE$4)),"CUMPLE","NO CUMPLE")) -> NO OFERTADO | Q42: NO | V42: =U42*$D42 -> 0 | W42: =+V42*G42 -> 0 | X42: =+IF(U42=0,"NO OFERTADO",IF(U42<=($F42*(1+$GE$4)),"CUMPLE","NO CUMPLE")) -> NO OFERTADO | Y42: 0 | Z42: NO | AA42: POR UNIDAD | AB42: 807 | AC42: 153 | AD42: =+AB42+AC42 -> 960 | AE42: =AD42*$D42 -> 960 | AF42: =+AE42*G42 -> 26880 | AG42: =+IF(AD42=0,"NO OFERTADO",IF(AD42<=($F42*(1+$GE$4)),"CUMPLE","NO CUMPLE")) -> CUMPLE | AH42: CUMPLE | AI42: SI | AM42: =+AK42+AL42 -> 0 | AN42: =AM42*$D42 -> 0 | AO42: =+AN42*G42 -> 0 | AP42: =+IF(AM42=0,"NO OFERTADO",IF(AM42<=($F42*(1+$GE$4)),"CUMPLE","NO CUMPLE")) -> NO OFERTADO | AR42: NO | AS42: Unidad | AT42: 980 | AU42: 186 | AV42: =+AT42+AU42 -> 1166 | AW42: =AV42*$D42 -> 1166 | AX42: =+AW42*G42 -> 32648 | AY42: =+IF(AV42=0,"NO OFERTADO",IF(AV42<=($F42*(1+$GE$4)),"CUMPLE","NO CUMPLE")) -> NO CUMPLE | AZ42: CUMPLE | BA42: NO | BE42: =BC42+BD42 -> 0 | BF42: =BE42*$D42 -> 0 | BG42: =+BF42*G42 -> 0 | BH42: =+IF(BE42=0,"NO OFERTADO",IF(BE42<=($F42*(1+$GE$4)),"CUMPLE","NO CUMPLE")) -> NO OFERTADO | BI42: 0 | BJ42: NO | BN42: =+BL42+BM42 -> 0 | BO42: =BN42*$D42 -> 0 | BP42: =+BO42*G42 -> 0 | BQ42: =+IF(BN42=0,"NO OFERTADO",IF(BN42<=($F42*(1+$KI$4)),"CUMPLE","NO CUMPLE")) -> NO OFERTADO | BR42: =VLOOKUP(B42,'[1]ANEXO TECNICO'!$B$3:$P$334,15,0) -> 0 | BS42: NO | BT42: caja x 25 | BU42: 2227.095 | BV42: 423.14805 | BW42: =+BU42+BV42 -> 2650.2431 | BX42: =+BW42*D42 -> 2650.2431 | BY42: =+BX42*G42 -> 74206.805 | BZ42: =+IF(BW42=0,"NO OFERTADO",IF(BW42<=($F42*(1+$GE$4)),"CUMPLE","NO CUMPLE")) -> NO CUMPLE | CA42: CUMPLE | CB42: NO | CE42: =+CD42*0.19 -> 0 | CF42: =+CD42+CE42 -> 0 | CG42: =CF42*$D42 -> 0 | CH42: =+CG42*G42 -> 0 | CI42: =+IF(CF42=0,"NO OFERTADO",IF(CF42<=($F42*(1+$GE$4)),"CUMPLE","NO CUMPLE")) -> NO OFERTADO | CK42: NO | CO42: =+CM42+CN42 -> 0 | CP42: =CO42*$D42 -> 0 | CQ42: =+CP42*G42 -> 0 | CR42: =+IF(CO42=0,"NO OFERTADO",IF(CO42<=($F42*(1+$GE$4)),"CUMPLE","NO CUMPLE")) -> NO OFERTADO | CT42: NO | CU42: UNIDAD | CV42: 765 | CW42: =+CV42*0.19 -> 145.35 | CX42: =+CV42+CW42 -> 910.35 | CY42: =CX42*$D42 -> 910.35 | CZ42: =+CY42*G42 -> 25489.8 | DA42: =+IF(CX42=0,"NO OFERTADO",IF(CX42<=($F42*(1+$GE$4)),"CUMPLE","NO CUMPLE")) -> CUMPLE | DB42: CUMPLE | DC42: SI | DG42: =+DE42+DF42 -> 0 | DH42: =DG42*$D42 -> 0 | DI42: =+DH42*G42 -> 0 | DJ42: =+IF(DG42=0,"NO OFERTADO",IF(DG42<=($F42*(1+$GE$4)),"CUMPLE","NO CUMPLE")) -> NO OFERTADO | DL42: NO | DP42: 0 | DQ42: =+DP42*D42 -> 0 | DR42: =+DQ42*G42 -> 0 | DS42: =+IF(DP42=0,"NO OFERTADO",IF(DP42<=($F42*(1+$GE$4)),"CUMPLE","NO CUMPLE")) -> NO OFERTADO | DU42: NO | DV42: UNIDAD | DW42: 1952 | DX42: 370.88 | DY42: =+DW42+DX42 -> 2322.88 | DZ42: =DY42*$D42 -> 2322.88 | EA42: =+DZ42*G42 -> 65040.64 | EB42: =+IF(DY42=0,"NO OFERTADO",IF(DY42<=($F42*(1+$GE$4)),"CUMPLE","NO CUMPLE")) -> NO CUMPLE | EC42: NO CUMPLE | ED42: NO | EE42: . | EF42: 841.17647 | EG42: 159.82353 | EH42: =+EF42+EG42 -> 1001 | EI42: =EH42*$D42 -> 1001 | EJ42: =+EI42*G42 -> 28028 | EK42: =+IF(EH42=0,"NO OFERTADO",IF(EH42<=($F42*(1+$GE$4)),"CUMPLE","NO CUMPLE")) -> CUMPLE | EL42: CUMPLE | EM42: SI | EQ42: 0 | ER42: =EQ42*$D42 -> 0 | ES42: =+ER42*G42 -> 0 | ET42: =+IF(EQ42=0,"NO OFERTADO",IF(EQ42<=($F42*(1+$GE$4)),"CUMPLE","NO CUMPLE")) -> NO OFERTADO | EV42: NO | EW42: 0 | EX42: 0 | EY42: 0 | EZ42: 0 | FA42: =EZ42*$D42 -> 0 | FB42: =+FA42*G42 -> 0 | FC42: =+IF(EZ42=0,"NO OFERTADO",IF(EZ42<=($F42*(1+$GE$4)),"CUMPLE","NO CUMPLE")) -> NO OFERTADO | FE42: NO | FF42: 0 | FH42: 0 | FI42: 0 | FJ42: =FI42*$D42 -> 0 | FK42: =+FJ42*G42 -> 0 | FL42: =+IF(FI42=0,"NO OFERTADO",IF(FI42<=($F42*(1+$GE$4)),"CUMPLE","NO CUMPLE")) -> NO OFERTADO | FN42: NO | FR42: =+FP42+FQ42 -> 0 | FS42: =FR42*$D42 -> 0 | FT42: =+FS42*G42 -> 0 | FU42: =+IF(FR42=0,"NO OFERTADO",IF(FR42<=($F42*(1+$GE$4)),"CUMPLE","NO CUMPLE")) -> NO OFERTADO | FV42: 0 | FW42: NO | FX42: UNIDAD | FY42: =+GA42/1.19 -> 2280.6723 | FZ42: =+FY42*0.19 -> 433.32773 | GA42: 2714 | GB42: =GA42*$D42 -> 2714 | GC42: =+GB42*G42 -> 75992 | GD42: =+IF(GA42=0,"NO OFERTADO",IF(GA42<=($F42*(1+$GE$4)),"CUMPLE","NO CUMPLE")) -> NO CUMPLE | GE42: CUMPLE | GF42: NO
A43: 34 | B43: DM217 | C43: CANULA DE GUEDEL N 4 | D43: 1 | E43: UN | F43: 922.25 | G43: 55 | H43: =+F43*G43 -> 50723.75 | K43: =+J43*19% -> 0 | L43: =+J43+K43 -> 0 | M43: =L43*$D43 -> 0 | N43: =+M43*G43 -> 0 | O43: =+IF(L43=0,"NO OFERTADO",IF(L43<=($F43*(1+$GE$4)),"CUMPLE","NO CUMPLE")) -> NO OFERTADO | Q43: NO | V43: =U43*$D43 -> 0 | W43: =+V43*G43 -> 0 | X43: =+IF(U43=0,"NO OFERTADO",IF(U43<=($F43*(1+$GE$4)),"CUMPLE","NO CUMPLE")) -> NO OFERTADO | Y43: 0 | Z43: NO | AA43: POR UNIDAD | AB43: 807 | AC43: 153 | AD43: =+AB43+AC43 -> 960 | AE43: =AD43*$D43 -> 960 | AF43: =+AE43*G43 -> 52800 | AG43: =+IF(AD43=0,"NO OFERTADO",IF(AD43<=($F43*(1+$GE$4)),"CUMPLE","NO CUMPLE")) -> CUMPLE | AH43: CUMPLE | AI43: SI | AM43: =+AK43+AL43 -> 0 | AN43: =AM43*$D43 -> 0 | AO43: =+AN43*G43 -> 0 | AP43: =+IF(AM43=0,"NO OFERTADO",IF(AM43<=($F43*(1+$GE$4)),"CUMPLE","NO CUMPLE")) -> NO OFERTADO | AR43: NO | AS43: Unidad | AT43: 980 | AU43: 186 | AV43: =AT43+AU43 -> 1166 | AW43: =AV43*$D43 -> 1166 | AX43: =+AW43*G43 -> 64130 | AY43: =+IF(AV43=0,"NO OFERTADO",IF(AV43<=($F43*(1+$GE$4)),"CUMPLE","NO CUMPLE")) -> NO CUMPLE | AZ43: CUMPLE | BA43: NO | BE43: =BC43+BD43 -> 0 | BF43: =BE43*$D43 -> 0 | BG43: =+BF43*G43 -> 0 | BH43: =+IF(BE43=0,"NO OFERTADO",IF(BE43<=($F43*(1+$GE$4)),"CUMPLE","NO CUMPLE")) -> NO OFERTADO | BI43: 0 | BJ43: NO | BN43: =BL43+BM43 -> 0 | BO43: =BN43*$D43 -> 0 | BP43: =+BO43*G43 -> 0 | BQ43: =+IF(BN43=0,"NO OFERTADO",IF(BN43<=($F43*(1+$KI$4)),"CUMPLE","NO CUMPLE")) -> NO OFERTADO | BR43: =VLOOKUP(B43,'[1]ANEXO TECNICO'!$B$3:$P$334,15,0) -> 0 | BS43: NO | BT43: caja x 25 | BU43: 2227.095 | BV43: 423.14805 | BW43: =+BU43+BV43 -> 2650.2431 | BX43: =+BW43*D43 -> 2650.2431 | BY43: =+BX43*G43 -> 145763.37 | BZ43: =+IF(BW43=0,"NO OFERTADO",IF(BW43<=($F43*(1+$GE$4)),"CUMPLE","NO CUMPLE")) -> NO CUMPLE | CA43: CUMPLE | CB43: NO | CF43: =CD43+CE43 -> 0 | CG43: =CF43*$D43 -> 0 | CH43: =+CG43*G43 -> 0 | CI43: =+IF(CF43=0,"NO OFERTADO",IF(CF43<=($F43*(1+$GE$4)),"CUMPLE","NO CUMPLE")) -> NO OFERTADO | CK43: NO | CO43: =CM43+CN43 -> 0 | CP43: =CO43*$D43 -> 0 | CQ43: =+CP43*G43 -> 0 | CR43: =+IF(CO43=0,"NO OFERTADO",IF(CO43<=($F43*(1+$GE$4)),"CUMPLE","NO CUMPLE")) -> NO OFERTADO | CT43: NO | CU43: UNIDAD | CV43: 765 | CW43: =+CV43*0.19 -> 145.35 | CX43: =CV43+CW43 -> 910.35 | CY43: =CX43*$D43 -> 910.35 | CZ43: =+CY43*G43 -> 50069.25 | DA43: =+IF(CX43=0,"NO OFERTADO",IF(CX43<=($F43*(1+$GE$4)),"CUMPLE","NO CUMPLE")) -> CUMPLE | DB43: CUMPLE | DC43: SI | DG43: =DE43+DF43 -> 0 | DH43: =DG43*$D43 -> 0 | DI43: =+DH43*G43 -> 0 | DJ43: =+IF(DG43=0,"NO OFERTADO",IF(DG43<=($F43*(1+$GE$4)),"CUMPLE","NO CUMPLE")) -> NO OFERTADO | DL43: NO | DP43: 0 | DQ43: =+DP43*D43 -> 0 | DR43: =+DQ43*G43 -> 0 | DS43: =+IF(DP43=0,"NO OFERTADO",IF(DP43<=($F43*(1+$GE$4)),"CUMPLE","NO CUMPLE")) -> NO OFERTADO | DU43: NO | DV43: UNIDAD | DW43: 1952 | DX43: 370.88 | DY43: =DW43+DX43 -> 2322.88 | DZ43: =DY43*$D43 -> 2322.88 | EA43: =+DZ43*G43 -> 127758.4 | EB43: =+IF(DY43=0,"NO OFERTADO",IF(DY43<=($F43*(1+$GE$4)),"CUMPLE","NO CUMPLE")) -> NO CUMPLE | EC43: NO CUMPLE | ED43: NO | EE43: . | EF43: 841.17647 | EG43: 159.82353 | EH43: =EF43+EG43 -> 1001 | EI43: =EH43*$D43 -> 1001 | EJ43: =+EI43*G43 -> 55055 | EK43: =+IF(EH43=0,"NO OFERTADO",IF(EH43<=($F43*(1+$GE$4)),"CUMPLE","NO CUMPLE")) -> CUMPLE | EL43: CUMPLE | EM43: SI | EQ43: 0 | ER43: =EQ43*$D43 -> 0 | ES43: =+ER43*G43 -> 0 | ET43: =+IF(EQ43=0,"NO OFERTADO",IF(EQ43<=($F43*(1+$GE$4)),"CUMPLE","NO CUMPLE")) -> NO OFERTADO | EV43: NO | EW43: 0 | EX43: 0 | EY43: 0 | EZ43: 0 | FA43: =EZ43*$D43 -> 0 | FB43: =+FA43*G43 -> 0 | FC43: =+IF(EZ43=0,"NO OFERTADO",IF(EZ43<=($F43*(1+$GE$4)),"CUMPLE","NO CUMPLE")) -> NO OFERTADO | FE43: NO | FF43: 0 | FH43: 0 | FI43: 0 | FJ43: =FI43*$D43 -> 0 | FK43: =+FJ43*G43 -> 0 | FL43: =+IF(FI43=0,"NO OFERTADO",IF(FI43<=($F43*(1+$GE$4)),"CUMPLE","NO CUMPLE")) -> NO OFERTADO | FN43: NO | FR43: =FP43+FQ43 -> 0 | FS43: =FR43*$D43 -> 0 | FT43: =+FS43*G43 -> 0 | FU43: =+IF(FR43=0,"NO OFERTADO",IF(FR43<=($F43*(1+$GE$4)),"CUMPLE","NO CUMPLE")) -> NO OFERTADO | FV43: 0 | FW43: NO | FX43: UNIDAD | FY43: =+GA43/1.19 -> 2280.6723 | FZ43: =+FY43*0.19 -> 433.32773 | GA43: 2714 | GB43: =GA43*$D43 -> 2714 | GC43: =+GB43*G43 -> 149270 | GD43: =+IF(GA43=0,"NO OFERTADO",IF(GA43<=($F43*(1+$GE$4)),"CUMPLE","NO CUMPLE")) -> NO CUMPLE | GE43: CUMPLE | GF43: NO
A44: 35 | B44: DM218 | C44: CANULA DE GUEDEL N 5 | D44: 1 | E44: UN | F44: 922.25 | G44: 69 | H44: =+F44*G44 -> 63635.25 | K44: =+J44*19% -> 0 | L44: =+J44+K44 -> 0 | M44: =L44*$D44 -> 0 | N44: =+M44*G44 -> 0 | O44: =+IF(L44=0,"NO OFERTADO",IF(L44<=($F44*(1+$GE$4)),"CUMPLE","NO CUMPLE")) -> NO OFERTADO | Q44: NO | V44: =U44*$D44 -> 0 | W44: =+V44*G44 -> 0 | X44: =+IF(U44=0,"NO OFERTADO",IF(U44<=($F44*(1+$GE$4)),"CUMPLE","NO CUMPLE")) -> NO OFERTADO | Y44: 0 | Z44: NO | AA44: POR UNIDAD | AB44: 807 | AC44: 153 | AD44: =+AB44+AC44 -> 960 | AE44: =AD44*$D44 -> 960 | AF44: =+AE44*G44 -> 66240 | AG44: =+IF(AD44=0,"NO OFERTADO",IF(AD44<=($F44*(1+$GE$4)),"CUMPLE","NO CUMPLE")) -> CUMPLE | AH44: CUMPLE | AI44: SI | AM44: =+AK44+AL44 -> 0 | AN44: =AM44*$D44 -> 0 | AO44: =+AN44*G44 -> 0 | AP44: =+IF(AM44=0,"NO OFERTADO",IF(AM44<=($F44*(1+$GE$4)),"CUMPLE","NO CUMPLE")) -> NO OFERTADO | AR44: NO | AS44: Unidad | AT44: 980 | AU44: 186 | AV44: =AT44+AU44 -> 1166 | AW44: =AV44*$D44 -> 1166 | AX44: =+AW44*G44 -> 80454 | AY44: =+IF(AV44=0,"NO OFERTADO",IF(AV44<=($F44*(1+$GE$4)),"CUMPLE","NO CUMPLE")) -> NO CUMPLE | AZ44: CUMPLE | BA44: NO | BE44: =BC44+BD44 -> 0 | BF44: =BE44*$D44 -> 0 | BG44: =+BF44*G44 -> 0 | BH44: =+IF(BE44=0,"NO OFERTADO",IF(BE44<=($F44*(1+$GE$4)),"CUMPLE","NO CUMPLE")) -> NO OFERTADO | BI44: 0 | BJ44: NO | BN44: =BL44+BM44 -> 0 | BO44: =BN44*$D44 -> 0 | BP44: =+BO44*G44 -> 0 | BQ44: =+IF(BN44=0,"NO OFERTADO",IF(BN44<=($F44*(1+$KI$4)),"CUMPLE","NO CUMPLE")) -> NO OFERTADO | BR44: =VLOOKUP(B44,'[1]ANEXO TECNICO'!$B$3:$P$334,15,0) -> 0 | BS44: NO | BT44: caja x 25 | BU44: 2227.095 | BV44: 423.14805 | BW44: =+BU44+BV44 -> 2650.2431 | BX44: =+BW44*D44 -> 2650.2431 | BY44: =+BX44*G44 -> 182866.77 | BZ44: =+IF(BW44=0,"NO OFERTADO",IF(BW44<=($F44*(1+$GE$4)),"CUMPLE","NO CUMPLE")) -> NO CUMPLE | CA44: CUMPLE | CB44: NO | CF44: =CD44+CE44 -> 0 | CG44: =CF44*$D44 -> 0 | CH44: =+CG44*G44 -> 0 | CI44: =+IF(CF44=0,"NO OFERTADO",IF(CF44<=($F44*(1+$GE$4)),"CUMPLE","NO CUMPLE")) -> NO OFERTADO | CK44: NO | CO44: =CM44+CN44 -> 0 | CP44: =CO44*$D44 -> 0 | CQ44: =+CP44*G44 -> 0 | CR44: =+IF(CO44=0,"NO OFERTADO",IF(CO44<=($F44*(1+$GE$4)),"CUMPLE","NO CUMPLE")) -> NO OFERTADO | CT44: NO | CU44: UNIDAD | CV44: 765 | CW44: =+CV44*0.19 -> 145.35 | CX44: =CV44+CW44 -> 910.35 | CY44: =CX44*$D44 -> 910.35 | CZ44: =+CY44*G44 -> 62814.15 | DA44: =+IF(CX44=0,"NO OFERTADO",IF(CX44<=($F44*(1+$GE$4)),"CUMPLE","NO CUMPLE")) -> CUMPLE | DB44: CUMPLE | DC44: SI | DG44: =DE44+DF44 -> 0 | DH44: =DG44*$D44 -> 0 | DI44: =+DH44*G44 -> 0 | DJ44: =+IF(DG44=0,"NO OFERTADO",IF(DG44<=($F44*(1+$GE$4)),"CUMPLE","NO CUMPLE")) -> NO OFERTADO | DL44: NO | DP44: 0 | DQ44: =+DP44*D44 -> 0 | DR44: =+DQ44*G44 -> 0 | DS44: =+IF(DP44=0,"NO OFERTADO",IF(DP44<=($F44*(1+$GE$4)),"CUMPLE","NO CUMPLE")) -> NO OFERTADO | DU44: NO | DV44: UNIDAD | DW44: 1952 | DX44: 370.88 | DY44: =DW44+DX44 -> 2322.88 | DZ44: =DY44*$D44 -> 2322.88 | EA44: =+DZ44*G44 -> 160278.72 | EB44: =+IF(DY44=0,"NO OFERTADO",IF(DY44<=($F44*(1+$GE$4)),"CUMPLE","NO CUMPLE")) -> NO CUMPLE | EC44: NO CUMPLE | ED44: NO | EE44: . | EF44: 841.17647 | EG44: 159.82353 | EH44: =EF44+EG44 -> 1001 | EI44: =EH44*$D44 -> 1001 | EJ44: =+EI44*G44 -> 69069 | EK44: =+IF(EH44=0,"NO OFERTADO",IF(EH44<=($F44*(1+$GE$4)),"CUMPLE","NO CUMPLE")) -> CUMPLE | EL44: CUMPLE | EM44: SI | EQ44: 0 | ER44: =EQ44*$D44 -> 0 | ES44: =+ER44*G44 -> 0 | ET44: =+IF(EQ44=0,"NO OFERTADO",IF(EQ44<=($F44*(1+$GE$4)),"CUMPLE","NO CUMPLE")) -> NO OFERTADO | EV44: NO | EW44: 0 | EX44: 0 | EY44: 0 | EZ44: 0 | FA44: =EZ44*$D44 -> 0 | FB44: =+FA44*G44 -> 0 | FC44: =+IF(EZ44=0,"NO OFERTADO",IF(EZ44<=($F44*(1+$GE$4)),"CUMPLE","NO CUMPLE")) -> NO OFERTADO | FE44: NO | FF44: 0 | FH44: 0 | FI44: 0 | FJ44: =FI44*$D44 -> 0 | FK44: =+FJ44*G44 -> 0 | FL44: =+IF(FI44=0,"NO OFERTADO",IF(FI44<=($F44*(1+$GE$4)),"CUMPLE","NO CUMPLE")) -> NO OFERTADO | FN44: NO | FR44: =FP44+FQ44 -> 0 | FS44: =FR44*$D44 -> 0 | FT44: =+FS44*G44 -> 0 | FU44: =+IF(FR44=0,"NO OFERTADO",IF(FR44<=($F44*(1+$GE$4)),"CUMPLE","NO CUMPLE")) -> NO OFERTADO | FV44: 0 | FW44: NO | FX44: UNIDAD | FY44: =+GA44/1.19 -> 2280.6723 | FZ44: =+FY44*0.19 -> 433.32773 | GA44: 2714 | GB44: =GA44*$D44 -> 2714 | GC44: =+GB44*G44 -> 187266 | GD44: =+IF(GA44=0,"NO OFERTADO",IF(GA44<=($F44*(1+$GE$4)),"CUMPLE","NO CUMPLE")) -> NO CUMPLE | GE44: CUMPLE | GF44: NO
A45: 36 | B45: DM230 | C45: CANULA TRAQUEOSTOMIA 5.0 C/B | D45: 1 | E45: UN | F45: 16362.5 | G45: 1 | H45: =+F45*G45 -> 16362.5 | K45: =+J45*19% -> 0 | L45: =+J45+K45 -> 0 | M45: =L45*$D45 -> 0 | N45: =+M45*G45 -> 0 | O45: =+IF(L45=0,"NO OFERTADO",IF(L45<=($F45*(1+$GE$4)),"CUMPLE","NO CUMPLE")) -> NO OFERTADO | Q45: NO | V45: =U45*$D45 -> 0 | W45: =+V45*G45 -> 0 | X45: =+IF(U45=0,"NO OFERTADO",IF(U45<=($F45*(1+$GE$4)),"CUMPLE","NO CUMPLE")) -> NO OFERTADO | Y45: 0 | Z45: NO | AA45: POR UNIDAD | AB45: 16591 | AC45: 3152 | AD45: =+AB45+AC45 -> 19743 | AE45: =AD45*$D45 -> 19743 | AF45: =+AE45*G45 -> 19743 | AG45: =+IF(AD45=0,"NO OFERTADO",IF(AD45<=($F45*(1+$GE$4)),"CUMPLE","NO CUMPLE")) -> NO CUMPLE | AH45: CUMPLE | AI45: NO | AM45: =+AK45+AL45 -> 0 | AN45: =AM45*$D45 -> 0 | AO45: =+AN45*G45 -> 0 | AP45: =+IF(AM45=0,"NO OFERTADO",IF(AM45<=($F45*(1+$GE$4)),"CUMPLE","NO CUMPLE")) -> NO OFERTADO | AR45: NO | AS45: Unidad | AT45: 13750 | AU45: 2613 | AV45: =AT45+AU45 -> 16363 | AW45: =AV45*$D45 -> 16363 | AX45: =+AW45*G45 -> 16363 | AY45: =+IF(AV45=0,"NO OFERTADO",IF(AV45<=($F45*(1+$GE$4)),"CUMPLE","NO CUMPLE")) -> CUMPLE | AZ45: CUMPLE | BA45: SI | BE45: =BC45+BD45 -> 0 | BF45: =BE45*$D45 -> 0 | BG45: =+BF45*G45 -> 0 | BH45: =+IF(BE45=0,"NO OFERTADO",IF(BE45<=($F45*(1+$GE$4)),"CUMPLE","NO CUMPLE")) -> NO OFERTADO | BI45: 0 | BJ45: NO | BN45: =BL45+BM45 -> 0 | BO45: =BN45*$D45 -> 0 | BP45: =+BO45*G45 -> 0 | BQ45: =+IF(BN45=0,"NO OFERTADO",IF(BN45<=($F45*(1+$KI$4)),"CUMPLE","NO CUMPLE")) -> NO OFERTADO | BR45: =VLOOKUP(B45,'[1]ANEXO TECNICO'!$B$3:$P$334,15,0) -> 0 | BS45: NO | BX45: 0 | BY45: =+BX45*G45 -> 0 | BZ45: =+IF(BW45=0,"NO OFERTADO",IF(BW45<=($F45*(1+$GE$4)),"CUMPLE","NO CUMPLE")) -> NO OFERTADO | CB45: NO | CF45: =CD45+CE45 -> 0 | CG45: =CF45*$D45 -> 0 | CH45: =+CG45*G45 -> 0 | CI45: =+IF(CF45=0,"NO OFERTADO",IF(CF45<=($F45*(1+$GE$4)),"CUMPLE","NO CUMPLE")) -> NO OFERTADO | CK45: NO | CO45: =CM45+CN45 -> 0 | CP45: =CO45*$D45 -> 0 | CQ45: =+CP45*G45 -> 0 | CR45: =+IF(CO45=0,"NO OFERTADO",IF(CO45<=($F45*(1+$GE$4)),"CUMPLE","NO CUMPLE")) -> NO OFERTADO | CT45: NO | CX45: =CV45+CW45 -> 0 | CY45: =CX45*$D45 -> 0 | CZ45: =+CY45*G45 -> 0 | DA45: =+IF(CX45=0,"NO OFERTADO",IF(CX45<=($F45*(1+$GE$4)),"CUMPLE","NO CUMPLE")) -> NO OFERTADO | DC45: NO | DG45: =DE45+DF45 -> 0 | DH45: =DG45*$D45 -> 0 | DI45: =+DH45*G45 -> 0 | DJ45: =+IF(DG45=0,"NO OFERTADO",IF(DG45<=($F45*(1+$GE$4)),"CUMPLE","NO CUMPLE")) -> NO OFERTADO | DL45: NO | DP45: 0 | DQ45: =+DP45*D45 -> 0 | DR45: =+DQ45*G45 -> 0 | DS45: =+IF(DP45=0,"NO OFERTADO",IF(DP45<=($F45*(1+$GE$4)),"CUMPLE","NO CUMPLE")) -> NO OFERTADO | DU45: NO | DV45: UNIDAD | DW45: 27256 | DX45: 5178.64 | DY45: =DW45+DX45 -> 32434.64 | DZ45: =DY45*$D45 -> 32434.64 | EA45: =+DZ45*G45 -> 32434.64 | EB45: =+IF(DY45=0,"NO OFERTADO",IF(DY45<=($F45*(1+$GE$4)),"CUMPLE","NO CUMPLE")) -> NO CUMPLE | EC45: NO CUMPLE | ED45: NO | EE45: . | EF45: 0 | EG45: 0 | EH45: =EF45+EG45 -> 0 | EI45: =EH45*$D45 -> 0 | EJ45: =+EI45*G45 -> 0 | EK45: =+IF(EH45=0,"NO OFERTADO",IF(EH45<=($F45*(1+$GE$4)),"CUMPLE","NO CUMPLE")) -> NO OFERTADO | EM45: NO | EN45: UNIDAD | EO45: 13628 | EP45: 2589 | EQ45: 16217 | ER45: =EQ45*$D45 -> 16217 | ES45: =+ER45*G45 -> 16217 | ET45: =+IF(EQ45=0,"NO OFERTADO",IF(EQ45<=($F45*(1+$GE$4)),"CUMPLE","NO CUMPLE")) -> CUMPLE | EU45: CUMPLE | EV45: SI | EW45: 0 | EX45: 0 | EY45: 0 | EZ45: 0 | FA45: =EZ45*$D45 -> 0 | FB45: =+FA45*G45 -> 0 | FC45: =+IF(EZ45=0,"NO OFERTADO",IF(EZ45<=($F45*(1+$GE$4)),"CUMPLE","NO CUMPLE")) -> NO OFERTADO | FE45: NO | FF45: 0 | FH45: 0 | FI45: 0 | FJ45: =FI45*$D45 -> 0 | FK45: =+FJ45*G45 -> 0 | FL45: =+IF(FI45=0,"NO OFERTADO",IF(FI45<=($F45*(1+$GE$4)),"CUMPLE","NO CUMPLE")) -> NO OFERTADO | FN45: NO | FR45: =FP45+FQ45 -> 0 | FS45: =FR45*$D45 -> 0 | FT45: =+FS45*G45 -> 0 | FU45: =+IF(FR45=0,"NO OFERTADO",IF(FR45<=($F45*(1+$GE$4)),"CUMPLE","NO CUMPLE")) -> NO OFERTADO | FV45: 0 | FW45: NO | GB45: =GA45*$D45 -> 0 | GC45: =+GB45*G45 -> 0 | GD45: =+IF(GA45=0,"NO OFERTADO",IF(GA45<=($F45*(1+$GE$4)),"CUMPLE","NO CUMPLE")) -> NO OFERTADO | GF45: NO
A46: 37 | B46: DM2369 | C46: CANULA DE TRAQUEOSTOMIA 5 SIN BALON | D46: 1 | E46: UN | F46: 12126.1 | G46: 1 | H46: =+F46*G46 -> 12126.1 | K46: =+J46*19% -> 0 | L46: =+J46+K46 -> 0 | M46: =L46*$D46 -> 0 | N46: =+M46*G46 -> 0 | O46: =+IF(L46=0,"NO OFERTADO",IF(L46<=($F46*(1+$GE$4)),"CUMPLE","NO CUMPLE")) -> NO OFERTADO | Q46: NO | V46: =U46*$D46 -> 0 | W46: =+V46*G46 -> 0 | X46: =+IF(U46=0,"NO OFERTADO",IF(U46<=($F46*(1+$GE$4)),"CUMPLE","NO CUMPLE")) -> NO OFERTADO | Y46: 0 | Z46: NO | AA46: POR UNIDAD | AB46: 15500 | AC46: 2945 | AD46: =+AB46+AC46 -> 18445 | AE46: =AD46*$D46 -> 18445 | AF46: =+AE46*G46 -> 18445 | AG46: =+IF(AD46=0,"NO OFERTADO",IF(AD46<=($F46*(1+$GE$4)),"CUMPLE","NO CUMPLE")) -> NO CUMPLE | AH46: CUMPLE | AI46: NO | AM46: =+AK46+AL46 -> 0 | AN46: =AM46*$D46 -> 0 | AO46: =+AN46*G46 -> 0 | AP46: =+IF(AM46=0,"NO OFERTADO",IF(AM46<=($F46*(1+$GE$4)),"CUMPLE","NO CUMPLE")) -> NO OFERTADO | AR46: NO | AS46: Unidad | AT46: 10190 | AU46: 1936 | AV46: =AT46+AU46 -> 12126 | AW46: =AV46*$D46 -> 12126 | AX46: =+AW46*G46 -> 12126 | AY46: =+IF(AV46=0,"NO OFERTADO",IF(AV46<=($F46*(1+$GE$4)),"CUMPLE","NO CUMPLE")) -> CUMPLE | AZ46: CUMPLE | BA46: SI | BE46: =BC46+BD46 -> 0 | BF46: =BE46*$D46 -> 0 | BG46: =+BF46*G46 -> 0 | BH46: =+IF(BE46=0,"NO OFERTADO",IF(BE46<=($F46*(1+$GE$4)),"CUMPLE","NO CUMPLE")) -> NO OFERTADO | BI46: 0 | BJ46: NO | BN46: =BL46+BM46 -> 0 | BO46: =BN46*$D46 -> 0 | BP46: =+BO46*G46 -> 0 | BQ46: =+IF(BN46=0,"NO OFERTADO",IF(BN46<=($F46*(1+$KI$4)),"CUMPLE","NO CUMPLE")) -> NO OFERTADO | BR46: =VLOOKUP(B46,'[1]ANEXO TECNICO'!$B$3:$P$334,15,0) -> 0 | BS46: NO | BX46: 0 | BY46: =+BX46*G46 -> 0 | BZ46: =+IF(BW46=0,"NO OFERTADO",IF(BW46<=($F46*(1+$GE$4)),"CUMPLE","NO CUMPLE")) -> NO OFERTADO | CB46: NO | CF46: =CD46+CE46 -> 0 | CG46: =CF46*$D46 -> 0 | CH46: =+CG46*G46 -> 0 | CI46: =+IF(CF46=0,"NO OFERTADO",IF(CF46<=($F46*(1+$GE$4)),"CUMPLE","NO CUMPLE")) -> NO OFERTADO | CK46: NO | CO46: =CM46+CN46 -> 0 | CP46: =CO46*$D46 -> 0 | CQ46: =+CP46*G46 -> 0 | CR46: =+IF(CO46=0,"NO OFERTADO",IF(CO46<=($F46*(1+$GE$4)),"CUMPLE","NO CUMPLE")) -> NO OFERTADO | CT46: NO | CX46: =CV46+CW46 -> 0 | CY46: =CX46*$D46 -> 0 | CZ46: =+CY46*G46 -> 0 | DA46: =+IF(CX46=0,"NO OFERTADO",IF(CX46<=($F46*(1+$GE$4)),"CUMPLE","NO CUMPLE")) -> NO OFERTADO | DC46: NO | DG46: =DE46+DF46 -> 0 | DH46: =DG46*$D46 -> 0 | DI46: =+DH46*G46 -> 0 | DJ46: =+IF(DG46=0,"NO OFERTADO",IF(DG46<=($F46*(1+$GE$4)),"CUMPLE","NO CUMPLE")) -> NO OFERTADO | DL46: NO | DP46: 0 | DQ46: =+DP46*D46 -> 0 | DR46: =+DQ46*G46 -> 0 | DS46: =+IF(DP46=0,"NO OFERTADO",IF(DP46<=($F46*(1+$GE$4)),"CUMPLE","NO CUMPLE")) -> NO OFERTADO | DU46: NO | DY46: =DW46+DX46 -> 0 | DZ46: =DY46*$D46 -> 0 | EA46: =+DZ46*G46 -> 0 | EB46: =+IF(DY46=0,"NO OFERTADO",IF(DY46<=($F46*(1+$GE$4)),"CUMPLE","NO CUMPLE")) -> NO OFERTADO | ED46: NO | EE46: CJAX1 | EF46: 111329.41 | EG46: 21152.588 | EH46: =EF46+EG46 -> 132482 | EI46: =EH46*$D46 -> 132482 | EJ46: =+EI46*G46 -> 132482 | EK46: =+IF(EH46=0,"NO OFERTADO",IF(EH46<=($F46*(1+$GE$4)),"CUMPLE","NO CUMPLE")) -> NO CUMPLE | EL46: CUMPLE | EM46: NO | EQ46: 0 | ER46: =EQ46*$D46 -> 0 | ES46: =+ER46*G46 -> 0 | ET46: =+IF(EQ46=0,"NO OFERTADO",IF(EQ46<=($F46*(1+$GE$4)),"CUMPLE","NO CUMPLE")) -> NO OFERTADO | EV46: NO | EW46: 0 | EX46: 0 | EY46: 0 | EZ46: 0 | FA46: =EZ46*$D46 -> 0 | FB46: =+FA46*G46 -> 0 | FC46: =+IF(EZ46=0,"NO OFERTADO",IF(EZ46<=($F46*(1+$GE$4)),"CUMPLE","NO CUMPLE")) -> NO OFERTADO | FE46: NO | FF46: 0 | FH46: 0 | FI46: 0 | FJ46: =FI46*$D46 -> 0 | FK46: =+FJ46*G46 -> 0 | FL46: =+IF(FI46=0,"NO OFERTADO",IF(FI46<=($F46*(1+$GE$4)),"CUMPLE","NO CUMPLE")) -> NO OFERTADO | FN46: NO | FR46: =FP46+FQ46 -> 0 | FS46: =FR46*$D46 -> 0 | FT46: =+FS46*G46 -> 0 | FU46: =+IF(FR46=0,"NO OFERTADO",IF(FR46<=($F46*(1+$GE$4)),"CUMPLE","NO CUMPLE")) -> NO OFERTADO | FV46: 0 | FW46: NO | GB46: =GA46*$D46 -> 0 | GC46: =+GB46*G46 -> 0 | GD46: =+IF(GA46=0,"NO OFERTADO",IF(GA46<=($F46*(1+$GE$4)),"CUMPLE","NO CUMPLE")) -> NO OFERTADO | GF46: NO
A47: 38 | B47: DM234 | C47: CANULA TRAQUEOSTOMIA 5.5 C/B | D47: 1 | E47: UN | F47: 16362.5 | G47: 1 | H47: =+F47*G47 -> 16362.5 | K47: =+J47*19% -> 0 | L47: =+J47+K47 -> 0 | M47: =L47*$D47 -> 0 | N47: =+M47*G47 -> 0 | O47: =+IF(L47=0,"NO OFERTADO",IF(L47<=($F47*(1+$GE$4)),"CUMPLE","NO CUMPLE")) -> NO OFERTADO | Q47: NO | V47: =U47*$D47 -> 0 | W47: =+V47*G47 -> 0 | X47: =+IF(U47=0,"NO OFERTADO",IF(U47<=($F47*(1+$GE$4)),"CUMPLE","NO CUMPLE")) -> NO OFERTADO | Y47: 0 | Z47: NO | AA47: POR UNIDAD | AB47: 16591 | AC47: 3152 | AD47: =+AB47+AC47 -> 19743 | AE47: =AD47*$D47 -> 19743 | AF47: =+AE47*G47 -> 19743 | AG47: =+IF(AD47=0,"NO OFERTADO",IF(AD47<=($F47*(1+$GE$4)),"CUMPLE","NO CUMPLE")) -> NO CUMPLE | AH47: CUMPLE | AI47: NO | AM47: =+AK47+AL47 -> 0 | AN47: =AM47*$D47 -> 0 | AO47: =+AN47*G47 -> 0 | AP47: =+IF(AM47=0,"NO OFERTADO",IF(AM47<=($F47*(1+$GE$4)),"CUMPLE","NO CUMPLE")) -> NO OFERTADO | AR47: NO | AS47: Unidad | AT47: 13750 | AU47: 2613 | AV47: =AT47+AU47 -> 16363 | AW47: =AV47*$D47 -> 16363 | AX47: =+AW47*G47 -> 16363 | AY47: =+IF(AV47=0,"NO OFERTADO",IF(AV47<=($F47*(1+$GE$4)),"CUMPLE","NO CUMPLE")) -> CUMPLE | AZ47: CUMPLE | BA47: SI | BE47: =BC47+BD47 -> 0 | BF47: =BE47*$D47 -> 0 | BG47: =+BF47*G47 -> 0 | BH47: =+IF(BE47=0,"NO OFERTADO",IF(BE47<=($F47*(1+$GE$4)),"CUMPLE","NO CUMPLE")) -> NO OFERTADO | BI47: 0 | BJ47: NO | BN47: =BL47+BM47 -> 0 | BO47: =BN47*$D47 -> 0 | BP47: =+BO47*G47 -> 0 | BQ47: =+IF(BN47=0,"NO OFERTADO",IF(BN47<=($F47*(1+$KI$4)),"CUMPLE","NO CUMPLE")) -> NO OFERTADO | BR47: =VLOOKUP(B47,'[1]ANEXO TECNICO'!$B$3:$P$334,15,0) -> 0 | BS47: NO | BX47: 0 | BY47: =+BX47*G47 -> 0 | BZ47: =+IF(BW47=0,"NO OFERTADO",IF(BW47<=($F47*(1+$GE$4)),"CUMPLE","NO CUMPLE")) -> NO OFERTADO | CB47: NO | CF47: =CD47+CE47 -> 0 | CG47: =CF47*$D47 -> 0 | CH47: =+CG47*G47 -> 0 | CI47: =+IF(CF47=0,"NO OFERTADO",IF(CF47<=($F47*(1+$GE$4)),"CUMPLE","NO CUMPLE")) -> NO OFERTADO | CK47: NO | CO47: =CM47+CN47 -> 0 | CP47: =CO47*$D47 -> 0 | CQ47: =+CP47*G47 -> 0 | CR47: =+IF(CO47=0,"NO OFERTADO",IF(CO47<=($F47*(1+$GE$4)),"CUMPLE","NO CUMPLE")) -> NO OFERTADO | CT47: NO | CX47: =CV47+CW47 -> 0 | CY47: =CX47*$D47 -> 0 | CZ47: =+CY47*G47 -> 0 | DA47: =+IF(CX47=0,"NO OFERTADO",IF(CX47<=($F47*(1+$GE$4)),"CUMPLE","NO CUMPLE")) -> NO OFERTADO | DC47: NO | DG47: =DE47+DF47 -> 0 | DH47: =DG47*$D47 -> 0 | DI47: =+DH47*G47 -> 0 | DJ47: =+IF(DG47=0,"NO OFERTADO",IF(DG47<=($F47*(1+$GE$4)),"CUMPLE","NO CUMPLE")) -> NO OFERTADO | DL47: NO | DP47: 0 | DQ47: =+DP47*D47 -> 0 | DR47: =+DQ47*G47 -> 0 | DS47: =+IF(DP47=0,"NO OFERTADO",IF(DP47<=($F47*(1+$GE$4)),"CUMPLE","NO CUMPLE")) -> NO OFERTADO | DU47: NO | DV47: UNIDAD | DW47: 27256 | DX47: 5178.64 | DY47: =DW47+DX47 -> 32434.64 | DZ47: =DY47*$D47 -> 32434.64 | EA47: =+DZ47*G47 -> 32434.64 | EB47: =+IF(DY47=0,"NO OFERTADO",IF(DY47<=($F47*(1+$GE$4)),"CUMPLE","NO CUMPLE")) -> NO CUMPLE | EC47: NO CUMPLE | ED47: NO | EE47: . | EF47: 16818.487 | EG47: 3195.5126 | EH47: =EF47+EG47 -> 20014 | EI47: =EH47*$D47 -> 20014 | EJ47: =+EI47*G47 -> 20014 | EK47: =+IF(EH47=0,"NO OFERTADO",IF(EH47<=($F47*(1+$GE$4)),"CUMPLE","NO CUMPLE")) -> NO CUMPLE | EL47: CUMPLE | EM47: NO | EN47: UNIDAD | EO47: 13628 | EP47: 2589 | EQ47: 16217 | ER47: =EQ47*$D47 -> 16217 | ES47: =+ER47*G47 -> 16217 | ET47: =+IF(EQ47=0,"NO OFERTADO",IF(EQ47<=($F47*(1+$GE$4)),"CUMPLE","NO CUMPLE")) -> CUMPLE | EU47: CUMPLE | EV47: SI | EW47: 0 | EX47: 0 | EY47: 0 | EZ47: 0 | FA47: =EZ47*$D47 -> 0 | FB47: =+FA47*G47 -> 0 | FC47: =+IF(EZ47=0,"NO OFERTADO",IF(EZ47<=($F47*(1+$GE$4)),"CUMPLE","NO CUMPLE")) -> NO OFERTADO | FE47: NO | FF47: 0 | FH47: 0 | FI47: 0 | FJ47: =FI47*$D47 -> 0 | FK47: =+FJ47*G47 -> 0 | FL47: =+IF(FI47=0,"NO OFERTADO",IF(FI47<=($F47*(1+$GE$4)),"CUMPLE","NO CUMPLE")) -> NO OFERTADO | FN47: NO | FR47: =FP47+FQ47 -> 0 | FS47: =FR47*$D47 -> 0 | FT47: =+FS47*G47 -> 0 | FU47: =+IF(FR47=0,"NO OFERTADO",IF(FR47<=($F47*(1+$GE$4)),"CUMPLE","NO CUMPLE")) -> NO OFERTADO | FV47: 0 | FW47: NO | GB47: =GA47*$D47 -> 0 | GC47: =+GB47*G47 -> 0 | GD47: =+IF(GA47=0,"NO OFERTADO",IF(GA47<=($F47*(1+$GE$4)),"CUMPLE","NO CUMPLE")) -> NO OFERTADO | GF47: NO
A48: 39 | B48: DM240 | C48: CANULA TRAQUEOSTOMIA 7.0 C/B | D48: 1 | E48: UN | F48: 16362.5 | G48: 2 | H48: =+F48*G48 -> 32725 | K48: =+J48*19% -> 0 | L48: =+J48+K48 -> 0 | M48: =L48*$D48 -> 0 | N48: =+M48*G48 -> 0 | O48: =+IF(L48=0,"NO OFERTADO",IF(L48<=($F48*(1+$GE$4)),"CUMPLE","NO CUMPLE")) -> NO OFERTADO | Q48: NO | V48: =U48*$D48 -> 0 | W48: =+V48*G48 -> 0 | X48: =+IF(U48=0,"NO OFERTADO",IF(U48<=($F48*(1+$GE$4)),"CUMPLE","NO CUMPLE")) -> NO OFERTADO | Y48: 0 | Z48: NO | AA48: POR UNIDAD | AB48: 16591 | AC48: 3152 | AD48: =+AB48+AC48 -> 19743 | AE48: =AD48*$D48 -> 19743 | AF48: =+AE48*G48 -> 39486 | AG48: =+IF(AD48=0,"NO OFERTADO",IF(AD48<=($F48*(1+$GE$4)),"CUMPLE","NO CUMPLE")) -> NO CUMPLE | AH48: CUMPLE | AI48: NO | AM48: =+AK48+AL48 -> 0 | AN48: =AM48*$D48 -> 0 | AO48: =+AN48*G48 -> 0 | AP48: =+IF(AM48=0,"NO OFERTADO",IF(AM48<=($F48*(1+$GE$4)),"CUMPLE","NO CUMPLE")) -> NO OFERTADO | AR48: NO | AS48: Unidad | AT48: 13750 | AU48: 2613 | AV48: =AT48+AU48 -> 16363 | AW48: =AV48*$D48 -> 16363 | AX48: =+AW48*G48 -> 32726 | AY48: =+IF(AV48=0,"NO OFERTADO",IF(AV48<=($F48*(1+$GE$4)),"CUMPLE","NO CUMPLE")) -> CUMPLE | AZ48: CUMPLE | BA48: SI | BE48: =BC48+BD48 -> 0 | BF48: =BE48*$D48 -> 0 | BG48: =+BF48*G48 -> 0 | BH48: =+IF(BE48=0,"NO OFERTADO",IF(BE48<=($F48*(1+$GE$4)),"CUMPLE","NO CUMPLE")) -> NO OFERTADO | BI48: 0 | BJ48: NO | BN48: =BL48+BM48 -> 0 | BO48: =BN48*$D48 -> 0 | BP48: =+BO48*G48 -> 0 | BQ48: =+IF(BN48=0,"NO OFERTADO",IF(BN48<=($F48*(1+$KI$4)),"CUMPLE","NO CUMPLE")) -> NO OFERTADO | BR48: =VLOOKUP(B48,'[1]ANEXO TECNICO'!$B$3:$P$334,15,0) -> 0 | BS48: NO | BX48: 0 | BY48: =+BX48*G48 -> 0 | BZ48: =+IF(BW48=0,"NO OFERTADO",IF(BW48<=($F48*(1+$GE$4)),"CUMPLE","NO CUMPLE")) -> NO OFERTADO | CB48: NO | CF48: =CD48+CE48 -> 0 | CG48: =CF48*$D48 -> 0 | CH48: =+CG48*G48 -> 0 | CI48: =+IF(CF48=0,"NO OFERTADO",IF(CF48<=($F48*(1+$GE$4)),"CUMPLE","NO CUMPLE")) -> NO OFERTADO | CK48: NO | CO48: =CM48+CN48 -> 0 | CP48: =CO48*$D48 -> 0 | CQ48: =+CP48*G48 -> 0 | CR48: =+IF(CO48=0,"NO OFERTADO",IF(CO48<=($F48*(1+$GE$4)),"CUMPLE","NO CUMPLE")) -> NO OFERTADO | CT48: NO | CX48: =CV48+CW48 -> 0 | CY48: =CX48*$D48 -> 0 | CZ48: =+CY48*G48 -> 0 | DA48: =+IF(CX48=0,"NO OFERTADO",IF(CX48<=($F48*(1+$GE$4)),"CUMPLE","NO CUMPLE")) -> NO OFERTADO | DC48: NO | DG48: =DE48+DF48 -> 0 | DH48: =DG48*$D48 -> 0 | DI48: =+DH48*G48 -> 0 | DJ48: =+IF(DG48=0,"NO OFERTADO",IF(DG48<=($F48*(1+$GE$4)),"CUMPLE","NO CUMPLE")) -> NO OFERTADO | DL48: NO | DP48: 0 | DQ48: =+DP48*D48 -> 0 | DR48: =+DQ48*G48 -> 0 | DS48: =+IF(DP48=0,"NO OFERTADO",IF(DP48<=($F48*(1+$GE$4)),"CUMPLE","NO CUMPLE")) -> NO OFERTADO | DU48: NO | DV48: UNIDAD | DW48: 27256 | DX48: 5178.64 | DY48: =DW48+DX48 -> 32434.64 | DZ48: =DY48*$D48 -> 32434.64 | EA48: =+DZ48*G48 -> 64869.28 | EB48: =+IF(DY48=0,"NO OFERTADO",IF(DY48<=($F48*(1+$GE$4)),"CUMPLE","NO CUMPLE")) -> NO CUMPLE | EC48: NO CUMPLE | ED48: NO | EE48: PAQTEX1 | EF48: 16818.487 | EG48: 3195.5126 | EH48: =EF48+EG48 -> 20014 | EI48: =EH48*$D48 -> 20014 | EJ48: =+EI48*G48 -> 40028 | EK48: =+IF(EH48=0,"NO OFERTADO",IF(EH48<=($F48*(1+$GE$4)),"CUMPLE","NO CUMPLE")) -> NO CUMPLE | EL48: CUMPLE | EM48: NO | EN48: UNIDAD | EO48: 13628 | EP48: 2589 | EQ48: 16217 | ER48: =EQ48*$D48 -> 16217 | ES48: =+ER48*G48 -> 32434 | ET48: =+IF(EQ48=0,"NO OFERTADO",IF(EQ48<=($F48*(1+$GE$4)),"CUMPLE","NO CUMPLE")) -> CUMPLE | EU48: CUMPLE | EV48: SI | EW48: 0 | EX48: 0 | EY48: 0 | EZ48: 0 | FA48: =EZ48*$D48 -> 0 | FB48: =+FA48*G48 -> 0 | FC48: =+IF(EZ48=0,"NO OFERTADO",IF(EZ48<=($F48*(1+$GE$4)),"CUMPLE","NO CUMPLE")) -> NO OFERTADO | FE48: NO | FF48: 0 | FH48: 0 | FI48: 0 | FJ48: =FI48*$D48 -> 0 | FK48: =+FJ48*G48 -> 0 | FL48: =+IF(FI48=0,"NO OFERTADO",IF(FI48<=($F48*(1+$GE$4)),"CUMPLE","NO CUMPLE")) -> NO OFERTADO | FN48: NO | FR48: =FP48+FQ48 -> 0 | FS48: =FR48*$D48 -> 0 | FT48: =+FS48*G48 -> 0 | FU48: =+IF(FR48=0,"NO OFERTADO",IF(FR48<=($F48*(1+$GE$4)),"CUMPLE","NO CUMPLE")) -> NO OFERTADO | FV48: 0 | FW48: NO | GB48: =GA48*$D48 -> 0 | GC48: =+GB48*G48 -> 0 | GD48: =+IF(GA48=0,"NO OFERTADO",IF(GA48<=($F48*(1+$GE$4)),"CUMPLE","NO CUMPLE")) -> NO OFERTADO | GF48: NO
A49: 40 | B49: DM239 | C49: CANULA TRAQUEOSTOMIA 7.5 C/B | D49: 1 | E49: UN | F49: 16362.5 | G49: 9 | H49: =+F49*G49 -> 147262.5 | K49: =+J49*19% -> 0 | L49: =+J49+K49 -> 0 | M49: =L49*$D49 -> 0 | N49: =+M49*G49 -> 0 | O49: =+IF(L49=0,"NO OFERTADO",IF(L49<=($F49*(1+$GE$4)),"CUMPLE","NO CUMPLE")) -> NO OFERTADO | Q49: NO | V49: =U49*$D49 -> 0 | W49: =+V49*G49 -> 0 | X49: =+IF(U49=0,"NO OFERTADO",IF(U49<=($F49*(1+$GE$4)),"CUMPLE","NO CUMPLE")) -> NO OFERTADO | Y49: 0 | Z49: NO | AA49: POR UNIDAD | AB49: 16591 | AC49: 3152 | AD49: =+AB49+AC49 -> 19743 | AE49: =AD49*$D49 -> 19743 | AF49: =+AE49*G49 -> 177687 | AG49: =+IF(AD49=0,"NO OFERTADO",IF(AD49<=($F49*(1+$GE$4)),"CUMPLE","NO CUMPLE")) -> NO CUMPLE | AH49: CUMPLE | AI49: NO | AM49: =+AK49+AL49 -> 0 | AN49: =AM49*$D49 -> 0 | AO49: =+AN49*G49 -> 0 | AP49: =+IF(AM49=0,"NO OFERTADO",IF(AM49<=($F49*(1+$GE$4)),"CUMPLE","NO CUMPLE")) -> NO OFERTADO | AR49: NO | AS49: Unidad | AT49: 13750 | AU49: 2613 | AV49: =+AT49+AU49 -> 16363 | AW49: =AV49*$D49 -> 16363 | AX49: =+AW49*G49 -> 147267 | AY49: =+IF(AV49=0,"NO OFERTADO",IF(AV49<=($F49*(1+$GE$4)),"CUMPLE","NO CUMPLE")) -> CUMPLE | AZ49: CUMPLE | BA49: SI | BE49: =BC49+BD49 -> 0 | BF49: =BE49*$D49 -> 0 | BG49: =+BF49*G49 -> 0 | BH49: =+IF(BE49=0,"NO OFERTADO",IF(BE49<=($F49*(1+$GE$4)),"CUMPLE","NO CUMPLE")) -> NO OFERTADO | BI49: 0 | BJ49: NO | BN49: =+BL49+BM49 -> 0 | BO49: =BN49*$D49 -> 0 | BP49: =+BO49*G49 -> 0 | BQ49: =+IF(BN49=0,"NO OFERTADO",IF(BN49<=($F49*(1+$KI$4)),"CUMPLE","NO CUMPLE")) -> NO OFERTADO | BR49: =VLOOKUP(B49,'[1]ANEXO TECNICO'!$B$3:$P$334,15,0) -> 0 | BS49: NO | BX49: 0 | BY49: =+BX49*G49 -> 0 | BZ49: =+IF(BW49=0,"NO OFERTADO",IF(BW49<=($F49*(1+$GE$4)),"CUMPLE","NO CUMPLE")) -> NO OFERTADO | CB49: NO | CE49: =+CD49*0.19 -> 0 | CF49: =+CD49+CE49 -> 0 | CG49: =CF49*$D49 -> 0 | CH49: =+CG49*G49 -> 0 | CI49: =+IF(CF49=0,"NO OFERTADO",IF(CF49<=($F49*(1+$GE$4)),"CUMPLE","NO CUMPLE")) -> NO OFERTADO | CK49: NO | CO49: =+CM49+CN49 -> 0 | CP49: =CO49*$D49 -> 0 | CQ49: =+CP49*G49 -> 0 | CR49: =+IF(CO49=0,"NO OFERTADO",IF(CO49<=($F49*(1+$GE$4)),"CUMPLE","NO CUMPLE")) -> NO OFERTADO | CT49: NO | CW49: =+CV49*0.19 -> 0 | CX49: =+CV49+CW49 -> 0 | CY49: =CX49*$D49 -> 0 | CZ49: =+CY49*G49 -> 0 | DA49: =+IF(CX49=0,"NO OFERTADO",IF(CX49<=($F49*(1+$GE$4)),"CUMPLE","NO CUMPLE")) -> NO OFERTADO | DC49: NO | DG49: =+DE49+DF49 -> 0 | DH49: =DG49*$D49 -> 0 | DI49: =+DH49*G49 -> 0 | DJ49: =+IF(DG49=0,"NO OFERTADO",IF(DG49<=($F49*(1+$GE$4)),"CUMPLE","NO CUMPLE")) -> NO OFERTADO | DL49: NO | DP49: 0 | DQ49: =+DP49*D49 -> 0 | DR49: =+DQ49*G49 -> 0 | DS49: =+IF(DP49=0,"NO OFERTADO",IF(DP49<=($F49*(1+$GE$4)),"CUMPLE","NO CUMPLE")) -> NO OFERTADO | DU49: NO | DV49: UNIDAD | DW49: 27256 | DX49: 5178.64 | DY49: =+DW49+DX49 -> 32434.64 | DZ49: =DY49*$D49 -> 32434.64 | EA49: =+DZ49*G49 -> 291911.76 | EB49: =+IF(DY49=0,"NO OFERTADO",IF(DY49<=($F49*(1+$GE$4)),"CUMPLE","NO CUMPLE")) -> NO CUMPLE | EC49: NO CUMPLE | ED49: NO | EE49: . | EF49: 2557.1429 | EG49: 485.85714 | EH49: =+EF49+EG49 -> 3043 | EI49: =EH49*$D49 -> 3043 | EJ49: =+EI49*G49 -> 27387 | EK49: =+IF(EH49=0,"NO OFERTADO",IF(EH49<=($F49*(1+$GE$4)),"CUMPLE","NO CUMPLE")) -> CUMPLE | EL49: CUMPLE | EM49: NO | EN49: UNIDAD | EO49: 13628 | EP49: 2589 | EQ49: 16217 | ER49: =EQ49*$D49 -> 16217 | ES49: =+ER49*G49 -> 145953 | ET49: =+IF(EQ49=0,"NO OFERTADO",IF(EQ49<=($F49*(1+$GE$4)),"CUMPLE","NO CUMPLE")) -> CUMPLE | EU49: CUMPLE | EV49: SI | EW49: 0 | EX49: 0 | EY49: 0 | EZ49: 0 | FA49: =EZ49*$D49 -> 0 | FB49: =+FA49*G49 -> 0 | FC49: =+IF(EZ49=0,"NO OFERTADO",IF(EZ49<=($F49*(1+$GE$4)),"CUMPLE","NO CUMPLE")) -> NO OFERTADO | FE49: NO | FF49: 0 | FH49: 0 | FI49: 0 | FJ49: =FI49*$D49 -> 0 | FK49: =+FJ49*G49 -> 0 | FL49: =+IF(FI49=0,"NO OFERTADO",IF(FI49<=($F49*(1+$GE$4)),"CUMPLE","NO CUMPLE")) -> NO OFERTADO | FN49: NO | FR49: =+FP49+FQ49 -> 0 | FS49: =FR49*$D49 -> 0 | FT49: =+FS49*G49 -> 0 | FU49: =+IF(FR49=0,"NO OFERTADO",IF(FR49<=($F49*(1+$GE$4)),"CUMPLE","NO CUMPLE")) -> NO OFERTADO | FV49: 0 | FW49: NO | GB49: =GA49*$D49 -> 0 | GC49: =+GB49*G49 -> 0 | GD49: =+IF(GA49=0,"NO OFERTADO",IF(GA49<=($F49*(1+$GE$4)),"CUMPLE","NO CUMPLE")) -> NO OFERTADO | GF49: NO
A50: 41 | B50: DM243 | C50: CANULA TRAQUEOSTOMIA 8.0 C/B | D50: 1 | E50: UN | F50: 16362.5 | G50: 17 | H50: =+F50*G50 -> 278162.5 | K50: =+J50*19% -> 0 | L50: =+J50+K50 -> 0 | M50: =L50*$D50 -> 0 | N50: =+M50*G50 -> 0 | O50: =+IF(L50=0,"NO OFERTADO",IF(L50<=($F50*(1+$GE$4)),"CUMPLE","NO CUMPLE")) -> NO OFERTADO | Q50: NO | V50: =U50*$D50 -> 0 | W50: =+V50*G50 -> 0 | X50: =+IF(U50=0,"NO OFERTADO",IF(U50<=($F50*(1+$GE$4)),"CUMPLE","NO CUMPLE")) -> NO OFERTADO | Y50: 0 | Z50: NO | AA50: POR UNIDAD | AB50: 16591 | AC50: 3152 | AD50: =+AB50+AC50 -> 19743 | AE50: =AD50*$D50 -> 19743 | AF50: =+AE50*G50 -> 335631 | AG50: =+IF(AD50=0,"NO OFERTADO",IF(AD50<=($F50*(1+$GE$4)),"CUMPLE","NO CUMPLE")) -> NO CUMPLE | AH50: CUMPLE | AI50: NO | AM50: =+AK50+AL50 -> 0 | AN50: =AM50*$D50 -> 0 | AO50: =+AN50*G50 -> 0 | AP50: =+IF(AM50=0,"NO OFERTADO",IF(AM50<=($F50*(1+$GE$4)),"CUMPLE","NO CUMPLE")) -> NO OFERTADO | AR50: NO | AS50: Unidad | AT50: 13750 | AU50: 2613 | AV50: =AT50+AU50 -> 16363 | AW50: =AV50*$D50 -> 16363 | AX50: =+AW50*G50 -> 278171 | AY50: =+IF(AV50=0,"NO OFERTADO",IF(AV50<=($F50*(1+$GE$4)),"CUMPLE","NO CUMPLE")) -> CUMPLE | AZ50: CUMPLE | BA50: SI | BE50: =BC50+BD50 -> 0 | BF50: =BE50*$D50 -> 0 | BG50: =+BF50*G50 -> 0 | BH50: =+IF(BE50=0,"NO OFERTADO",IF(BE50<=($F50*(1+$GE$4)),"CUMPLE","NO CUMPLE")) -> NO OFERTADO | BI50: 0 | BJ50: NO | BN50: =BL50+BM50 -> 0 | BO50: =BN50*$D50 -> 0 | BP50: =+BO50*G50 -> 0 | BQ50: =+IF(BN50=0,"NO OFERTADO",IF(BN50<=($F50*(1+$KI$4)),"CUMPLE","NO CUMPLE")) -> NO OFERTADO | BR50: =VLOOKUP(B50,'[1]ANEXO TECNICO'!$B$3:$P$334,15,0) -> 0 | BS50: NO | BX50: 0 | BY50: =+BX50*G50 -> 0 | BZ50: =+IF(BW50=0,"NO OFERTADO",IF(BW50<=($F50*(1+$GE$4)),"CUMPLE","NO CUMPLE")) -> NO OFERTADO | CB50: NO | CF50: =CD50+CE50 -> 0 | CG50: =CF50*$D50 -> 0 | CH50: =+CG50*G50 -> 0 | CI50: =+IF(CF50=0,"NO OFERTADO",IF(CF50<=($F50*(1+$GE$4)),"CUMPLE","NO CUMPLE")) -> NO OFERTADO | CK50: NO | CO50: =CM50+CN50 -> 0 | CP50: =CO50*$D50 -> 0 | CQ50: =+CP50*G50 -> 0 | CR50: =+IF(CO50=0,"NO OFERTADO",IF(CO50<=($F50*(1+$GE$4)),"CUMPLE","NO CUMPLE")) -> NO OFERTADO | CT50: NO | CX50: =CV50+CW50 -> 0 | CY50: =CX50*$D50 -> 0 | CZ50: =+CY50*G50 -> 0 | DA50: =+IF(CX50=0,"NO OFERTADO",IF(CX50<=($F50*(1+$GE$4)),"CUMPLE","NO CUMPLE")) -> NO OFERTADO | DC50: NO | DG50: =DE50+DF50 -> 0 | DH50: =DG50*$D50 -> 0 | DI50: =+DH50*G50 -> 0 | DJ50: =+IF(DG50=0,"NO OFERTADO",IF(DG50<=($F50*(1+$GE$4)),"CUMPLE","NO CUMPLE")) -> NO OFERTADO | DL50: NO | DP50: 0 | DQ50: =+DP50*D50 -> 0 | DR50: =+DQ50*G50 -> 0 | DS50: =+IF(DP50=0,"NO OFERTADO",IF(DP50<=($F50*(1+$GE$4)),"CUMPLE","NO CUMPLE")) -> NO OFERTADO | DU50: NO | DV50: UNIDAD | DW50: 27256 | DX50: 5178.64 | DY50: =DW50+DX50 -> 32434.64 | DZ50: =DY50*$D50 -> 32434.64 | EA50: =+DZ50*G50 -> 551388.88 | EB50: =+IF(DY50=0,"NO OFERTADO",IF(DY50<=($F50*(1+$GE$4)),"CUMPLE","NO CUMPLE")) -> NO CUMPLE | EC50: NO CUMPLE | ED50: NO | EE50: . | EF50: 31902.521 | EG50: 6061.479 | EH50: =EF50+EG50 -> 37964 | EI50: =EH50*$D50 -> 37964 | EJ50: =+EI50*G50 -> 645388 | EK50: =+IF(EH50=0,"NO OFERTADO",IF(EH50<=($F50*(1+$GE$4)),"CUMPLE","NO CUMPLE")) -> NO CUMPLE | EL50: CUMPLE | EM50: NO | EN50: UNIDAD | EO50: 13628 | EP50: 2589 | EQ50: 16217 | ER50: =EQ50*$D50 -> 16217 | ES50: =+ER50*G50 -> 275689 | ET50: =+IF(EQ50=0,"NO OFERTADO",IF(EQ50<=($F50*(1+$GE$4)),"CUMPLE","NO CUMPLE")) -> CUMPLE | EU50: CUMPLE | EV50: SI | EW50: 0 | EX50: 0 | EY50: 0 | EZ50: 0 | FA50: =EZ50*$D50 -> 0 | FB50: =+FA50*G50 -> 0 | FC50: =+IF(EZ50=0,"NO OFERTADO",IF(EZ50<=($F50*(1+$GE$4)),"CUMPLE","NO CUMPLE")) -> NO OFERTADO | FE50: NO | FF50: 0 | FH50: 0 | FI50: 0 | FJ50: =FI50*$D50 -> 0 | FK50: =+FJ50*G50 -> 0 | FL50: =+IF(FI50=0,"NO OFERTADO",IF(FI50<=($F50*(1+$GE$4)),"CUMPLE","NO CUMPLE")) -> NO OFERTADO | FN50: NO | FR50: =FP50+FQ50 -> 0 | FS50: =FR50*$D50 -> 0 | FT50: =+FS50*G50 -> 0 | FU50: =+IF(FR50=0,"NO OFERTADO",IF(FR50<=($F50*(1+$GE$4)),"CUMPLE","NO CUMPLE")) -> NO OFERTADO | FV50: 0 | FW50: NO | GB50: =GA50*$D50 -> 0 | GC50: =+GB50*G50 -> 0 | GD50: =+IF(GA50=0,"NO OFERTADO",IF(GA50<=($F50*(1+$GE$4)),"CUMPLE","NO CUMPLE")) -> NO OFERTADO | GF50: NO
A51: 42 | B51: DM2300 | C51: CANULA NASAL DE ALTO FLUJO ADULTO TALLA M | D51: 1 | E51: UN | F51: 161231.91 | G51: 14 | H51: =+F51*G51 -> 2257246.7 | K51: =+J51*19% -> 0 | L51: =+J51+K51 -> 0 | M51: =L51*$D51 -> 0 | N51: =+M51*G51 -> 0 | O51: =+IF(L51=0,"NO OFERTADO",IF(L51<=($F51*(1+$GE$4)),"CUMPLE","NO CUMPLE")) -> NO OFERTADO | Q51: NO | V51: =U51*$D51 -> 0 | W51: =+V51*G51 -> 0 | X51: =+IF(U51=0,"NO OFERTADO",IF(U51<=($F51*(1+$GE$4)),"CUMPLE","NO CUMPLE")) -> NO OFERTADO | Y51: 0 | Z51: NO | AA51: POR UNIDAD | AB51: 135489 | AC51: 25743 | AD51: =+AB51+AC51 -> 161232 | AE51: =AD51*$D51 -> 161232 | AF51: =+AE51*G51 -> 2257248 | AG51: =+IF(AD51=0,"NO OFERTADO",IF(AD51<=($F51*(1+$GE$4)),"CUMPLE","NO CUMPLE")) -> CUMPLE | AH51: CUMPLE | AI51: SI | AM51: =+AK51+AL51 -> 0 | AN51: =AM51*$D51 -> 0 | AO51: =+AN51*G51 -> 0 | AP51: =+IF(AM51=0,"NO OFERTADO",IF(AM51<=($F51*(1+$GE$4)),"CUMPLE","NO CUMPLE")) -> NO OFERTADO | AR51: NO | AV51: =AT51+AU51 -> 0 | AW51: =AV51*$D51 -> 0 | AX51: =+AW51*G51 -> 0 | AY51: =+IF(AV51=0,"NO OFERTADO",IF(AV51<=($F51*(1+$GE$4)),"CUMPLE","NO CUMPLE")) -> NO OFERTADO | BA51: NO | BE51: =BC51+BD51 -> 0 | BF51: =BE51*$D51 -> 0 | BG51: =+BF51*G51 -> 0 | BH51: =+IF(BE51=0,"NO OFERTADO",IF(BE51<=($F51*(1+$GE$4)),"CUMPLE","NO CUMPLE")) -> NO OFERTADO | BI51: 0 | BJ51: NO | BN51: =BL51+BM51 -> 0 | BO51: =BN51*$D51 -> 0 | BP51: =+BO51*G51 -> 0 | BQ51: =+IF(BN51=0,"NO OFERTADO",IF(BN51<=($F51*(1+$KI$4)),"CUMPLE","NO CUMPLE")) -> NO OFERTADO | BR51: =VLOOKUP(B51,'[1]ANEXO TECNICO'!$B$3:$P$334,15,0) -> 0 | BS51: NO | BX51: 0 | BY51: =+BX51*G51 -> 0 | BZ51: =+IF(BW51=0,"NO OFERTADO",IF(BW51<=($F51*(1+$GE$4)),"CUMPLE","NO CUMPLE")) -> NO OFERTADO | CB51: NO | CF51: =CD51+CE51 -> 0 | CG51: =CF51*$D51 -> 0 | CH51: =+CG51*G51 -> 0 | CI51: =+IF(CF51=0,"NO OFERTADO",IF(CF51<=($F51*(1+$GE$4)),"CUMPLE","NO CUMPLE")) -> NO OFERTADO | CK51: NO | CO51: =CM51+CN51 -> 0 | CP51: =CO51*$D51 -> 0 | CQ51: =+CP51*G51 -> 0 | CR51: =+IF(CO51=0,"NO OFERTADO",IF(CO51<=($F51*(1+$GE$4)),"CUMPLE","NO CUMPLE")) -> NO OFERTADO | CT51: NO | CX51: =CV51+CW51 -> 0 | CY51: =CX51*$D51 -> 0 | CZ51: =+CY51*G51 -> 0 | DA51: =+IF(CX51=0,"NO OFERTADO",IF(CX51<=($F51*(1+$GE$4)),"CUMPLE","NO CUMPLE")) -> NO OFERTADO | DC51: NO | DG51: =DE51+DF51 -> 0 | DH51: =DG51*$D51 -> 0 | DI51: =+DH51*G51 -> 0 | DJ51: =+IF(DG51=0,"NO OFERTADO",IF(DG51<=($F51*(1+$GE$4)),"CUMPLE","NO CUMPLE")) -> NO OFERTADO | DL51: NO | DP51: 0 | DQ51: =+DP51*D51 -> 0 | DR51: =+DQ51*G51 -> 0 | DS51: =+IF(DP51=0,"NO OFERTADO",IF(DP51<=($F51*(1+$GE$4)),"CUMPLE","NO CUMPLE")) -> NO OFERTADO | DU51: NO | DY51: =DW51+DX51 -> 0 | DZ51: =DY51*$D51 -> 0 | EA51: =+DZ51*G51 -> 0 | EB51: =+IF(DY51=0,"NO OFERTADO",IF(DY51<=($F51*(1+$GE$4)),"CUMPLE","NO CUMPLE")) -> NO OFERTADO | ED51: NO | EE51: CJAX10 | EF51: 140910.08 | EG51: 26772.916 | EH51: =EF51+EG51 -> 167683 | EI51: =EH51*$D51 -> 167683 | EJ51: =+EI51*G51 -> 2347562 | EK51: =+IF(EH51=0,"NO OFERTADO",IF(EH51<=($F51*(1+$GE$4)),"CUMPLE","NO CUMPLE")) -> CUMPLE | EL51: CUMPLE | EM51: SI | EQ51: 0 | ER51: =EQ51*$D51 -> 0 | ES51: =+ER51*G51 -> 0 | ET51: =+IF(EQ51=0,"NO OFERTADO",IF(EQ51<=($F51*(1+$GE$4)),"CUMPLE","NO CUMPLE")) -> NO OFERTADO | EV51: NO | EW51: 0 | EX51: 0 | EY51: 0 | EZ51: 0 | FA51: =EZ51*$D51 -> 0 | FB51: =+FA51*G51 -> 0 | FC51: =+IF(EZ51=0,"NO OFERTADO",IF(EZ51<=($F51*(1+$GE$4)),"CUMPLE","NO CUMPLE")) -> NO OFERTADO | FE51: NO | FF51: 0 | FH51: 0 | FI51: 0 | FJ51: =FI51*$D51 -> 0 | FK51: =+FJ51*G51 -> 0 | FL51: =+IF(FI51=0,"NO OFERTADO",IF(FI51<=($F51*(1+$GE$4)),"CUMPLE","NO CUMPLE")) -> NO OFERTADO | FN51: NO | FO51: UNIDAD | FP51: 95000 | FQ51: 18050 | FR51: =FP51+FQ51 -> 113050 | FS51: =FR51*$D51 -> 113050 | FT51: =+FS51*G51 -> 1582700 | FU51: =+IF(FR51=0,"NO OFERTADO",IF(FR51<=($F51*(1+$GE$4)),"CUMPLE","NO CUMPLE")) -> CUMPLE | FV51: CUMPLE | FW51: SI | GB51: =GA51*$D51 -> 0 | GC51: =+GB51*G51 -> 0 | GD51: =+IF(GA51=0,"NO OFERTADO",IF(GA51<=($F51*(1+$GE$4)),"CUMPLE","NO CUMPLE")) -> NO OFERTADO | GF51: NO
A52: 43 | B52: DM2301 | C52: CANULA NASAL DE ALTO FLUJO ADULTO TALLA S | D52: 1 | E52: UN | F52: 161231.91 | G52: 2 | H52: =+F52*G52 -> 322463.82 | K52: =+J52*19% -> 0 | L52: =+J52+K52 -> 0 | M52: =L52*$D52 -> 0 | N52: =+M52*G52 -> 0 | O52: =+IF(L52=0,"NO OFERTADO",IF(L52<=($F52*(1+$GE$4)),"CUMPLE","NO CUMPLE")) -> NO OFERTADO | Q52: NO | V52: =U52*$D52 -> 0 | W52: =+V52*G52 -> 0 | X52: =+IF(U52=0,"NO OFERTADO",IF(U52<=($F52*(1+$GE$4)),"CUMPLE","NO CUMPLE")) -> NO OFERTADO | Y52: 0 | Z52: NO | AA52: POR UNIDAD | AB52: 135489 | AC52: 25743 | AD52: =+AB52+AC52 -> 161232 | AE52: =AD52*$D52 -> 161232 | AF52: =+AE52*G52 -> 322464 | AG52: =+IF(AD52=0,"NO OFERTADO",IF(AD52<=($F52*(1+$GE$4)),"CUMPLE","NO CUMPLE")) -> CUMPLE | AH52: CUMPLE | AI52: SI | AM52: =+AK52+AL52 -> 0 | AN52: =AM52*$D52 -> 0 | AO52: =+AN52*G52 -> 0 | AP52: =+IF(AM52=0,"NO OFERTADO",IF(AM52<=($F52*(1+$GE$4)),"CUMPLE","NO CUMPLE")) -> NO OFERTADO | AR52: NO | AV52: =AT52+AU52 -> 0 | AW52: =AV52*$D52 -> 0 | AX52: =+AW52*G52 -> 0 | AY52: =+IF(AV52=0,"NO OFERTADO",IF(AV52<=($F52*(1+$GE$4)),"CUMPLE","NO CUMPLE")) -> NO OFERTADO | BA52: NO | BE52: =BC52+BD52 -> 0 | BF52: =BE52*$D52 -> 0 | BG52: =+BF52*G52 -> 0 | BH52: =+IF(BE52=0,"NO OFERTADO",IF(BE52<=($F52*(1+$GE$4)),"CUMPLE","NO CUMPLE")) -> NO OFERTADO | BI52: 0 | BJ52: NO | BN52: =BL52+BM52 -> 0 | BO52: =BN52*$D52 -> 0 | BP52: =+BO52*G52 -> 0 | BQ52: =+IF(BN52=0,"NO OFERTADO",IF(BN52<=($F52*(1+$KI$4)),"CUMPLE","NO CUMPLE")) -> NO OFERTADO | BR52: =VLOOKUP(B52,'[1]ANEXO TECNICO'!$B$3:$P$334,15,0) -> 0 | BS52: NO | BX52: 0 | BY52: =+BX52*G52 -> 0 | BZ52: =+IF(BW52=0,"NO OFERTADO",IF(BW52<=($F52*(1+$GE$4)),"CUMPLE","NO CUMPLE")) -> NO OFERTADO | CB52: NO | CF52: =CD52+CE52 -> 0 | CG52: =CF52*$D52 -> 0 | CH52: =+CG52*G52 -> 0 | CI52: =+IF(CF52=0,"NO OFERTADO",IF(CF52<=($F52*(1+$GE$4)),"CUMPLE","NO CUMPLE")) -> NO OFERTADO | CK52: NO | CO52: =CM52+CN52 -> 0 | CP52: =CO52*$D52 -> 0 | CQ52: =+CP52*G52 -> 0 | CR52: =+IF(CO52=0,"NO OFERTADO",IF(CO52<=($F52*(1+$GE$4)),"CUMPLE","NO CUMPLE")) -> NO OFERTADO | CT52: NO | CX52: =CV52+CW52 -> 0 | CY52: =CX52*$D52 -> 0 | CZ52: =+CY52*G52 -> 0 | DA52: =+IF(CX52=0,"NO OFERTADO",IF(CX52<=($F52*(1+$GE$4)),"CUMPLE","NO CUMPLE")) -> NO OFERTADO | DC52: NO | DG52: =DE52+DF52 -> 0 | DH52: =DG52*$D52 -> 0 | DI52: =+DH52*G52 -> 0 | DJ52: =+IF(DG52=0,"NO OFERTADO",IF(DG52<=($F52*(1+$GE$4)),"CUMPLE","NO CUMPLE")) -> NO OFERTADO | DL52: NO | DP52: 0 | DQ52: =+DP52*D52 -> 0 | DR52: =+DQ52*G52 -> 0 | DS52: =+IF(DP52=0,"NO OFERTADO",IF(DP52<=($F52*(1+$GE$4)),"CUMPLE","NO CUMPLE")) -> NO OFERTADO | DU52: NO | DY52: =DW52+DX52 -> 0 | DZ52: =DY52*$D52 -> 0 | EA52: =+DZ52*G52 -> 0 | EB52: =+IF(DY52=0,"NO OFERTADO",IF(DY52<=($F52*(1+$GE$4)),"CUMPLE","NO CUMPLE")) -> NO OFERTADO | ED52: NO | EE52: CJAX10 | EF52: 140910.08 | EG52: 26772.916 | EH52: =EF52+EG52 -> 167683 | EI52: =EH52*$D52 -> 167683 | EJ52: =+EI52*G52 -> 335366 | EK52: =+IF(EH52=0,"NO OFERTADO",IF(EH52<=($F52*(1+$GE$4)),"CUMPLE","NO CUMPLE")) -> CUMPLE | EL52: CUMPLE | EM52: SI | EQ52: 0 | ER52: =EQ52*$D52 -> 0 | ES52: =+ER52*G52 -> 0 | ET52: =+IF(EQ52=0,"NO OFERTADO",IF(EQ52<=($F52*(1+$GE$4)),"CUMPLE","NO CUMPLE")) -> NO OFERTADO | EV52: NO | EW52: 0 | EX52: 0 | EY52: 0 | EZ52: 0 | FA52: =EZ52*$D52 -> 0 | FB52: =+FA52*G52 -> 0 | FC52: =+IF(EZ52=0,"NO OFERTADO",IF(EZ52<=($F52*(1+$GE$4)),"CUMPLE","NO CUMPLE")) -> NO OFERTADO | FE52: NO | FF52: 0 | FH52: 0 | FI52: 0 | FJ52: =FI52*$D52 -> 0 | FK52: =+FJ52*G52 -> 0 | FL52: =+IF(FI52=0,"NO OFERTADO",IF(FI52<=($F52*(1+$GE$4)),"CUMPLE","NO CUMPLE")) -> NO OFERTADO | FN52: NO | FO52: UNIDAD | FP52: 95000 | FQ52: 18050 | FR52: =FP52+FQ52 -> 113050 | FS52: =FR52*$D52 -> 113050 | FT52: =+FS52*G52 -> 226100 | FU52: =+IF(FR52=0,"NO OFERTADO",IF(FR52<=($F52*(1+$GE$4)),"CUMPLE","NO CUMPLE")) -> CUMPLE | FV52: CUMPLE | FW52: SI | GB52: =GA52*$D52 -> 0 | GC52: =+GB52*G52 -> 0 | GD52: =+IF(GA52=0,"NO OFERTADO",IF(GA52<=($F52*(1+$GE$4)),"CUMPLE","NO CUMPLE")) -> NO OFERTADO | GF52: NO
A53: 44 | B53: DM220 | C53: CANULA NASAL PARA OXIGENO ADULTO 1.5MTS | D53: 1 | E53: UN | F53: 1087.66 | G53: 1772 | H53: =+F53*G53 -> 1927333.5 | K53: =+J53*19% -> 0 | L53: =+J53+K53 -> 0 | M53: =L53*$D53 -> 0 | N53: =+M53*G53 -> 0 | O53: =+IF(L53=0,"NO OFERTADO",IF(L53<=($F53*(1+$GE$4)),"CUMPLE","NO CUMPLE")) -> NO OFERTADO | Q53: NO | V53: =U53*$D53 -> 0 | W53: =+V53*G53 -> 0 | X53: =+IF(U53=0,"NO OFERTADO",IF(U53<=($F53*(1+$GE$4)),"CUMPLE","NO CUMPLE")) -> NO OFERTADO | Y53: 0 | Z53: NO | AD53: =+AB53+AC53 -> 0 | AE53: =AD53*$D53 -> 0 | AF53: =+AE53*G53 -> 0 | AG53: =+IF(AD53=0,"NO OFERTADO",IF(AD53<=($F53*(1+$GE$4)),"CUMPLE","NO CUMPLE")) -> NO OFERTADO | AI53: NO | AM53: =+AK53+AL53 -> 0 | AN53: =AM53*$D53 -> 0 | AO53: =+AN53*G53 -> 0 | AP53: =+IF(AM53=0,"NO OFERTADO",IF(AM53<=($F53*(1+$GE$4)),"CUMPLE","NO CUMPLE")) -> NO OFERTADO | AR53: NO | AV53: =AT53+AU53 -> 0 | AW53: =AV53*$D53 -> 0 | AX53: =+AW53*G53 -> 0 | AY53: =+IF(AV53=0,"NO OFERTADO",IF(AV53<=($F53*(1+$GE$4)),"CUMPLE","NO CUMPLE")) -> NO OFERTADO | BA53: NO | BE53: =BC53+BD53 -> 0 | BF53: =BE53*$D53 -> 0 | BG53: =+BF53*G53 -> 0 | BH53: =+IF(BE53=0,"NO OFERTADO",IF(BE53<=($F53*(1+$GE$4)),"CUMPLE","NO CUMPLE")) -> NO OFERTADO | BI53: 0 | BJ53: NO | BN53: =BL53+BM53 -> 0 | BO53: =BN53*$D53 -> 0 | BP53: =+BO53*G53 -> 0 | BQ53: =+IF(BN53=0,"NO OFERTADO",IF(BN53<=($F53*(1+$KI$4)),"CUMPLE","NO CUMPLE")) -> NO OFERTADO | BR53: =VLOOKUP(B53,'[1]ANEXO TECNICO'!$B$3:$P$334,15,0) -> 0 | BS53: NO | BX53: 0 | BY53: =+BX53*G53 -> 0 | BZ53: =+IF(BW53=0,"NO OFERTADO",IF(BW53<=($F53*(1+$GE$4)),"CUMPLE","NO CUMPLE")) -> NO OFERTADO | CB53: NO | CF53: =CD53+CE53 -> 0 | CG53: =CF53*$D53 -> 0 | CH53: =+CG53*G53 -> 0 | CI53: =+IF(CF53=0,"NO OFERTADO",IF(CF53<=($F53*(1+$GE$4)),"CUMPLE","NO CUMPLE")) -> NO OFERTADO | CK53: NO | CO53: =CM53+CN53 -> 0 | CP53: =CO53*$D53 -> 0 | CQ53: =+CP53*G53 -> 0 | CR53: =+IF(CO53=0,"NO OFERTADO",IF(CO53<=($F53*(1+$GE$4)),"CUMPLE","NO CUMPLE")) -> NO OFERTADO | CT53: NO | CU53: UNIDAD | CV53: 914 | CW53: =+CV53*0.19 -> 173.66 | CX53: =CV53+CW53 -> 1087.66 | CY53: =CX53*$D53 -> 1087.66 | CZ53: =+CY53*G53 -> 1927333.5 | DA53: =+IF(CX53=0,"NO OFERTADO",IF(CX53<=($F53*(1+$GE$4)),"CUMPLE","NO CUMPLE")) -> CUMPLE | DB53: CUMPLE | DC53: SI | DG53: =DE53+DF53 -> 0 | DH53: =DG53*$D53 -> 0 | DI53: =+DH53*G53 -> 0 | DJ53: =+IF(DG53=0,"NO OFERTADO",IF(DG53<=($F53*(1+$GE$4)),"CUMPLE","NO CUMPLE")) -> NO OFERTADO | DL53: NO | DP53: 0 | DQ53: =+DP53*D53 -> 0 | DR53: =+DQ53*G53 -> 0 | DS53: =+IF(DP53=0,"NO OFERTADO",IF(DP53<=($F53*(1+$GE$4)),"CUMPLE","NO CUMPLE")) -> NO OFERTADO | DU53: NO | DV53: UNIDAD | DW53: 2545 | DX53: 483.55 | DY53: =DW53+DX53 -> 3028.55 | DZ53: =DY53*$D53 -> 3028.55 | EA53: =+DZ53*G53 -> 5366590.6 | EB53: =+IF(DY53=0,"NO OFERTADO",IF(DY53<=($F53*(1+$GE$4)),"CUMPLE","NO CUMPLE")) -> NO CUMPLE | EC53: CUMPLE | ED53: NO | EE53: PAQTEX1 | EF53: 1010.084 | EG53: 191.91597 | EH53: =EF53+EG53 -> 1202 | EI53: =EH53*$D53 -> 1202 | EJ53: =+EI53*G53 -> 2129944 | EK53: =+IF(EH53=0,"NO OFERTADO",IF(EH53<=($F53*(1+$GE$4)),"CUMPLE","NO CUMPLE")) -> CUMPLE | EL53: CUMPLE | EM53: SI | EQ53: 0 | ER53: =EQ53*$D53 -> 0 | ES53: =+ER53*G53 -> 0 | ET53: =+IF(EQ53=0,"NO OFERTADO",IF(EQ53<=($F53*(1+$GE$4)),"CUMPLE","NO CUMPLE")) -> NO OFERTADO | EV53: NO | EW53: 0 | EX53: 0 | EY53: 0 | EZ53: 0 | FA53: =EZ53*$D53 -> 0 | FB53: =+FA53*G53 -> 0 | FC53: =+IF(EZ53=0,"NO OFERTADO",IF(EZ53<=($F53*(1+$GE$4)),"CUMPLE","NO CUMPLE")) -> NO OFERTADO | FE53: NO | FF53: 0 | FH53: 0 | FI53: 0 | FJ53: =FI53*$D53 -> 0 | FK53: =+FJ53*G53 -> 0 | FL53: =+IF(FI53=0,"NO OFERTADO",IF(FI53<=($F53*(1+$GE$4)),"CUMPLE","NO CUMPLE")) -> NO OFERTADO | FN53: NO | FR53: =FP53+FQ53 -> 0 | FS53: =FR53*$D53 -> 0 | FT53: =+FS53*G53 -> 0 | FU53: =+IF(FR53=0,"NO OFERTADO",IF(FR53<=($F53*(1+$GE$4)),"CUMPLE","NO CUMPLE")) -> NO OFERTADO | FV53: 0 | FW53: NO | GB53: =GA53*$D53 -> 0 | GC53: =+GB53*G53 -> 0 | GD53: =+IF(GA53=0,"NO OFERTADO",IF(GA53<=($F53*(1+$GE$4)),"CUMPLE","NO CUMPLE")) -> NO OFERTADO | GF53: NO
A54: 45 | B54: DM222 | C54: CANULA NASAL PEDIATRICA | D54: 1 | E54: UN | F54: 1104.32 | G54: 592 | H54: =+F54*G54 -> 653757.44 | K54: =+J54*19% -> 0 | L54: =+J54+K54 -> 0 | M54: =L54*$D54 -> 0 | N54: =+M54*G54 -> 0 | O54: =+IF(L54=0,"NO OFERTADO",IF(L54<=($F54*(1+$GE$4)),"CUMPLE","NO CUMPLE")) -> NO OFERTADO | Q54: NO | R54: UNIDAD | S54: 1533 | T54: 291.27 | U54: 1824.27 | V54: =U54*$D54 -> 1824.27 | W54: =+V54*G54 -> 1079967.8 | X54: =+IF(U54=0,"NO OFERTADO",IF(U54<=($F54*(1+$GE$4)),"CUMPLE","NO CUMPLE")) -> NO CUMPLE | Y54: CUMPLE | Z54: NO | AA54: POR UNIDAD | AB54: 986 | AC54: 187 | AD54: =+AB54+AC54 -> 1173 | AE54: =AD54*$D54 -> 1173 | AF54: =+AE54*G54 -> 694416 | AG54: =+IF(AD54=0,"NO OFERTADO",IF(AD54<=($F54*(1+$GE$4)),"CUMPLE","NO CUMPLE")) -> CUMPLE | AH54: CUMPLE | AI54: SI | AM54: =+AK54+AL54 -> 0 | AN54: =AM54*$D54 -> 0 | AO54: =+AN54*G54 -> 0 | AP54: =+IF(AM54=0,"NO OFERTADO",IF(AM54<=($F54*(1+$GE$4)),"CUMPLE","NO CUMPLE")) -> NO OFERTADO | AR54: NO | AV54: =+AT54+AU54 -> 0 | AW54: =AV54*$D54 -> 0 | AX54: =+AW54*G54 -> 0 | AY54: =+IF(AV54=0,"NO OFERTADO",IF(AV54<=($F54*(1+$GE$4)),"CUMPLE","NO CUMPLE")) -> NO OFERTADO | BA54: NO | BB54: PAQUETEX 50 UN | BC54: 1270 | BD54: 241.3 | BE54: =BC54+BD54 -> 1511.3 | BF54: =BE54*$D54 -> 1511.3 | BG54: =+BF54*G54 -> 894689.6 | BH54: =+IF(BE54=0,"NO OFERTADO",IF(BE54<=($F54*(1+$GE$4)),"CUMPLE","NO CUMPLE")) -> NO CUMPLE | BI54: CUMPLE | BJ54: NO | BN54: =+BL54+BM54 -> 0 | BO54: =BN54*$D54 -> 0 | BP54: =+BO54*G54 -> 0 | BQ54: =+IF(BN54=0,"NO OFERTADO",IF(BN54<=($F54*(1+$KI$4)),"CUMPLE","NO CUMPLE")) -> NO OFERTADO | BR54: =VLOOKUP(B54,'[1]ANEXO TECNICO'!$B$3:$P$334,15,0) -> 0 | BS54: NO | BT54: CAJA X25 | BU54: 1841.94 | BV54: 349.9686 | BW54: =+BU54+BV54 -> 2191.9086 | BX54: =+BW54*D54 -> 2191.9086 | BY54: =+BX54*G54 -> 1297609.9 | BZ54: =+IF(BW54=0,"NO OFERTADO",IF(BW54<=($F54*(1+$GE$4)),"CUMPLE","NO CUMPLE")) -> NO CUMPLE | CA54: CUMPLE | CB54: NO | CE54: =+CD54*0.19 -> 0 | CF54: =+CD54+CE54 -> 0 | CG54: =CF54*$D54 -> 0 | CH54: =+CG54*G54 -> 0 | CI54: =+IF(CF54=0,"NO OFERTADO",IF(CF54<=($F54*(1+$GE$4)),"CUMPLE","NO CUMPLE")) -> NO OFERTADO | CK54: NO | CO54: =+CM54+CN54 -> 0 | CP54: =CO54*$D54 -> 0 | CQ54: =+CP54*G54 -> 0 | CR54: =+IF(CO54=0,"NO OFERTADO",IF(CO54<=($F54*(1+$GE$4)),"CUMPLE","NO CUMPLE")) -> NO OFERTADO | CT54: NO | CU54: UNIDAD | CV54: 914 | CW54: =+CV54*0.19 -> 173.66 | CX54: =+CV54+CW54 -> 1087.66 | CY54: =CX54*$D54 -> 1087.66 | CZ54: =+CY54*G54 -> 643894.72 | DA54: =+IF(CX54=0,"NO OFERTADO",IF(CX54<=($F54*(1+$GE$4)),"CUMPLE","NO CUMPLE")) -> CUMPLE | DB54: CUMPLE | DC54: SI | DG54: =+DE54+DF54 -> 0 | DH54: =DG54*$D54 -> 0 | DI54: =+DH54*G54 -> 0 | DJ54: =+IF(DG54=0,"NO OFERTADO",IF(DG54<=($F54*(1+$GE$4)),"CUMPLE","NO CUMPLE")) -> NO OFERTADO | DL54: NO | DP54: 0 | DQ54: =+DP54*D54 -> 0 | DR54: =+DQ54*G54 -> 0 | DS54: =+IF(DP54=0,"NO OFERTADO",IF(DP54<=($F54*(1+$GE$4)),"CUMPLE","NO CUMPLE")) -> NO OFERTADO | DU54: NO | DV54: UNIDAD | DW54: 1641 | DX54: 311.79 | DY54: =+DW54+DX54 -> 1952.79 | DZ54: =DY54*$D54 -> 1952.79 | EA54: =+DZ54*G54 -> 1156051.7 | EB54: =+IF(DY54=0,"NO OFERTADO",IF(DY54<=($F54*(1+$GE$4)),"CUMPLE","NO CUMPLE")) -> NO CUMPLE | EC54: NO CUMPLE | ED54: NO | EE54: . | EF54: 1010.084 | EG54: 191.91597 | EH54: =+EF54+EG54 -> 1202 | EI54: =EH54*$D54 -> 1202 | EJ54: =+EI54*G54 -> 711584 | EK54: =+IF(EH54=0,"NO OFERTADO",IF(EH54<=($F54*(1+$GE$4)),"CUMPLE","NO CUMPLE")) -> CUMPLE | EL54: CUMPLE | EM54: SI | EQ54: 0 | ER54: =EQ54*$D54 -> 0 | ES54: =+ER54*G54 -> 0 | ET54: =+IF(EQ54=0,"NO OFERTADO",IF(EQ54<=($F54*(1+$GE$4)),"CUMPLE","NO CUMPLE")) -> NO OFERTADO | EV54: NO | EW54: 0 | EX54: 0 | EY54: 0 | EZ54: 0 | FA54: =EZ54*$D54 -> 0 | FB54: =+FA54*G54 -> 0 | FC54: =+IF(EZ54=0,"NO OFERTADO",IF(EZ54<=($F54*(1+$GE$4)),"CUMPLE","NO CUMPLE")) -> NO OFERTADO | FE54: NO | FF54: 0 | FH54: 0 | FI54: 0 | FJ54: =FI54*$D54 -> 0 | FK54: =+FJ54*G54 -> 0 | FL54: =+IF(FI54=0,"NO OFERTADO",IF(FI54<=($F54*(1+$GE$4)),"CUMPLE","NO CUMPLE")) -> NO OFERTADO | FN54: NO | FR54: =+FP54+FQ54 -> 0 | FS54: =FR54*$D54 -> 0 | FT54: =+FS54*G54 -> 0 | FU54: =+IF(FR54=0,"NO OFERTADO",IF(FR54<=($F54*(1+$GE$4)),"CUMPLE","NO CUMPLE")) -> NO OFERTADO | FV54: 0 | FW54: NO | FX54: UNIDAD | FY54: =+GA54/1.19 -> 1539.4958 | FZ54: =+FY54*0.19 -> 292.5042 | GA54: 1832 | GB54: =GA54*$D54 -> 1832 | GC54: =+GB54*G54 -> 1084544 | GD54: =+IF(GA54=0,"NO OFERTADO",IF(GA54<=($F54*(1+$GE$4)),"CUMPLE","NO CUMPLE")) -> NO CUMPLE | GE54: CUMPLE | GF54: NO
A55: 46 | B55: DM1601 | C55: CATETER DE ACCESO URETRAL AXXCES | D55: 1 | E55: UN | F55: 61650 | G55: 1 | H55: =+F55*G55 -> 61650 | K55: =+J55*19% -> 0 | L55: =+J55+K55 -> 0 | M55: =L55*$D55 -> 0 | N55: =+M55*G55 -> 0 | O55: =+IF(L55=0,"NO OFERTADO",IF(L55<=($F55*(1+$GE$4)),"CUMPLE","NO CUMPLE")) -> NO OFERTADO | Q55: NO | V55: =U55*$D55 -> 0 | W55: =+V55*G55 -> 0 | X55: =+IF(U55=0,"NO OFERTADO",IF(U55<=($F55*(1+$GE$4)),"CUMPLE","NO CUMPLE")) -> NO OFERTADO | Y55: 0 | Z55: NO | AD55: =+AB55+AC55 -> 0 | AE55: =AD55*$D55 -> 0 | AF55: =+AE55*G55 -> 0 | AG55: =+IF(AD55=0,"NO OFERTADO",IF(AD55<=($F55*(1+$GE$4)),"CUMPLE","NO CUMPLE")) -> NO OFERTADO | AI55: NO | AM55: =+AK55+AL55 -> 0 | AN55: =AM55*$D55 -> 0 | AO55: =+AN55*G55 -> 0 | AP55: =+IF(AM55=0,"NO OFERTADO",IF(AM55<=($F55*(1+$GE$4)),"CUMPLE","NO CUMPLE")) -> NO OFERTADO | AR55: NO | AV55: =+AT55+AU55 -> 0 | AW55: =AV55*$D55 -> 0 | AX55: =+AW55*G55 -> 0 | AY55: =+IF(AV55=0,"NO OFERTADO",IF(AV55<=($F55*(1+$GE$4)),"CUMPLE","NO CUMPLE")) -> NO OFERTADO | BA55: NO | BE55: =BC55+BD55 -> 0 | BF55: =BE55*$D55 -> 0 | BG55: =+BF55*G55 -> 0 | BH55: =+IF(BE55=0,"NO OFERTADO",IF(BE55<=($F55*(1+$GE$4)),"CUMPLE","NO CUMPLE")) -> NO OFERTADO | BI55: 0 | BJ55: NO | BN55: =+BL55+BM55 -> 0 | BO55: =BN55*$D55 -> 0 | BP55: =+BO55*G55 -> 0 | BQ55: =+IF(BN55=0,"NO OFERTADO",IF(BN55<=($F55*(1+$KI$4)),"CUMPLE","NO CUMPLE")) -> NO OFERTADO | BR55: =VLOOKUP(B55,'[1]ANEXO TECNICO'!$B$3:$P$334,15,0) -> 0 | BS55: NO | BX55: 0 | BY55: =+BX55*G55 -> 0 | BZ55: =+IF(BW55=0,"NO OFERTADO",IF(BW55<=($F55*(1+$GE$4)),"CUMPLE","NO CUMPLE")) -> NO OFERTADO | CB55: NO | CE55: =+CD55*0.19 -> 0 | CF55: =+CD55+CE55 -> 0 | CG55: =CF55*$D55 -> 0 | CH55: =+CG55*G55 -> 0 | CI55: =+IF(CF55=0,"NO OFERTADO",IF(CF55<=($F55*(1+$GE$4)),"CUMPLE","NO CUMPLE")) -> NO OFERTADO | CK55: NO | CO55: =+CM55+CN55 -> 0 | CP55: =CO55*$D55 -> 0 | CQ55: =+CP55*G55 -> 0 | CR55: =+IF(CO55=0,"NO OFERTADO",IF(CO55<=($F55*(1+$GE$4)),"CUMPLE","NO CUMPLE")) -> NO OFERTADO | CT55: NO | CW55: =+CV55*0.19 -> 0 | CX55: =+CV55+CW55 -> 0 | CY55: =CX55*$D55 -> 0 | CZ55: =+CY55*G55 -> 0 | DA55: =+IF(CX55=0,"NO OFERTADO",IF(CX55<=($F55*(1+$GE$4)),"CUMPLE","NO CUMPLE")) -> NO OFERTADO | DC55: NO | DG55: =+DE55+DF55 -> 0 | DH55: =DG55*$D55 -> 0 | DI55: =+DH55*G55 -> 0 | DJ55: =+IF(DG55=0,"NO OFERTADO",IF(DG55<=($F55*(1+$GE$4)),"CUMPLE","NO CUMPLE")) -> NO OFERTADO | DL55: NO | DP55: 0 | DQ55: =+DP55*D55 -> 0 | DR55: =+DQ55*G55 -> 0 | DS55: =+IF(DP55=0,"NO OFERTADO",IF(DP55<=($F55*(1+$GE$4)),"CUMPLE","NO CUMPLE")) -> NO OFERTADO | DU55: NO | DY55: =+DW55+DX55 -> 0 | DZ55: =DY55*$D55 -> 0 | EA55: =+DZ55*G55 -> 0 | EB55: =+IF(DY55=0,"NO OFERTADO",IF(DY55<=($F55*(1+$GE$4)),"CUMPLE","NO CUMPLE")) -> NO OFERTADO | ED55: NO | EE55: . | EF55: 0 | EG55: 0 | EH55: =+EF55+EG55 -> 0 | EI55: =EH55*$D55 -> 0 | EJ55: =+EI55*G55 -> 0 | EK55: =+IF(EH55=0,"NO OFERTADO",IF(EH55<=($F55*(1+$GE$4)),"CUMPLE","NO CUMPLE")) -> NO OFERTADO | EM55: NO | EQ55: 0 | ER55: =EQ55*$D55 -> 0 | ES55: =+ER55*G55 -> 0 | ET55: =+IF(EQ55=0,"NO OFERTADO",IF(EQ55<=($F55*(1+$GE$4)),"CUMPLE","NO CUMPLE")) -> NO OFERTADO | EV55: NO | EW55: 0 | EX55: 0 | EY55: 0 | EZ55: 0 | FA55: =EZ55*$D55 -> 0 | FB55: =+FA55*G55 -> 0 | FC55: =+IF(EZ55=0,"NO OFERTADO",IF(EZ55<=($F55*(1+$GE$4)),"CUMPLE","NO CUMPLE")) -> NO OFERTADO | FE55: NO | FF55: 0 | FH55: 0 | FI55: 0 | FJ55: =FI55*$D55 -> 0 | FK55: =+FJ55*G55 -> 0 | FL55: =+IF(FI55=0,"NO OFERTADO",IF(FI55<=($F55*(1+$GE$4)),"CUMPLE","NO CUMPLE")) -> NO OFERTADO | FN55: NO | FR55: =+FP55+FQ55 -> 0 | FS55: =FR55*$D55 -> 0 | FT55: =+FS55*G55 -> 0 | FU55: =+IF(FR55=0,"NO OFERTADO",IF(FR55<=($F55*(1+$GE$4)),"CUMPLE","NO CUMPLE")) -> NO OFERTADO | FV55: 0 | FW55: NO | GB55: =GA55*$D55 -> 0 | GC55: =+GB55*G55 -> 0 | GD55: =+IF(GA55=0,"NO OFERTADO",IF(GA55<=($F55*(1+$GE$4)),"CUMPLE","NO CUMPLE")) -> NO OFERTADO | GF55: NO
A56: 47 | B56: DM1908 | C56: CATETER EPICUTANEO 28 FR - CABELLO DE ANGEL | D56: 1 | E56: UN | F56: 346023 | G56: 7 | H56: =+F56*G56 -> 2422161 | K56: =+J56*19% -> 0 | L56: =+J56+K56 -> 0 | M56: =L56*$D56 -> 0 | N56: =+M56*G56 -> 0 | O56: =+IF(L56=0,"NO OFERTADO",IF(L56<=($F56*(1+$GE$4)),"CUMPLE","NO CUMPLE")) -> NO OFERTADO | Q56: NO | V56: =U56*$D56 -> 0 | W56: =+V56*G56 -> 0 | X56: =+IF(U56=0,"NO OFERTADO",IF(U56<=($F56*(1+$GE$4)),"CUMPLE","NO CUMPLE")) -> NO OFERTADO | Y56: 0 | Z56: NO | AA56: POR UNIDAD | AB56: 346023 | AC56: 0 | AD56: =+AB56+AC56 -> 346023 | AE56: =AD56*$D56 -> 346023 | AF56: =+AE56*G56 -> 2422161 | AG56: =+IF(AD56=0,"NO OFERTADO",IF(AD56<=($F56*(1+$GE$4)),"CUMPLE","NO CUMPLE")) -> CUMPLE | AH56: CUMPLE | AI56: SI | AM56: =+AK56+AL56 -> 0 | AN56: =AM56*$D56 -> 0 | AO56: =+AN56*G56 -> 0 | AP56: =+IF(AM56=0,"NO OFERTADO",IF(AM56<=($F56*(1+$GE$4)),"CUMPLE","NO CUMPLE")) -> NO OFERTADO | AR56: NO | AV56: =AT56+AU56 -> 0 | AW56: =AV56*$D56 -> 0 | AX56: =+AW56*G56 -> 0 | AY56: =+IF(AV56=0,"NO OFERTADO",IF(AV56<=($F56*(1+$GE$4)),"CUMPLE","NO CUMPLE")) -> NO OFERTADO | BA56: NO | BE56: =BC56+BD56 -> 0 | BF56: =BE56*$D56 -> 0 | BG56: =+BF56*G56 -> 0 | BH56: =+IF(BE56=0,"NO OFERTADO",IF(BE56<=($F56*(1+$GE$4)),"CUMPLE","NO CUMPLE")) -> NO OFERTADO | BI56: 0 | BJ56: NO | BN56: =BL56+BM56 -> 0 | BO56: =BN56*$D56 -> 0 | BP56: =+BO56*G56 -> 0 | BQ56: =+IF(BN56=0,"NO OFERTADO",IF(BN56<=($F56*(1+$KI$4)),"CUMPLE","NO CUMPLE")) -> NO OFERTADO | BR56: =VLOOKUP(B56,'[1]ANEXO TECNICO'!$B$3:$P$334,15,0) -> 0 | BS56: NO | BT56: CAJA X 18 | BU56: 369968 | BV56: 0 | BW56: =+BU56+BV56 -> 369968 | BX56: =+BW56*D56 -> 369968 | BY56: =+BX56*G56 -> 2589776 | BZ56: =+IF(BW56=0,"NO OFERTADO",IF(BW56<=($F56*(1+$GE$4)),"CUMPLE","NO CUMPLE")) -> CUMPLE | CA56: CUMPLE | CB56: SI | CF56: =CD56+CE56 -> 0 | CG56: =CF56*$D56 -> 0 | CH56: =+CG56*G56 -> 0 | CI56: =+IF(CF56=0,"NO OFERTADO",IF(CF56<=($F56*(1+$GE$4)),"CUMPLE","NO CUMPLE")) -> NO OFERTADO | CK56: NO | CO56: =CM56+CN56 -> 0 | CP56: =CO56*$D56 -> 0 | CQ56: =+CP56*G56 -> 0 | CR56: =+IF(CO56=0,"NO OFERTADO",IF(CO56<=($F56*(1+$GE$4)),"CUMPLE","NO CUMPLE")) -> NO OFERTADO | CT56: NO | CX56: =CV56+CW56 -> 0 | CY56: =CX56*$D56 -> 0 | CZ56: =+CY56*G56 -> 0 | DA56: =+IF(CX56=0,"NO OFERTADO",IF(CX56<=($F56*(1+$GE$4)),"CUMPLE","NO CUMPLE")) -> NO OFERTADO | DC56: NO | DG56: =DE56+DF56 -> 0 | DH56: =DG56*$D56 -> 0 | DI56: =+DH56*G56 -> 0 | DJ56: =+IF(DG56=0,"NO OFERTADO",IF(DG56<=($F56*(1+$GE$4)),"CUMPLE","NO CUMPLE")) -> NO OFERTADO | DL56: NO | DP56: 0 | DQ56: =+DP56*D56 -> 0 | DR56: =+DQ56*G56 -> 0 | DS56: =+IF(DP56=0,"NO OFERTADO",IF(DP56<=($F56*(1+$GE$4)),"CUMPLE","NO CUMPLE")) -> NO OFERTADO | DU56: NO | DY56: =DW56+DX56 -> 0 | DZ56: =DY56*$D56 -> 0 | EA56: =+DZ56*G56 -> 0 | EB56: =+IF(DY56=0,"NO OFERTADO",IF(DY56<=($F56*(1+$GE$4)),"CUMPLE","NO CUMPLE")) -> NO OFERTADO | ED56: NO | EE56: CJAX10 | EF56: 346023 | EG56: 0 | EH56: =EF56+EG56 -> 346023 | EI56: =EH56*$D56 -> 346023 | EJ56: =+EI56*G56 -> 2422161 | EK56: =+IF(EH56=0,"NO OFERTADO",IF(EH56<=($F56*(1+$GE$4)),"CUMPLE","NO CUMPLE")) -> CUMPLE | EL56: CUMPLE | EM56: SI | EQ56: 0 | ER56: =EQ56*$D56 -> 0 | ES56: =+ER56*G56 -> 0 | ET56: =+IF(EQ56=0,"NO OFERTADO",IF(EQ56<=($F56*(1+$GE$4)),"CUMPLE","NO CUMPLE")) -> NO OFERTADO | EV56: NO | EW56: 0 | EX56: 0 | EY56: 0 | EZ56: 0 | FA56: =EZ56*$D56 -> 0 | FB56: =+FA56*G56 -> 0 | FC56: =+IF(EZ56=0,"NO OFERTADO",IF(EZ56<=($F56*(1+$GE$4)),"CUMPLE","NO CUMPLE")) -> NO OFERTADO | FE56: NO | FF56: 0 | FH56: 0 | FI56: 0 | FJ56: =FI56*$D56 -> 0 | FK56: =+FJ56*G56 -> 0 | FL56: =+IF(FI56=0,"NO OFERTADO",IF(FI56<=($F56*(1+$GE$4)),"CUMPLE","NO CUMPLE")) -> NO OFERTADO | FN56: NO | FR56: =FP56+FQ56 -> 0 | FS56: =FR56*$D56 -> 0 | FT56: =+FS56*G56 -> 0 | FU56: =+IF(FR56=0,"NO OFERTADO",IF(FR56<=($F56*(1+$GE$4)),"CUMPLE","NO CUMPLE")) -> NO OFERTADO | FV56: 0 | FW56: NO | FX56: CJX10 | FY56: 390385 | FZ56: 0 | GA56: 390385 | GB56: =GA56*$D56 -> 390385 | GC56: =+GB56*G56 -> 2732695 | GD56: =+IF(GA56=0,"NO OFERTADO",IF(GA56<=($F56*(1+$GE$4)),"CUMPLE","NO CUMPLE")) -> CUMPLE | GE56: CUMPLE | GF56: SI
A57: 48 | B57: DM1696 | C57: CATETER DOBLE J 4.7 HASTA 4.8 FR X 24 CM | D57: 1 | E57: UN | F57: 136000 | G57: 2 | H57: =+F57*G57 -> 272000 | K57: =+J57*19% -> 0 | L57: =+J57+K57 -> 0 | M57: =L57*$D57 -> 0 | N57: =+M57*G57 -> 0 | O57: =+IF(L57=0,"NO OFERTADO",IF(L57<=($F57*(1+$GE$4)),"CUMPLE","NO CUMPLE")) -> NO OFERTADO | Q57: NO | V57: =U57*$D57 -> 0 | W57: =+V57*G57 -> 0 | X57: =+IF(U57=0,"NO OFERTADO",IF(U57<=($F57*(1+$GE$4)),"CUMPLE","NO CUMPLE")) -> NO OFERTADO | Y57: 0 | Z57: NO | AD57: =+AB57+AC57 -> 0 | AE57: =AD57*$D57 -> 0 | AF57: =+AE57*G57 -> 0 | AG57: =+IF(AD57=0,"NO OFERTADO",IF(AD57<=($F57*(1+$GE$4)),"CUMPLE","NO CUMPLE")) -> NO OFERTADO | AI57: NO | AM57: =+AK57+AL57 -> 0 | AN57: =AM57*$D57 -> 0 | AO57: =+AN57*G57 -> 0 | AP57: =+IF(AM57=0,"NO OFERTADO",IF(AM57<=($F57*(1+$GE$4)),"CUMPLE","NO CUMPLE")) -> NO OFERTADO | AR57: NO | AV57: =AT57+AU57 -> 0 | AW57: =AV57*$D57 -> 0 | AX57: =+AW57*G57 -> 0 | AY57: =+IF(AV57=0,"NO OFERTADO",IF(AV57<=($F57*(1+$GE$4)),"CUMPLE","NO CUMPLE")) -> NO OFERTADO | BA57: NO | BE57: =BC57+BD57 -> 0 | BF57: =BE57*$D57 -> 0 | BG57: =+BF57*G57 -> 0 | BH57: =+IF(BE57=0,"NO OFERTADO",IF(BE57<=($F57*(1+$GE$4)),"CUMPLE","NO CUMPLE")) -> NO OFERTADO | BI57: 0 | BJ57: NO | BN57: =BL57+BM57 -> 0 | BO57: =BN57*$D57 -> 0 | BP57: =+BO57*G57 -> 0 | BQ57: =+IF(BN57=0,"NO OFERTADO",IF(BN57<=($F57*(1+$KI$4)),"CUMPLE","NO CUMPLE")) -> NO OFERTADO | BR57: =VLOOKUP(B57,'[1]ANEXO TECNICO'!$B$3:$P$334,15,0) -> 0 | BS57: NO | BX57: 0 | BY57: =+BX57*G57 -> 0 | BZ57: =+IF(BW57=0,"NO OFERTADO",IF(BW57<=($F57*(1+$GE$4)),"CUMPLE","NO CUMPLE")) -> NO OFERTADO | CB57: NO | CF57: =CD57+CE57 -> 0 | CG57: =CF57*$D57 -> 0 | CH57: =+CG57*G57 -> 0 | CI57: =+IF(CF57=0,"NO OFERTADO",IF(CF57<=($F57*(1+$GE$4)),"CUMPLE","NO CUMPLE")) -> NO OFERTADO | CK57: NO | CO57: =CM57+CN57 -> 0 | CP57: =CO57*$D57 -> 0 | CQ57: =+CP57*G57 -> 0 | CR57: =+IF(CO57=0,"NO OFERTADO",IF(CO57<=($F57*(1+$GE$4)),"CUMPLE","NO CUMPLE")) -> NO OFERTADO | CT57: NO | CX57: =CV57+CW57 -> 0 | CY57: =CX57*$D57 -> 0 | CZ57: =+CY57*G57 -> 0 | DA57: =+IF(CX57=0,"NO OFERTADO",IF(CX57<=($F57*(1+$GE$4)),"CUMPLE","NO CUMPLE")) -> NO OFERTADO | DC57: NO | DG57: =DE57+DF57 -> 0 | DH57: =DG57*$D57 -> 0 | DI57: =+DH57*G57 -> 0 | DJ57: =+IF(DG57=0,"NO OFERTADO",IF(DG57<=($F57*(1+$GE$4)),"CUMPLE","NO CUMPLE")) -> NO OFERTADO | DL57: NO | DP57: 0 | DQ57: =+DP57*D57 -> 0 | DR57: =+DQ57*G57 -> 0 | DS57: =+IF(DP57=0,"NO OFERTADO",IF(DP57<=($F57*(1+$GE$4)),"CUMPLE","NO CUMPLE")) -> NO OFERTADO | DU57: NO | DY57: =DW57+DX57 -> 0 | DZ57: =DY57*$D57 -> 0 | EA57: =+DZ57*G57 -> 0 | EB57: =+IF(DY57=0,"NO OFERTADO",IF(DY57<=($F57*(1+$GE$4)),"CUMPLE","NO CUMPLE")) -> NO OFERTADO | ED57: NO | EE57: . | EF57: 0 | EG57: 0 | EH57: =EF57+EG57 -> 0 | EI57: =EH57*$D57 -> 0 | EJ57: =+EI57*G57 -> 0 | EK57: =+IF(EH57=0,"NO OFERTADO",IF(EH57<=($F57*(1+$GE$4)),"CUMPLE","NO CUMPLE")) -> NO OFERTADO | EM57: NO | EQ57: 0 | ER57: =EQ57*$D57 -> 0 | ES57: =+ER57*G57 -> 0 | ET57: =+IF(EQ57=0,"NO OFERTADO",IF(EQ57<=($F57*(1+$GE$4)),"CUMPLE","NO CUMPLE")) -> NO OFERTADO | EV57: NO | EW57: 0 | EX57: 0 | EY57: 0 | EZ57: 0 | FA57: =EZ57*$D57 -> 0 | FB57: =+FA57*G57 -> 0 | FC57: =+IF(EZ57=0,"NO OFERTADO",IF(EZ57<=($F57*(1+$GE$4)),"CUMPLE","NO CUMPLE")) -> NO OFERTADO | FE57: NO | FF57: 0 | FH57: 0 | FI57: 0 | FJ57: =FI57*$D57 -> 0 | FK57: =+FJ57*G57 -> 0 | FL57: =+IF(FI57=0,"NO OFERTADO",IF(FI57<=($F57*(1+$GE$4)),"CUMPLE","NO CUMPLE")) -> NO OFERTADO | FN57: NO | FR57: =FP57+FQ57 -> 0 | FS57: =FR57*$D57 -> 0 | FT57: =+FS57*G57 -> 0 | FU57: =+IF(FR57=0,"NO OFERTADO",IF(FR57<=($F57*(1+$GE$4)),"CUMPLE","NO CUMPLE")) -> NO OFERTADO | FV57: 0 | FW57: NO | GB57: =GA57*$D57 -> 0 | GC57: =+GB57*G57 -> 0 | GD57: =+IF(GA57=0,"NO OFERTADO",IF(GA57<=($F57*(1+$GE$4)),"CUMPLE","NO CUMPLE")) -> NO OFERTADO | GF57: NO
